Workbook

Sheet HISTORICOS
A1: Item | B1: DESCRIPCIÓN DEL BIEN | C1: 2022 | E1: Item | F1: Descripción del Bien o servicio | G1: 2023 | J1: Item | K1: Descripción del Bien o servicio | L1: 2024 | O1: Item | P1: Descripción del Bien o servicio | Q1: 2025
C2: UNIDAD DE MEDIDA | D2: PRECIOS UNITARIOS OFERTADOS CON IVA | G2: Unidad de Medida | H2: PRECIOS UNITARIOS OFERTADOS CON IVA | L2: Unidad de Medida | M2: Precio Unitario Incluido IVA | Q2: Unidad de Medida | R2: Precio Unitario Incluido IVA
A3: 1 | B3: Agendas hojas interiores de papel bond de 70 grs. Tamaño: 17 cm x 24.5 cm. Mínimo 200 hojas. Tapa dura | C3: Unidad | D3: 36212 | E3: 1 | F3: Agendas hojas interiores de papel bond de 70 grs. Tamaño: 17 cm x 24.5 cm. Mínimo 200 hojas. Tapa dura | G3: Unidad | H3: 28917 | J3: 1 | K3: Agendas hojas interiores de papel bond de 70 grs. Tamaño: 17 cm x 24.5 cm. Mínim o 200 hojas. Tapa dura | L3: Unidad | M3: 29750 | O3: 1 | P3: Agendas hojas interiores de papel bond de 70 grs. Tamaño: 17 cm x 24.5 cm. Mínim o 200 hojas. Tapa dura | Q3: Unidad | R3: 29750
A4: 2 | B4: Almohadilla Dactilar Recargable para sellos, Cascara en poliestireno de alto impacto/ caja plástica rígida, Ancho 90 a 110 mm; largo/longitud 125 a 135 mm | C4: Unidad | D4: 5379 | E4: 2 | F4: Almohadilla Dactilar - Huellero | G4: Unidad | H4: 2490.075 | J4: 2 | K4: Almohadilla Dactilar - Huellero | L4: Unidad | M4: 4105.5 | O4: 2 | P4: Almohadilla Dactilar - Huellero | Q4: Unidad | R4: 4105.5
A5: 3 | B5: Bandas Elásticas Ref. 22 X 25G, en caucho | C5: Caja | D5: 805 | E5: 3 | F5: Almohadilla Recargable para sellos | G5: Unidad | H5: 7357.77 | J5: 3 | K5: Almohadilla Recargable para sellos | L5: Unidad | M5: 3558.1 | O5: 3 | P5: Almohadilla Recargable para sellos | Q5: Unidad | R5: 3558.1
A6: 4 | B6: Banderitas-Mini-Banderitas- Señales Autoadhesivas de media pulgada por 5 colores, plasticas, Con adhesivo en la punta y en una cara de la banderita | C6: Paquete x 100 | D6: 3277 | E6: 4 | F6: Bandas Elásticas Ref. 22 X 25G, en caucho | G6: Caja x 25gr | H6: 963.9 | J6: 4 | K6: Bandas Elásticas Ref. 22 X 25G, en caucho | L6: Caja x 25gr | M6: 1309 | O6: 4 | P6: Bandas Elásticas Ref. 22 X 25G, en caucho | Q6: Caja x 25gr | R6: 1309
A7: 5 | B7: Bisturí 18 cm Plástico con bloqueo de la cuchilla y con corta cuchilla. | C7: Unidad | D7: 1143 | E7: 5 | F7: Banderitas-Mini: Señales Autoadhesivas de media pulgada por 5 colores, plásticas, con adhesivo en la punta y en una cara de la banderita | G7: Paquete x 125 | H7: 4605.3 | J7: 5 | K7: Banderitas-Mini: Señales Autoadhesivas de media pulgada por 5 colores, plásticas, con adhesivo en la punta y en una cara de la banderita | L7: Paquete x 125 | M7: 3570 | O7: 5 | P7: Banderitas-Mini: Señales Autoadhesivas de media pulgada por 5 colores, plásticas, con adhesivo en la punta y en una cara de la banderita | Q7: Paquete x 125 | R7: 3570
A8: 6 | B8: Bolígrafo de mina negra retráctil, escritura suave e intensa | C8: Unidad | D8: 1235 | E8: 6 | F8: Bisturí 18 cm plástico con bloqueo de la cuchilla y con corta cuchilla | G8: Unidad | H8: 4158.336 | J8: 6 | K8: Bisturí 18 cm plástico con bloqueo de la cuchilla y con corta cuchilla | L8: Unidad | M8: 2378.81 | O8: 6 | P8: Bisturí 18 cm plástico con bloqueo de la cuchilla y con corta cuchilla | Q8: Unidad | R8: 2378.81
A9: 7 | B9: Bolígrafo de mina roja retráctil, escritura suave e intensa | C9: Unidad | D9: 1235 | E9: 7 | F9: Block Amarillo Cuadriculado Carta X 50 Hojas | G9: Unidad | H9: 6211.8 | J9: 7 | K9: Block Amarillo Cuadriculado Carta X 50 Hojas | L9: Unidad | M9: 4641 | O9: 7 | P9: Block Amarillo Cuadriculado Carta X 50 Hojas | Q9: Unidad | R9: 4641
A10: 8 | B10: Borrador de nata No toxico - Producción nacional | C10: Unidad | D10: 478 | E10: 8 | F10: Bolígrafo de mina negra retráctil, escritura suave e intensa | G10: Unidad | H10: 963.9 | J10: 8 | K10: Block Blanco Cuadriculado Carta X 50 Hojas | L10: Unidad | M10: 4522 | O10: 8 | P10: Block Blanco Cuadriculado Carta X 50 Hojas | Q10: Unidad | R10: 4522
A11: 9 | B11: Borrador para Tablero acrílico, Elaborado con felpa sintética, fieltro o paño chalet. La base debe ser en madera o plástico | C11: Unidad | D11: 1876 | E11: 9 | F11: Bolígrafo de mina roja retráctil, escritura suave e intensa | G11: Unidad | H11: 963.9 | J11: 9 | K11: Bolígrafo de mina negra retráctil, semi gel, punta 0.7 mm | L11: Unidad | M11: 1029.35 | O11: 9 | P11: Bolígrafo de mina negra retráctil, semi gel, punta 0.7 mm | Q11: Unidad | R11: 1029.35
A12: 10 | B12: CAJA DE CHINCHES TRITON X 50 UNIDADES | C12: Unidad | D12: 1788 | E12: 10 | F12: Borrador de nata No toxico - Producción nacional | G12: Caja x 24 | H12: 426.496 | J12: 10 | K12: Bolígrafo de mina colores surtidos retráctil, semi gel, punta 0.7 mm | L12: Unidad | M12: 1124.55 | O12: 10 | P12: Bolígrafo de mina colores surtidos retráctil, semi gel, punta 0.7 mm | Q12: Unidad | R12: 1124.55
A13: 11 | B13: CAJA DE CORRECTORES LIQUIDO X 12 UND, presentación en lápiz, con punta metálica | C13: Unidad | D13: 24500 | E13: 11 | F13: Borrador para tablero acrílico, elaborado con felpa sintética, fieltro o paño chalet. La base debe ser en madera o plástico | G13: Unidad | H13: 1904 | J13: 11 | K13: Borrador de nata No toxico - Producción nacional | L13: Caja x 24 | M13: 9996 | O13: 11 | P13: Borrador de nata No toxico - Producción nacional | Q13: Caja x 24 | R13: 9996
A14: 12 | B14: Cajas X-200 para archivo (cantidad minima a solicitar: 1.000 unds) especificaciones completas en anexo tecnico) | C14: Unidad | D14: 4279 | E14: 12 | F14: Caja De Chinches | G14: Caja x 50 | H14: 1370.88 | J14: 12 | K14: Borrador para tablero acrílico, elaborado con felpa sintética, fieltro o paño chalet. La base debe ser en madera o plástico | L14: Unidad | M14: 2142 | O14: 12 | P14: Borrador para tablero acrílico, elaborado con felpa sintética, fieltro o paño chalet. La base debe ser en madera o plástico | Q14: Unidad | R14: 2142
... A111: 110 | B111: Vinipel industrial de 50 cms ancho x 700 mts largo calibre 8 | C111: Rollo | D111: 72346 | E111: 109 | F111: Tijera De Acero Inoxidable con agarraderas recubiertas en plástico o caucho | G111: Unidad | H111: 4645.76 | J111: 109 | K111: TINTA PARA PLOTTER HP 727 YELLOW 300 ML - ORIGINAL | L111: Unidad | M111: 372470 | O111: 109 | P111: Tinta para plotter HP 727 YELLOW 300ml - ORIGINAL | Q111: Unidad | R111: 372470
B112: VALOR TOTAL SUMATORIA ITEMS UNITARIOS PRECIOS TECHOS IVA INCLUIDO | E112: 110 | F112: Tijeras Punta Roma con agarraderas recubiertas en plástico o caucho | G112: Unidad | H112: 1523.2 | J112: 110 | K112: TINTA PARA PLOTTER HP 727 CYAN 300 ML - ORIGINAL | L112: Unidad | M112: 372470 | O112: 110 | P112: Tinta para plotter HP 727 CYAN 300ml - ORIGINAL | Q112: Unidad | R112: 372470
B113: VALOR TOTAL SUMATORIA ITEMS UNITARIOS PRECIOS PROPUESTA IVA INCLUIDO | D113: =SUM(D3:D111) -> 3143111 | E113: 111 | F113: Tinta para plotter HP 727 PK PHOTO BLACK 300ml - ORIGINAL | G113: Unidad | H113: 440300 | J113: 111 | K113: TINTA PARA PLOTTER HP 727 GRIS 300 ML - ORIGINAL | L113: Unidad | M113: 372470 | O113: 111 | P113: Tinta para plotter HP 727 GRIS 300ml - ORIGINAL | Q113: Unidad | R113: 372470
E114: 112 | F114: Tinta para plotter HP 727 MK NEGRO 300ml - ORIGINAL | G114: Unidad | H114: 352240 | J114: 112 | K114: TINTA PARA PLOTTER HP 727 MAGENTA 300 ML - ORIGINAL | L114: Unidad | M114: 372470 | O114: 112 | P114: Tinta para plotter HP 727 MAGENTA 300ml - ORIGINAL | Q114: Unidad | R114: 372470
E115: 113 | F115: Tinta para plotter HP 727 YELLOW 300ml - ORIGINAL | G115: Unidad | H115: 352240 | J115: 113 | K115: Tinta para sello - NEGRO | L115: Unidad | M115: 3034.5 | O115: 113 | P115: Tinta para sello - NEGRO | Q115: Unidad | R115: 3034.5
E116: 114 | F116: Tinta para plotter HP 727 CYAN 300ml - ORIGINAL | G116: Unidad | H116: 352240 | J116: 114 | K116: Tinta para sello - ROJO | L116: Unidad | M116: 3034.5 | O116: 114 | P116: Tinta para sello - ROJO | Q116: Unidad | R116: 3034.5
E117: 115 | F117: Tinta para plotter HP 727 GRIS 300ml - ORIGINAL | G117: Unidad | H117: 352240 | J117: 115 | K117: Vinipel industrial de 50 cms ancho x 700 mts largo calibre 8 | L117: Unidad - Rollo | M117: 34800.36 | O117: 115 | P117: Vinipel industrial de 50 cms ancho x 700 mts largo calibre 8 | Q117: Unidad - Rollo | R117: 34800.36
B118: MARGARITA ANGIE MARIA VELASQUEZ CHAVES | E118: 116 | F118: Tinta para plotter HP 727 MAGENTA 300ml - ORIGINAL | G118: Unidad | H118: 352240 | J118: VALOR TOTAL SUMATORIA ITEMS UNITARIOS PRECIOS TECHOS IVA INCLUIDO | O118: VALOR TOTAL SUMATORIA ITEMS UNITARIOS PRECIOS TECHOS IVA INCLUIDO
B119: REPRESENTANTE LEGAL | E119: 117 | F119: Tinta para plotter HP 727 PK PHOTO BLACK 130ml - ORIGINAL | G119: Unidad | H119: 352240 | J119: VALOR TOTAL SUMATORIA ITEMS UNITARIOS PRECIOS PROPUESTA IVA INCLUIDO | M119: 6999000.5 | O119: VALOR TOTAL SUMATORIA ITEMS UNITARIOS PRECIOS PROPUESTA IVA INCLUIDO | R119: 6999000.5
B120: C.C. 63.542.265 | E120: 118 | F120: Tinta para plotter HP 727 MK NEGRO 130ml - ORIGINAL | G120: Unidad | H120: 352240
B121: TAFINCO SAS | E121: 119 | F121: Tinta para plotter HP 727 YELLOW 130ml - ORIGINAL | G121: Unidad | H121: 352240 | J121: Observaciones: LOS TONER SON ORIGINALES DE LA MARCA DE LA MAQUINA HECTOR CORREA GIRALDO REPRESENTANTE LEGAL / GRUPO LOS LAGOS SAS | O121: Observaciones: LOS TONER SON ORIGINALES DE LA MARCA DE LA MAQUINA HECTOR CORREA GIRALDO REPRESENTANTE LEGAL / GRUPO LOS LAGOS SAS
B122: NIT 901.251.520-3 | E122: 120 | F122: Tinta para plotter HP 727 CYAN 130ml - ORIGINAL | G122: Unidad | H122: 352240
B123: DIRECCION CARRERA 119 80 22 | E123: 121 | F123: Tinta para plotter HP 727 GRIS 130ml - ORIGINAL | G123: Unidad | H123: 352240
B124: TEL 7504952 | E124: 122 | F124: Tinta para plotter HP 727 MAGENTA 130ml - ORIGINAL | G124: Unidad | H124: 352240
B125: Email: tafincosas@gmail.com | E125: 123 | F125: Tinta para sello - NEGRO | G125: Unidad | H125: 2208.64
E126: 124 | F126: Tinta para sello - ROJO | G126: Unidad | H126: 2208.64
E127: 125 | F127: Vinipel industrial de 50 cms ancho x 700 mts largo calibre 8 | G127: Unidad - Rollo | H127: 57881.6
E128: VALOR TOTAL | H128: =SUM(H3:H127) -> 7746166.6
C133: CONSUMOS MENSUALES | S133: Contrato 2024-2025 FORMARCHIVOS
A136: Item | B136: Descripción del Bien o servicio | C136: Unidad de Medida | D136: ENERO | E136: FEBERO | F136: MARZO ABR MAY | G136: JUN | H136: JUL | I136: AGOS | J136: SEP OCT NOV DIC | K136: Promedio
A137: 1 | B137: Agendas hojas interiores de papel bond de 70 grs. Tamaño: 17 cm x 24.5 cm. Mínim o 2 00 hojas. Tapa dura | C137: Unidad | L137: ='PRECIOS UNITARIOS TECHO'!N11 -> 30340 | M137: =K137*L137 -> 0
A138: 2 | B138: Almohadilla Dactilar - Huellero | C138: Unidad | D138: 10 | E138: 10 | F138: 10 | G138: 10 | H138: 10 | K138: =AVERAGE(D138:J138) -> 10
A139: 3 | B139: Almohadilla Recargable para sellos | C139: Unidad | F139: 20 | G139: 15 | H139: 15 | K139: =AVERAGE(D139:J139) -> 16.666667 | S139: 3213
A140: 4 | B140: Bandas Elásticas Ref. 22 X 25G, en caucho | C140: Caja x 25gr | D140: 50 | E140: 50 | F140: 50 | J140: 151 | K140: =AVERAGE(D140:J140) -> 75.25 | S140: 1903
A141: 5 | B141: Banderitas-Mini: Señales Autoadhesivas de media pulgada por 5 colores, plás ticas, con adhesivo en la punta y en una cara de la banderita | C141: Paquete x 125 | D141: 15 | K141: =AVERAGE(D141:J141) -> 15 | S141: 1547
A142: 6 | B142: Bisturí 18 cm plástico con bloqueo de la cuchilla y con corta cuchilla | C142: Unidad | D142: 5 | E142: 10 | F142: 20 | G142: 20 | H142: 20 | J142: 25 | K142: =AVERAGE(D142:J142) -> 16.666667
A143: 7 | B143: Block Amarillo Cuadriculado Carta X 50 Hojas | C143: Unidad | D143: 10 | E143: 20 | F143: 20 | J143: 30 | K143: =AVERAGE(D143:J143) -> 20
A144: 8 | B144: Block Blanco Cuadriculado Carta X 50 Hojas | C144: Unidad | L144: ='PRECIOS UNITARIOS TECHO'!N18 -> 4796 | M144: =K144*L144 -> 0
A145: 9 | B145: Bolígrafo de mina negra retráctil, semi gel, punta 0.7 mm | C145: Unidad | D145: 100 | E145: 200 | F145: 200 | G145: 200 | H145: 200 | J145: 300 | K145: =AVERAGE(D145:J145) -> 200
A146: 10 | B146: Bolígrafo de mina colores surtidos retráctil, semi gel, punta 0.7 mm | C146: Unidad | E146: 50 | F146: 50 | G146: 100 | H146: 100 | J146: 50 | K146: =AVERAGE(D146:J146) -> 70
A147: 11 | B147: Borrador de nata No toxico - Producción nacional | C147: Caja x 24 | G147: 8 | H147: 8 | J147: 8 | K147: =AVERAGE(D147:J147) -> 8
A148: 12 | B148: Borrador para tablero acrílico, elaborado con felpa sintética, fieltro o paño chalet. La base debe ser en madera o plástico | C148: Unidad | E148: 10 | K148: =AVERAGE(D148:J148) -> 10
A149: 13 | B149: Caja de Chinches | C149: Caja x 50 | E149: 4 | G149: 10 | H149: 10 | K149: =AVERAGE(D149:J149) -> 8
A150: 14 | B150: Cargador Pilas AA Para 4 pilas | C150: Unidad | D150: 1 | K150: =AVERAGE(D150:J150) -> 1
A151: 15 | B151: Cargador Pilas AAA Para 4 pilas | C151: Unidad | D151: 2 | K151: =AVERAGE(D151:J151) -> 2
A152: 16 | B152: Carpetas tres argollas blancas de 1", en cartón microcorrugado y vinilo de alta calidad. | C152: Unidad | L152: ='PRECIOS UNITARIOS TECHO'!N26 -> 8793 | M152: =K152*L152 -> 0
A153: 17 | B153: Carpetas tres argollas blancas de 1/2", en cartón microcorrugado y vinilo de alta calidad. | C153: Unidad | L153: ='PRECIOS UNITARIOS TECHO'!N27 -> 8104 | M153: =K153*L153 -> 0
A154: 18 | B154: Carpetas tres argollas blancas de 2", en cartón microcorrugado y vinilo de alta calidad. | C154: Unidad | L154: ='PRECIOS UNITARIOS TECHO'!N28 -> 10888 | M154: =K154*L154 -> 0
A155: 19 | B155: Carpetas tres argollas blancas de 3", en cartón microcorrugado y vinilo de alta calidad. | C155: Unidad | L155: ='PRECIOS UNITARIOS TECHO'!N29 -> 14898 | M155: =K155*L155 -> 0
A156: 20 | B156: CARTUCHO DE TÓNER HP 81A NEGRO LASERJER - ORIGINAL | C156: Unidad | L156: ='PRECIOS UNITARIOS TECHO'!N30 -> 1137557 | M156: =K156*L156 -> 0
A157: 21 | B157: Cartulina Opalina Tamaño Carta 180 g x 50 | C157: Unidad | L157: ='PRECIOS UNITARIOS TECHO'!N31 -> 27965 | M157: =K157*L157 -> 0
A158: 22 | B158: Cartulina Blanca - Octavo | C158: Paquete X 100 | D158: 1 | E158: 1 | F158: 1 | K158: =AVERAGE(D158:J158) -> 1
A159: 23 | B159: Cartulina Colores Surtidos - Octavo | C159: Paquete X 100 | D159: 1 | F159: 1 | K159: =AVERAGE(D159:J159) -> 1
A160: 24 | B160: CARTUCHO DE CINTA - EPSON LX-350/LX-300+II/LX-300+ (ORIGINAL) | C160: Unidad | D160: 3 | E160: 3 | F160: 1 | I160: 4 | J160: 1 | K160: =AVERAGE(D160:J160) -> 2.4
A161: 25 | B161: Cd-R x 100, 700mb/80min, mínimo de velocidad de grabado 4x | C161: Paquete x 100 | D161: 2 | E161: 2 | F161: 2 | J161: 2 | K161: =AVERAGE(D161:J161) -> 2
A162: 26 | B162: Cd-Rw x 25, 700mb/80min, mínimo de velocidad de grabado4x | C162: Paquete x 25 | E162: 2 | K162: =AVERAGE(D162:J162) -> 2
A163: 27 | B163: Cera para contar - Cera dactilar cuenta fácil de 14 grs a 20 grs., pasta incolora a b ase de glicerina, envase de polipropileno de fácil sellado con tapa. | C163: Unidad | D163: 10 | K163: =AVERAGE(D163:J163) -> 10
A164: 28 | B164: Cinta Invisible Mágica 19 mm x 33 m | C164: Unidad | L164: ='PRECIOS UNITARIOS TECHO'!N38 -> 12773 | M164: =K164*L164 -> 0
A165: 29 | B165: Cinta Adhesiva de Empaque de polipropileno de 48mm*50 mts | C165: Unidad - Rollo | E165: 50 | F165: 20 | J165: 40 | K165: =AVERAGE(D165:J165) -> 36.666667
A166: 30 | B166: Cinta Adhesiva para Enmascarar 12 mm, x 40 mts | C166: Unidad - Rollo | E166: 10 | F166: 20 | K166: =AVERAGE(D166:J166) -> 15
A167: 31 | B167: Cinta Adhesiva para Enmascarar 48 mm, x 40 mts | C167: Unidad - Rollo | D167: 10 | E167: 30 | F167: 30 | J167: 20 | K167: =AVERAGE(D167:J167) -> 22.5
A168: 32 | B168: Cinta Adhesiva transparente de polipropileno de 12mm*40 mts | C168: Unidad - Rollo | E168: 10 | F168: 20 | K168: =AVERAGE(D168:J168) -> 15
A169: 33 | B169: Cinta Doble Faz Interiores 18mm x 5mt | C169: Unidad - Rollo | F169: 4 | G169: 5 | H169: 5 | K169: =AVERAGE(D169:J169) -> 4.6666667
A170: 34 | B170: CINTA PARA IMPRESORA DE CARNET DATACARD - CINTA COLOR YMCKT SD160 534100-001-R098 | C170: Unidad | L170: ='PRECIOS UNITARIOS TECHO'!N44 -> 480584 | M170: =K170*L170 -> 0
A171: 35 | B171: Clip Estándar Pequeño X 100, Alambre metálico galvanizado | C171: Caja x 100 | D171: 20 | E171: 50 | F171: 50 | G171: 130 | H171: 180 | I171: 10 | J171: 50 | K171: =AVERAGE(D171:J171) -> 70
A172: 36 | B172: Clip Mariposa Gigante X 12, Alambre metálico galvanizado | C172: Caja x 12 | D172: 16 | K172: =AVERAGE(D172:J172) -> 16
A173: 37 | B173: Clip Mariposa x 50, Alambre metálico galvanizado | C173: Caja x 50 | D173: 5 | J173: 5 | K173: =AVERAGE(D173:J173) -> 5
A174: 38 | B174: Colbón 125g | C174: Unidad | J174: 5 | K174: =AVERAGE(D174:J174) -> 5
A175: 39 | B175: Corrector Líquido, presentación en lápiz con punta metálica. | C175: Caja x 12 | I175: 5 | J175: 5 | K175: =AVERAGE(D175:J175) -> 5
A176: 40 | B176: Cosedora de oficina mínimo 30 Hojas, resistente y fuerte, liviana, Medidas aproximadas d e 186 mm largo x 64 mm alto x 44 mm ancho | C176: Unidad | D176: 10 | K176: =AVERAGE(D176:J176) -> 10
A177: 41 | B177: Cosedora Eléctrica, Profundidad de grapado 10mm aproximadamente, Voltios 110v, Capacidad de cocido 20 hojas a la vez | C177: Unidad | L177: ='PRECIOS UNITARIOS TECHO'!N51 -> 290577 | M177: =K177*L177 -> 0
A178: 42 | B178: Cosedora industrial con capacidad superior a 50 hojas metálica | C178: Unidad | L178: ='PRECIOS UNITARIOS TECHO'!N52 -> 61540 | M178: =K178*L178 -> 0
A179: 43 | B179: DISCO DURO MECÁNICO DE 4 TERAS PARA DVR | C179: Unidad | L179: ='PRECIOS UNITARIOS TECHO'!N53 -> 666426 | M179: =K179*L179 -> 0
A180: 44 | B180: DVD-R Paquete X 50, Mayor o igual a 4,7 GB mínimo de velocidad de grabado 4x o más | C180: Paquete X 50 | D180: 1 | E180: 1 | F180: 1 | J180: 1 | K180: =AVERAGE(D180:J180) -> 1
A181: 45 | B181: Fichas Bibliográficas - Colores Surtidos | C181: Paquete X 100 | L181: ='PRECIOS UNITARIOS TECHO'!N55 -> 5096 | M181: =K181*L181 -> 0
A182: 46 | B182: Fundas Polipropileno para CD o DVD | C182: Paquete x 100 | D182: 1 | E182: 5 | F182: 3 | J182: 5 | K182: =AVERAGE(D182:J182) -> 3.5
A183: 47 | B183: Funda transparente multitaladro tamaño carta | C183: Paquete X 100 | E183: 1 | J183: 5 | K183: =AVERAGE(D183:J183) -> 3
A184: 48 | B184: Funda transparente multitaladro tamaño oficio | C184: Paquete X 100 | E184: 1 | J184: 5 | K184: =AVERAGE(D184:J184) -> 3
A185: 50 | B185: Grapa estándar galvanizada para cosedora | C185: Caja x 5000 | J185: 20 | K185: =AVERAGE(D185:J185) -> 20
A186: 52 | B186: Guía en cartulina carta paquete X 5, cartulina de mínimo 150g. El material debe cumplir con las especificaciones en la NTC 5397:2005. 5 perforaciones | C186: Paquete x 5 | L186: ='PRECIOS UNITARIOS TECHO'!N62 -> 1922 | M186: =K186*L186 -> 0
A187: 53 | B187: Guillotina manual 30*30, corte de mínimo 10 hojas | C187: Unidad | F187: 2 | G187: 1 | H187: 1 | K187: =AVERAGE(D187:J187) -> 1.3333333
A188: 54 | B188: Lápiz de escritura madera forma hexagonal de mina negra de grafito HB #2, con b orrado r asegurado en casquillo de metal sin bordes afilados ni cortantes con borrador que no manche ni rompe el papel, banda roja de calidad controlada. De producción nacional preferiblemente | C188: Caja x 12 | D188: 20 | K188: =AVERAGE(D188:J188) -> 20
A189: 55 | B189: Lápiz de escritura madera forma hexagonal de mina roja de grafito HB # 2 , con b orrador asegurado en casquillo de metal sin bordes afilados ni cortantes con borrador que no manche ni rompe el papel, banda roja de calidad controlada. De producción nacional preferiblemente | C189: Caja x 12 | L189: ='PRECIOS UNITARIOS TECHO'!N65 -> 6726 | M189: =K189*L189 -> 0
A190: 56 | B190: Marcador borrable negro | C190: Caja x 10 | D190: 2 | E190: 3 | F190: 5 | K190: =AVERAGE(D190:J190) -> 3.3333333
A191: 57 | B191: Marcador borrable colores surtidos | C191: Caja x 10 | D191: 3 | E191: 6 | F191: 12 | K191: =AVERAGE(D191:J191) -> 7
A192: 58 | B192: Marcador permanente alto rendimiento punta fina, Color negro | C192: Caja x 10 | D192: 2 | G192: 10 | H192: 10 | K192: =AVERAGE(D192:J192) -> 7.3333333
A193: 59 | B193: Marcador permanente alto rendimiento punta fina Colores surtidos | C193: Caja x 10 | L193: ='PRECIOS UNITARIOS TECHO'!N69 -> 17813 | M193: =K193*L193 -> 0
A194: 60 | B194: Marcador permanente, cuerpo y tapa en polipropileno, colores surtidos, Tinta in deleble a base de alcohol de secado rápido, calor y humedad, para escribir sobre cualquier superficie alto rendimiento varios colores, Longitud de cuerpo entre 120 - 155 mm, diámetro 1 2 - 1 8 mm, Punta gruesa biselada con trazo de 2,3 mm a 4,9 mm Cierre hermético | C194: Caja x 10 | L194: ='PRECIOS UNITARIOS TECHO'!N70 -> 16478 | M194: =K194*L194 -> 0
A195: 61 | B195: Memoria USB mínimo 16 gb | C195: Unidad | D195: 5 | E195: 3 | F195: 2 | K195: =AVERAGE(D195:J195) -> 3.3333333
A196: 62 | B196: Memoria USB mínimo 32 GB | C196: Unidad | L196: 0 | M196: 0
A197: 63 | B197: Memoria USB mínimo 128 gb | C197: Unidad | D197: 3 | E197: 2 | F197: 2 | K197: =AVERAGE(D197:J197) -> 2.3333333
A198: 64 | B198: Micropunta negro, 0,5 mm., punta con soporte plástico, alto rendimiento, escritura suave | C198: Caja x 10 | L198: ='PRECIOS UNITARIOS TECHO'!N74 -> 14444 | M198: =K198*L198 -> 0
A199: 65 | B199: Micropunta colores surtidos | C199: Caja x 10 | L199: ='PRECIOS UNITARIOS TECHO'!N75 -> 14623 | M199: =K199*L199 -> 0
A200: 66 | B200: Bolígrafo de mina roja retráctil, semi gel, punta 0.7 mm | C200: Unidad | L200: ='PRECIOS UNITARIOS TECHO'!N76 -> 1401 | M200: =K200*L200 -> 0
A201: 67 | B201: Mina Para Portaminas 0,5 mm, Superpolymerisadas/ Ultraresistentes para su protección contra la rotura, HB | C201: Unidad | L201: ='PRECIOS UNITARIOS TECHO'!N77 -> 1303 | M201: =K201*L201 -> 0
A202: 68 | B202: Mina Para Portaminas 0,7 mm, Superpolymerisadas/ Ultraresistentes para su protección contra la rotura, HB | C202: Unidad | L202: ='PRECIOS UNITARIOS TECHO'!N78 -> 1334 | M202: =K202*L202 -> 0
...

Sheet PRESUPUESTO
A1: Tiempo estimado de ejecución | C1: 6 | D1: Meses
A2: No. | B2: No. Item Tarifario | C2: Descripción del Bien o servicio | D2: Unidad de Medida | E2: Promedio consumo mensual 2025 | F2: ='PRECIOS UNITARIOS TECHO'!R9 -> PRECIOS TECHO FINAL | G2: PRESUPUESTO ESTIMADO | H2: Valor cinsumo promedio mensual
A3: 1 | B3: 2 | C3: Almohadilla Dactilar - Huellero | D3: Unidad | E3: =HISTORICOS!K138 -> 10 | F3: =_xlfn.XLOOKUP(B3,'PRECIOS UNITARIOS TECHO'!A:A,'PRECIOS UNITARIOS TECHO'!R:R,0) -> 4430 | G3: =E3*F3*$C$1 -> 265800 | H3: =F3*E3 -> 44300
A4: 2 | B4: 3 | C4: Almohadilla Recargable para sellos | D4: Unidad | E4: =HISTORICOS!K139 -> 16.666667 | F4: =_xlfn.XLOOKUP(B4,'PRECIOS UNITARIOS TECHO'!A:A,'PRECIOS UNITARIOS TECHO'!R:R,0) -> 4761 | G4: =E4*F4*$C$1 -> 476100 | H4: =F4*E4 -> 79350
A5: 3 | B5: 4 | C5: Bandas Elásticas Ref. 22 X 25G, en caucho | D5: Caja x 25gr | E5: =HISTORICOS!K140 -> 75.25 | F5: =_xlfn.XLOOKUP(B5,'PRECIOS UNITARIOS TECHO'!A:A,'PRECIOS UNITARIOS TECHO'!R:R,0) -> 1251 | G5: =E5*F5*$C$1 -> 564826.5 | H5: =F5*E5 -> 94137.75
A6: 4 | B6: 5 | C6: Banderitas-Mini: Señales Autoadhesivas de media pulgada por 5 colores, plás ticas, con adhesivo en la punta y en una cara de la banderita | D6: Paquete x 125 | E6: =HISTORICOS!K141 -> 15 | F6: =_xlfn.XLOOKUP(B6,'PRECIOS UNITARIOS TECHO'!A:A,'PRECIOS UNITARIOS TECHO'!R:R,0) -> 3831 | G6: =E6*F6*$C$1 -> 344790 | H6: =F6*E6 -> 57465
A7: 5 | B7: 6 | C7: Bisturí 18 cm plástico con bloqueo de la cuchilla y con corta cuchilla | D7: Unidad | E7: =HISTORICOS!K142 -> 16.666667 | F7: =_xlfn.XLOOKUP(B7,'PRECIOS UNITARIOS TECHO'!A:A,'PRECIOS UNITARIOS TECHO'!R:R,0) -> 2687 | G7: =E7*F7*$C$1 -> 268700 | H7: =F7*E7 -> 44783.333
A8: 6 | B8: 7 | C8: Block Amarillo Cuadriculado Carta X 50 Hojas | D8: Unidad | E8: =HISTORICOS!K143 -> 20 | F8: =_xlfn.XLOOKUP(B8,'PRECIOS UNITARIOS TECHO'!A:A,'PRECIOS UNITARIOS TECHO'!R:R,0) -> 5333 | G8: =E8*F8*$C$1 -> 639960 | H8: =F8*E8 -> 106660
A9: 7 | B9: 9 | C9: Bolígrafo de mina negra retráctil, semi gel, punta 0.7 mm | D9: Unidad | E9: =HISTORICOS!K145 -> 200 | F9: =_xlfn.XLOOKUP(B9,'PRECIOS UNITARIOS TECHO'!A:A,'PRECIOS UNITARIOS TECHO'!R:R,0) -> 1190 | G9: =E9*F9*$C$1 -> 1428000 | H9: =F9*E9 -> 238000
A10: 8 | B10: 10 | C10: Bolígrafo de mina colores surtidos retráctil, semi gel, punta 0.7 mm | D10: Unidad | E10: =HISTORICOS!K146 -> 70 | F10: =_xlfn.XLOOKUP(B10,'PRECIOS UNITARIOS TECHO'!A:A,'PRECIOS UNITARIOS TECHO'!R:R,0) -> 1279.25 | G10: =E10*F10*$C$1 -> 537285 | H10: =F10*E10 -> 89547.5
A11: 9 | B11: 11 | C11: Borrador de nata No toxico - Producción nacional | D11: Caja x 24 | E11: =HISTORICOS!K147 -> 8 | F11: =_xlfn.XLOOKUP(B11,'PRECIOS UNITARIOS TECHO'!A:A,'PRECIOS UNITARIOS TECHO'!R:R,0) -> 10538 | G11: =E11*F11*$C$1 -> 505824 | H11: =F11*E11 -> 84304
A12: 10 | B12: 12 | C12: Borrador para tablero acrílico, elaborado con felpa sintética, fieltro o paño chalet. La base debe ser en madera o plástico | D12: Unidad | E12: =HISTORICOS!K148 -> 10 | F12: =_xlfn.XLOOKUP(B12,'PRECIOS UNITARIOS TECHO'!A:A,'PRECIOS UNITARIOS TECHO'!R:R,0) -> 2731.05 | G12: =E12*F12*$C$1 -> 163863 | H12: =F12*E12 -> 27310.5
A13: 11 | B13: 13 | C13: Caja de Chinches | D13: Caja x 50 | E13: =HISTORICOS!K149 -> 8 | F13: =_xlfn.XLOOKUP(B13,'PRECIOS UNITARIOS TECHO'!A:A,'PRECIOS UNITARIOS TECHO'!R:R,0) -> 1865 | G13: =E13*F13*$C$1 -> 89520 | H13: =F13*E13 -> 14920
A14: 12 | B14: 14 | C14: Cargador Pilas AA Para 4 pilas | D14: Unidad | E14: =HISTORICOS!K150 -> 1 | F14: =_xlfn.XLOOKUP(B14,'PRECIOS UNITARIOS TECHO'!A:A,'PRECIOS UNITARIOS TECHO'!R:R,0) -> 49955.55 | G14: =E14*F14*$C$1 -> 299733.3 | H14: =F14*E14 -> 49955.55
A15: 13 | B15: 15 | C15: Cargador Pilas AAA Para 4 pilas | D15: Unidad | E15: =HISTORICOS!K151 -> 2 | F15: =_xlfn.XLOOKUP(B15,'PRECIOS UNITARIOS TECHO'!A:A,'PRECIOS UNITARIOS TECHO'!R:R,0) -> 49955.55 | G15: =E15*F15*$C$1 -> 599466.6 | H15: =F15*E15 -> 99911.1
A16: 14 | B16: 22 | C16: Cartulina Blanca - Octavo | D16: Paquete X 100 | E16: =HISTORICOS!K158 -> 1 | F16: =_xlfn.XLOOKUP(B16,'PRECIOS UNITARIOS TECHO'!A:A,'PRECIOS UNITARIOS TECHO'!R:R,0) -> 15717 | G16: =E16*F16*$C$1 -> 94302 | H16: =F16*E16 -> 15717
A17: 15 | B17: 23 | C17: Cartulina Colores Surtidos - Octavo | D17: Paquete X 100 | E17: =HISTORICOS!K159 -> 1 | F17: =_xlfn.XLOOKUP(B17,'PRECIOS UNITARIOS TECHO'!A:A,'PRECIOS UNITARIOS TECHO'!R:R,0) -> 18926 | G17: =E17*F17*$C$1 -> 113556 | H17: =F17*E17 -> 18926
A18: 16 | B18: 24 | C18: CARTUCHO DE CINTA - EPSON LX-350/LX-300+II/LX-300+ (ORIGINAL) | D18: Unidad | E18: =HISTORICOS!K160 -> 2.4 | F18: =_xlfn.XLOOKUP(B18,'PRECIOS UNITARIOS TECHO'!A:A,'PRECIOS UNITARIOS TECHO'!R:R,0) -> 67235 | G18: =E18*F18*$C$1 -> 968184 | H18: =F18*E18 -> 161364
A19: 17 | B19: 25 | C19: Cd-R x 100, 700mb/80min, mínimo de velocidad de grabado 4x | D19: Paquete x 100 | E19: =HISTORICOS!K161 -> 2 | F19: =_xlfn.XLOOKUP(B19,'PRECIOS UNITARIOS TECHO'!A:A,'PRECIOS UNITARIOS TECHO'!R:R,0) -> 145180 | G19: =E19*F19*$C$1 -> 1742160 | H19: =F19*E19 -> 290360
A20: 18 | B20: 26 | C20: Cd-Rw x 25, 700mb/80min, mínimo de velocidad de grabado4x | D20: Paquete x 25 | E20: =HISTORICOS!K162 -> 2 | F20: =_xlfn.XLOOKUP(B20,'PRECIOS UNITARIOS TECHO'!A:A,'PRECIOS UNITARIOS TECHO'!R:R,0) -> 95140.5 | G20: =E20*F20*$C$1 -> 1141686 | H20: =F20*E20 -> 190281
A21: 19 | B21: 27 | C21: Cera para contar - Cera dactilar cuenta fácil de 14 grs a 20 grs., pasta incolora a b ase de glicerina, envase de polipropileno de fácil sellado con tapa. | D21: Unidad | E21: =HISTORICOS!K163 -> 10 | F21: =_xlfn.XLOOKUP(B21,'PRECIOS UNITARIOS TECHO'!A:A,'PRECIOS UNITARIOS TECHO'!R:R,0) -> 3451 | G21: =E21*F21*$C$1 -> 207060 | H21: =F21*E21 -> 34510
A22: 20 | B22: 29 | C22: Cinta Adhesiva de Empaque de polipropileno de 48mm*50 mts | D22: Unidad - Rollo | E22: =HISTORICOS!K165 -> 36.666667 | F22: =_xlfn.XLOOKUP(B22,'PRECIOS UNITARIOS TECHO'!A:A,'PRECIOS UNITARIOS TECHO'!R:R,0) -> 3895 | G22: =E22*F22*$C$1 -> 856900 | H22: =F22*E22 -> 142816.67
A23: 21 | B23: 30 | C23: Cinta Adhesiva para Enmascarar 12 mm, x 40 mts | D23: Unidad - Rollo | E23: =HISTORICOS!K166 -> 15 | F23: =_xlfn.XLOOKUP(B23,'PRECIOS UNITARIOS TECHO'!A:A,'PRECIOS UNITARIOS TECHO'!R:R,0) -> 4694.55 | G23: =E23*F23*$C$1 -> 422509.5 | H23: =F23*E23 -> 70418.25
A24: 22 | B24: 31 | C24: Cinta Adhesiva para Enmascarar 48 mm, x 40 mts | D24: Unidad - Rollo | E24: =HISTORICOS!K167 -> 22.5 | F24: =_xlfn.XLOOKUP(B24,'PRECIOS UNITARIOS TECHO'!A:A,'PRECIOS UNITARIOS TECHO'!R:R,0) -> 9456 | G24: =E24*F24*$C$1 -> 1276560 | H24: =F24*E24 -> 212760
A25: 23 | B25: 32 | C25: Cinta Adhesiva transparente de polipropileno de 12mm*40 mts | D25: Unidad - Rollo | E25: =HISTORICOS!K168 -> 15 | F25: =_xlfn.XLOOKUP(B25,'PRECIOS UNITARIOS TECHO'!A:A,'PRECIOS UNITARIOS TECHO'!R:R,0) -> 2201.5 | G25: =E25*F25*$C$1 -> 198135 | H25: =F25*E25 -> 33022.5
A26: 24 | B26: 33 | C26: Cinta Doble Faz Interiores 18mm x 5mt | D26: Unidad - Rollo | E26: =HISTORICOS!K169 -> 4.6666667 | F26: =_xlfn.XLOOKUP(B26,'PRECIOS UNITARIOS TECHO'!A:A,'PRECIOS UNITARIOS TECHO'!R:R,0) -> 14451 | G26: =E26*F26*$C$1 -> 404628 | H26: =F26*E26 -> 67438
A27: 25 | B27: 35 | C27: Clip Estándar Pequeño X 100, Alambre metálico galvanizado | D27: Caja x 100 | E27: =HISTORICOS!K171 -> 70 | F27: =_xlfn.XLOOKUP(B27,'PRECIOS UNITARIOS TECHO'!A:A,'PRECIOS UNITARIOS TECHO'!R:R,0) -> 2618 | G27: =E27*F27*$C$1 -> 1099560 | H27: =F27*E27 -> 183260
A28: 26 | B28: 36 | C28: Clip Mariposa Gigante X 12, Alambre metálico galvanizado | D28: Caja x 12 | E28: =HISTORICOS!K172 -> 16 | F28: =_xlfn.XLOOKUP(B28,'PRECIOS UNITARIOS TECHO'!A:A,'PRECIOS UNITARIOS TECHO'!R:R,0) -> 5230.05 | G28: =E28*F28*$C$1 -> 502084.8 | H28: =F28*E28 -> 83680.8
A29: 27 | B29: 37 | C29: Clip Mariposa x 50, Alambre metálico galvanizado | D29: Caja x 50 | E29: =HISTORICOS!K173 -> 5 | F29: =_xlfn.XLOOKUP(B29,'PRECIOS UNITARIOS TECHO'!A:A,'PRECIOS UNITARIOS TECHO'!R:R,0) -> 5027.75 | G29: =E29*F29*$C$1 -> 150832.5 | H29: =F29*E29 -> 25138.75
A30: 28 | B30: 38 | C30: Colbón 125g | D30: Unidad | E30: =HISTORICOS!K174 -> 5 | F30: =_xlfn.XLOOKUP(B30,'PRECIOS UNITARIOS TECHO'!A:A,'PRECIOS UNITARIOS TECHO'!R:R,0) -> 4462.5 | G30: =E30*F30*$C$1 -> 133875 | H30: =F30*E30 -> 22312.5
A31: 29 | B31: 39 | C31: Corrector Líquido, presentación en lápiz con punta metálica. | D31: Caja x 12 | E31: =HISTORICOS!K175 -> 5 | F31: =_xlfn.XLOOKUP(B31,'PRECIOS UNITARIOS TECHO'!A:A,'PRECIOS UNITARIOS TECHO'!R:R,0) -> 13826 | G31: =E31*F31*$C$1 -> 414780 | H31: =F31*E31 -> 69130
A32: 30 | B32: 40 | C32: Cosedora de oficina mínimo 30 Hojas, resistente y fuerte, liviana, Medidas aproximadas d e 186 mm largo x 64 mm alto x 44 mm ancho | D32: Unidad | E32: =HISTORICOS!K176 -> 10 | F32: =_xlfn.XLOOKUP(B32,'PRECIOS UNITARIOS TECHO'!A:A,'PRECIOS UNITARIOS TECHO'!R:R,0) -> 19599 | G32: =E32*F32*$C$1 -> 1175940 | H32: =F32*E32 -> 195990
A33: 31 | B33: 44 | C33: DVD-R Paquete X 50, Mayor o igual a 4,7 GB mínimo de velocidad de grabado 4x o más | D33: Paquete X 50 | E33: =HISTORICOS!K180 -> 1 | F33: =_xlfn.XLOOKUP(B33,'PRECIOS UNITARIOS TECHO'!A:A,'PRECIOS UNITARIOS TECHO'!R:R,0) -> 83300 | G33: =E33*F33*$C$1 -> 499800 | H33: =F33*E33 -> 83300
A34: 32 | B34: 46 | C34: Fundas Polipropileno para CD o DVD | D34: Paquete x 100 | E34: =HISTORICOS!K182 -> 3.5 | F34: =_xlfn.XLOOKUP(B34,'PRECIOS UNITARIOS TECHO'!A:A,'PRECIOS UNITARIOS TECHO'!R:R,0) -> 12999 | G34: =E34*F34*$C$1 -> 272979 | H34: =F34*E34 -> 45496.5
A35: 33 | B35: 47 | C35: Funda transparente multitaladro tamaño carta | D35: Paquete X 100 | E35: =HISTORICOS!K183 -> 3 | F35: =_xlfn.XLOOKUP(B35,'PRECIOS UNITARIOS TECHO'!A:A,'PRECIOS UNITARIOS TECHO'!R:R,0) -> 16195 | G35: =E35*F35*$C$1 -> 291510 | H35: =F35*E35 -> 48585
A36: 34 | B36: 48 | C36: Funda transparente multitaladro tamaño oficio | D36: Paquete X 100 | E36: =HISTORICOS!K184 -> 3 | F36: =_xlfn.XLOOKUP(B36,'PRECIOS UNITARIOS TECHO'!A:A,'PRECIOS UNITARIOS TECHO'!R:R,0) -> 20706 | G36: =E36*F36*$C$1 -> 372708 | H36: =F36*E36 -> 62118
A37: 35 | B37: 50 | C37: Grapa estándar galvanizada para cosedora | D37: Caja x 5000 | E37: =HISTORICOS!K185 -> 20 | F37: =_xlfn.XLOOKUP(B37,'PRECIOS UNITARIOS TECHO'!A:A,'PRECIOS UNITARIOS TECHO'!R:R,0) -> 5483 | G37: =E37*F37*$C$1 -> 657960 | H37: =F37*E37 -> 109660
A38: 36 | B38: 53 | C38: Guillotina manual 30*30, corte de mínimo 10 hojas | D38: Unidad | E38: =HISTORICOS!K187 -> 1.3333333 | F38: =_xlfn.XLOOKUP(B38,'PRECIOS UNITARIOS TECHO'!A:A,'PRECIOS UNITARIOS TECHO'!R:R,0) -> 94010 | G38: =E38*F38*$C$1 -> 752080 | H38: =F38*E38 -> 125346.67
A39: 37 | B39: 54 | C39: Lápiz de escritura madera forma hexagonal de mina negra de grafito HB #2, con b orrado r asegurado en casquillo de metal sin bordes afilados ni cortantes con borrador que no manche ni rompe el papel, banda roja de calidad controlada. De producción nacional preferiblemente | D39: Caja x 12 | E39: =HISTORICOS!K188 -> 20 | F39: =_xlfn.XLOOKUP(B39,'PRECIOS UNITARIOS TECHO'!A:A,'PRECIOS UNITARIOS TECHO'!R:R,0) -> 6730 | G39: =E39*F39*$C$1 -> 807600 | H39: =F39*E39 -> 134600
A40: 38 | B40: 56 | C40: Marcador borrable negro | D40: Caja x 10 | E40: =HISTORICOS!K190 -> 3.3333333 | F40: =_xlfn.XLOOKUP(B40,'PRECIOS UNITARIOS TECHO'!A:A,'PRECIOS UNITARIOS TECHO'!R:R,0) -> 19423 | G40: =E40*F40*$C$1 -> 388460 | H40: =F40*E40 -> 64743.333
A41: 39 | B41: 57 | C41: Marcador borrable colores surtidos | D41: Caja x 10 | E41: =HISTORICOS!K191 -> 7 | F41: =_xlfn.XLOOKUP(B41,'PRECIOS UNITARIOS TECHO'!A:A,'PRECIOS UNITARIOS TECHO'!R:R,0) -> 20357 | G41: =E41*F41*$C$1 -> 854994 | H41: =F41*E41 -> 142499
A42: 40 | B42: 58 | C42: Marcador permanente alto rendimiento punta fina, Color negro | D42: Caja x 10 | E42: =HISTORICOS!K192 -> 7.3333333 | F42: =_xlfn.XLOOKUP(B42,'PRECIOS UNITARIOS TECHO'!A:A,'PRECIOS UNITARIOS TECHO'!R:R,0) -> 27267.5 | G42: =E42*F42*$C$1 -> 1199770 | H42: =F42*E42 -> 199961.67
A43: 41 | B43: 61 | C43: Memoria USB mínimo 16 gb | D43: Unidad | E43: =HISTORICOS!K195 -> 3.3333333 | F43: =_xlfn.XLOOKUP(B43,'PRECIOS UNITARIOS TECHO'!A:A,'PRECIOS UNITARIOS TECHO'!R:R,0) -> 36830.5 | G43: =E43*F43*$C$1 -> 736610 | H43: =F43*E43 -> 122768.33
A44: 42 | B44: 63 | C44: Memoria USB mínimo 128 gb | D44: Unidad | E44: =HISTORICOS!K197 -> 2.3333333 | F44: =_xlfn.XLOOKUP(B44,'PRECIOS UNITARIOS TECHO'!A:A,'PRECIOS UNITARIOS TECHO'!R:R,0) -> 69615 | G44: =E44*F44*$C$1 -> 974610 | H44: =F44*E44 -> 162435
A45: 43 | B45: 70 | C45: Notas Autoadhesivas Pequeñas/ Taco/ Bloque/ Cubo De Mínimo 100 Hojas varios colores | D45: Taco x 100 | E45: =HISTORICOS!K204 -> 35 | F45: =_xlfn.XLOOKUP(B45,'PRECIOS UNITARIOS TECHO'!A:A,'PRECIOS UNITARIOS TECHO'!R:R,0) -> 4088 | G45: =E45*F45*$C$1 -> 858480 | H45: =F45*E45 -> 143080
A46: 44 | B46: 79 | C46: Pegante En Barra Tubo*Mínimo 40 g, Gelificante, glicerina, y polivinil pirrolidona en agua sin componentes tóxicos, Forma redonda, cierre hermético | D46: Unidad | E46: =HISTORICOS!K213 -> 30 | F46: =_xlfn.XLOOKUP(B46,'PRECIOS UNITARIOS TECHO'!A:A,'PRECIOS UNITARIOS TECHO'!R:R,0) -> 4544 | G46: =E46*F46*$C$1 -> 817920 | H46: =F46*E46 -> 136320
A47: 45 | B47: 81 | C47: Perforadora escritorio Metálica 2 huecos estándar 20 hojas, dos (2) perforaciones con una distancia entre huecos de 8cm | D47: Unidad | E47: =HISTORICOS!K215 -> 9 | F47: =_xlfn.XLOOKUP(B47,'PRECIOS UNITARIOS TECHO'!A:A,'PRECIOS UNITARIOS TECHO'!R:R,0) -> 15562 | G47: =E47*F47*$C$1 -> 840348 | H47: =F47*E47 -> 140058
A48: 46 | B48: 90 | C48: Portaminas 0,5 mm, plástico, zona de agarre en caucho o plástico; con borrador; punta retráctil; clip de sujeción | D48: Unidad | E48: =HISTORICOS!K221 -> 5 | F48: =_xlfn.XLOOKUP(B48,'PRECIOS UNITARIOS TECHO'!A:A,'PRECIOS UNITARIOS TECHO'!R:R,0) -> 1728 | G48: =E48*F48*$C$1 -> 51840 | H48: =F48*E48 -> 8640
A49: 47 | B49: 92 | C49: Regla Plástica con longitud de 30 cm y fabricada en plástico varios colores, identifique milímetros, centímetros, y pulgadas con borde biselado | D49: Unidad | E49: =HISTORICOS!K223 -> 21.666667 | F49: =_xlfn.XLOOKUP(B49,'PRECIOS UNITARIOS TECHO'!A:A,'PRECIOS UNITARIOS TECHO'!R:R,0) -> 1184.05 | G49: =E49*F49*$C$1 -> 153926.5 | H49: =F49*E49 -> 25654.417
A50: 48 | B50: 93 | C50: Resaltador colores surtidos | D50: Caja x 10 | E50: =HISTORICOS!K224 -> 11.333333 | F50: =_xlfn.XLOOKUP(B50,'PRECIOS UNITARIOS TECHO'!A:A,'PRECIOS UNITARIOS TECHO'!R:R,0) -> 14516 | G50: =E50*F50*$C$1 -> 987088 | H50: =F50*E50 -> 164514.67
A51: 49 | B51: 94 | C51: Revistero organizador | D51: Unidad | E51: =HISTORICOS!K225 -> 5 | F51: =_xlfn.XLOOKUP(B51,'PRECIOS UNITARIOS TECHO'!A:A,'PRECIOS UNITARIOS TECHO'!R:R,0) -> 11974 | G51: =E51*F51*$C$1 -> 359220 | H51: =F51*E51 -> 59870
A52: 50 | B52: 96 | C52: Sobre papel blanco para CD o DVD | D52: Paquete x 100 | E52: =HISTORICOS!K227 -> 4 | F52: =_xlfn.XLOOKUP(B52,'PRECIOS UNITARIOS TECHO'!A:A,'PRECIOS UNITARIOS TECHO'!R:R,0) -> 26728 | G52: =E52*F52*$C$1 -> 641472 | H52: =F52*E52 -> 106912
A53: 51 | B53: 98 | C53: Sobre De Manila carta de 75 grs Paquete X 100 | D53: Paquete x 100 | E53: =HISTORICOS!K229 -> 4.5 | F53: =_xlfn.XLOOKUP(B53,'PRECIOS UNITARIOS TECHO'!A:A,'PRECIOS UNITARIOS TECHO'!R:R,0) -> 18394.5 | G53: =E53*F53*$C$1 -> 496651.5 | H53: =F53*E53 -> 82775.25
A54: 52 | B54: 101 | C54: Sobre De Manila Oficio de 75 grs, Paquete X 100 | D54: Paquete x 100 | E54: =HISTORICOS!K232 -> 3 | F54: =_xlfn.XLOOKUP(B54,'PRECIOS UNITARIOS TECHO'!A:A,'PRECIOS UNITARIOS TECHO'!R:R,0) -> 20676.5 | G54: =E54*F54*$C$1 -> 372177 | H54: =F54*E54 -> 62029.5
A55: 53 | B55: 102 | C55: Tabla Planillero bordes Redondeados. En Poliestireno o acrílico. Tamaño: 35 cm alto x 2 3 cm largo - tamaño oficio Clip: 8 cm alto x 20 cm largo | D55: Unidad | E55: =HISTORICOS!K233 -> 13.333333 | F55: =_xlfn.XLOOKUP(B55,'PRECIOS UNITARIOS TECHO'!A:A,'PRECIOS UNITARIOS TECHO'!R:R,0) -> 8621.55 | G55: =E55*F55*$C$1 -> 689724 | H55: =F55*E55 -> 114954
A56: 54 | B56: 110 | C56: Tijera De Acero Inoxidable con agarraderas recubiertas en plástico o caucho | D56: Unidad | E56: =HISTORICOS!K240 -> 17.8 | F56: =_xlfn.XLOOKUP(B56,'PRECIOS UNITARIOS TECHO'!A:A,'PRECIOS UNITARIOS TECHO'!R:R,0) -> 8032.5 | G56: =E56*F56*$C$1 -> 857871 | H56: =F56*E56 -> 142978.5
A57: 55 | B57: 113 | C57: TINTA PARA PLOTTER HP 727 MK NEGRO 300 ML - ORIGINAL | D57: Unidad | E57: =HISTORICOS!K243 -> 1 | F57: =_xlfn.XLOOKUP(B57,'PRECIOS UNITARIOS TECHO'!A:A,'PRECIOS UNITARIOS TECHO'!R:R,0) -> 1055530 | G57: =E57*F57*$C$1 -> 6333180 | H57: =F57*E57 -> 1055530
A58: 56 | B58: 116 | C58: TINTA PARA PLOTTER HP 727 GRIS 300 ML - ORIGINAL | D58: Unidad | E58: =HISTORICOS!K246 -> 1 | F58: =_xlfn.XLOOKUP(B58,'PRECIOS UNITARIOS TECHO'!A:A,'PRECIOS UNITARIOS TECHO'!R:R,0) -> 952000 | G58: =E58*F58*$C$1 -> 5712000 | H58: =F58*E58 -> 952000
A59: 57 | B59: 122 | C59: Cajas X-200 para archivo calibre 790kgf/m con las características detalladas en el anexo técnico | D59: Unidad | E59: =HISTORICOS!K252 -> 365 | F59: =_xlfn.XLOOKUP(B59,'PRECIOS UNITARIOS TECHO'!A:A,'PRECIOS UNITARIOS TECHO'!R:R,0) -> 8359.75 | G59: =E59*F59*$C$1 -> 18307852 | H59: =F59*E59 -> 3051308.8
A60: 58 | B60: 123 | C60: Carpetas: elaboradas en cartón rígido de yute de 600 gr/m2 con refuerzo de tela coleta en el doblez lateral, juego de carátula y contra carátula, con refuerzo externo con dos perforaciones circulares homogéneas. Tapas anteriores impresa a 1/0 tintas y posterior sin impresión de 27.0 cm de ancho x 35.0 cm de largo. Debe incluir gancho legajador plástico largo de 18cm (Producto elaborado en plástico 100%, transparente, de alta calidad, de dos (2) piezas, con filamento de 18cm, distancia entre perforaciones entre 7 y 8 cm. No manchan los documentos, los bordes deben ser redondeados y su cierre se realiza por medio de enganche). | D60: 1 juego - Legajador | E60: =HISTORICOS!K253 -> 663 | F60: =_xlfn.XLOOKUP(B60,'PRECIOS UNITARIOS TECHO'!A:A,'PRECIOS UNITARIOS TECHO'!R:R,0) -> 7318.5 | G60: =E60*F60*$C$1 -> 29112993 | H60: =F60*E60 -> 4852165.5
G61: =SUM(G3:G60) -> 91488446 | H61: Presupuesto Estimado

Sheet ANÁLISIS CONSOLIDADO
A1: SECRETARÍA DISTRITAL DEL HÁBITAT | Q1: Colombia, Indice de Precios al Consumidor (IPC)
A2: DIRECCIÓN ADMINISTRATIVA | Q2: Variaciones porcentuales 2020 - 2026
Q3: 2023 | R3: 2024 | S3: 2025 | T3: 2026
A4: SOLICITUD DE INFORMACIÓN DE PRECIOS | D4: Objeto del Proceso: SUMINISTRAR ELEMENTOS DE PAPELERIA UTILES DE OFICINA CAJAS Y CARPETAS PARA EL FUNCIONAMIENTO DE LA SECRETARIA DISTRITAL DEL HABITAT. | Q4: 0.0928 | R4: 0.052 | S4: 0.051 | T4: 0.0624
W6: ,
A7: Plazo de Ejecución Estimado | D7: 6 meses
H8: ANÁLISIS COTIZACIONES RECIBIDAS | P8: ANÁLISIS HISTÓRICOS
A9: Item | B9: Descripción del Bien o servicio | G9: Unidad de Medida | H9: BELPAPEL S.A.S | I9: GRUPO LOS LAGOS SAS | J9: SUMICORP LTDA | K9: TELEAMARKETER BPO & LOGISTICS SAS | L9: CV | M9: NIVEL DE DISPERSIÓN | N9: MEDIANA | P9: Precios unitarios IVA 2022 | Q9: Precios unitarios IVA 2023 | R9: Precios unitarios IVA 2024 | S9: Precios unitarios IVA 2025 | T9: Precios 2022 a valores monetarios 2026 | U9: Precios 2023 a valores monetarios 2026 | V9: Precios 2024 a valores monetarios 2026 | W9: Precios 2025 a valores monetarios 2026 | X9: CV Coefic. de variación | Y9: Nivel de Dispersión | Z9: MEDIANA | AA9: MEDIA GEOMÉTRICA
H10: Precio Unitario Incluido IVA | I10: Precio Unitario Incluido IVA | J10: Precio Unitario Incluido IVA | K10: Precio Unitario Incluido IVA
A11: 1 | B11: Agendas hojas interiores de papel bond de 70 grs. Tamaño: 17 cm x 24.5 cm. Mínim o 2 00 hojas. Tapa dura | G11: Unidad | H11: ='BELPAPEL (2a COTIZACION) '!J15 -> 22866 | I11: ='GRUPO LOS LAGOS SAS'!J15 -> 23800 | J11: ='SUMICORP LTDA'!J15 -> 65450 | K11: ='TELEAMARKETER (2a COTIZACION)'!J15 -> 6545 | L11: =_xlfn.STDEV.S(H11:K11)/AVERAGE(H11:K11) -> 0.84738165 | M11: =IF(L11<=15%,"Bajo",IF(L11<=20%,"Moderado",IF(L11<=25%,"Alto","Muy alto"))) -> Muy alto | N11: =MEDIAN(H11:K11) -> 23333 | P11: =HISTORICOS!D3 -> 36212 | Q11: =HISTORICOS!H3 -> 28917 | R11: =HISTORICOS!M3 -> 29750 | S11: =HISTORICOS!R3 -> 29750 | T11: =P11*(1+$Q$4)*(1+$R$4)*(1+$S$4)*1+($T$4) -> 43753.447 | U11: =Q11*(1+$R$4)*(1+$S$4)*1+($T$4) -> 31972.201 | V11: =R11*(1+$S$4)*1+($T$4) -> 31267.312 | W11: =S11*(1+($T$4)) -> 31606.4 | X11: =_xlfn.STDEV.S(T11:W11)/AVERAGE(T11:W11) -> 0.17535126 | Y11: =IF(X11<=15%,"Bajo",IF(X11<=20%,"Moderado",IF(X11<=25%,"Alto","Muy alto"))) -> Moderado | Z11: =MEDIAN(T11:W11) -> 31789.301 | AA11: =GEOMEAN(T11:W11) -> 34289.614
A12: 2 | B12: Almohadilla Dactilar - Huellero | G12: Unidad | H12: ='BELPAPEL (2a COTIZACION) '!J16 -> 1874 | I12: ='GRUPO LOS LAGOS SAS'!J16 -> 4224.5 | J12: ='SUMICORP LTDA'!J16 -> 4998 | K12: ='TELEAMARKETER (2a COTIZACION)'!J16 -> 10591 | L12: =_xlfn.STDEV.S(H12:K12)/AVERAGE(H12:K12) -> 0.68117879 | M12: =IF(L12<=15%,"Bajo",IF(L12<=20%,"Moderado",IF(L12<=25%,"Alto","Muy alto"))) -> Muy alto | N12: =MEDIAN(H12:K12) -> 4611.25 | P12: =HISTORICOS!D4 -> 5379 | Q12: =HISTORICOS!H4 -> 2490.075 | R12: =HISTORICOS!M4 -> 4105.5 | S12: =HISTORICOS!R4 -> 4105.5 | T12: =P12*(1+$Q$4)*(1+$R$4)*(1+$S$4)*1+($T$4) -> 6499.2741 | U12: =Q12*(1+$R$4)*(1+$S$4)*1+($T$4) -> 2753.2188 | V12: =R12*(1+$S$4)*1+($T$4) -> 4314.9429 | W12: =S12*(1+($T$4)) -> 4361.6832 | X12: =_xlfn.STDEV.S(T12:W12)/AVERAGE(T12:W12) -> 0.34322883 | Y12: =IF(X12<=15%,"Bajo",IF(X12<=20%,"Moderado",IF(X12<=25%,"Alto","Muy alto"))) -> Muy alto | Z12: =MEDIAN(T12:W12) -> 4338.313 | AA12: =GEOMEAN(T12:W12) -> 4283.8444
A13: 3 | B13: Almohadilla Recargable para sellos | G13: Unidad | H13: ='BELPAPEL (2a COTIZACION) '!J17 -> 3049 | I13: ='GRUPO LOS LAGOS SAS'!J17 -> 3986.5 | J13: ='SUMICORP LTDA'!J17 -> 7973 | K13: ='TELEAMARKETER (2a COTIZACION)'!J17 -> 11876.2 | L13: =_xlfn.STDEV.S(H13:K13)/AVERAGE(H13:K13) -> 0.60194325 | M13: =IF(L13<=15%,"Bajo",IF(L13<=20%,"Moderado",IF(L13<=25%,"Alto","Muy alto"))) -> Muy alto | N13: =MEDIAN(H13:K13) -> 5979.75 | P13: No comparable | Q13: =HISTORICOS!H5 -> 7357.77 | R13: =HISTORICOS!M5 -> 3558.1 | S13: =HISTORICOS!R5 -> 3558.1 | T13: No comparable | U13: =Q13*(1+$R$4)*(1+$S$4)*1+($T$4) -> 8135.1955 | V13: =R13*(1+$S$4)*1+($T$4) -> 3739.6255 | W13: =S13*(1+($T$4)) -> 3780.1254 | X13: =_xlfn.STDEV.S(T13:W13)/AVERAGE(T13:W13) -> 0.48409748 | Y13: =IF(X13<=15%,"Bajo",IF(X13<=20%,"Moderado",IF(X13<=25%,"Alto","Muy alto"))) -> Muy alto | Z13: =MEDIAN(T13:W13) -> 3780.1254 | AA13: =GEOMEAN(T13:W13) -> 4862.9608
A14: 4 | B14: Bandas Elásticas Ref. 22 X 25G, en caucho | G14: Caja x 25gr | H14: ='BELPAPEL (2a COTIZACION) '!J18 -> 837 | I14: ='GRUPO LOS LAGOS SAS'!J18 -> 1190 | J14: ='SUMICORP LTDA'!J18 -> 1666 | K14: ='TELEAMARKETER (2a COTIZACION)'!J18 -> 6902 | L14: =_xlfn.STDEV.S(H14:K14)/AVERAGE(H14:K14) -> 1.0781589 | M14: =IF(L14<=15%,"Bajo",IF(L14<=20%,"Moderado",IF(L14<=25%,"Alto","Muy alto"))) -> Muy alto | N14: =MEDIAN(H14:K14) -> 1428 | P14: =HISTORICOS!D5 -> 805 | Q14: =HISTORICOS!H6 -> 963.9 | R14: =HISTORICOS!M6 -> 1309 | S14: =HISTORICOS!R6 -> 1309 | T14: =P14*(1+$Q$4)*(1+$R$4)*(1+$S$4)*1+($T$4) -> 972.70889 | U14: =Q14*(1+$R$4)*(1+$S$4)*1+($T$4) -> 1065.8004 | V14: =R14*(1+$S$4)*1+($T$4) -> 1375.8214 | W14: =S14*(1+($T$4)) -> 1390.6816 | X14: =_xlfn.STDEV.S(T14:W14)/AVERAGE(T14:W14) -> 0.17785477 | Y14: =IF(X14<=15%,"Bajo",IF(X14<=20%,"Moderado",IF(X14<=25%,"Alto","Muy alto"))) -> Moderado | Z14: =MEDIAN(T14:W14) -> 1220.8109 | AA14: =GEOMEAN(T14:W14) -> 1186.7579
A15: 5 | B15: Banderitas-Mini: Señales Autoadhesivas de media pulgada por 5 colores, plás ticas, con adhesivo en la punta y en una cara de la banderita | G15: Paquete x 125 | H15: ='BELPAPEL (2a COTIZACION) '!J19 -> 1781 | I15: ='GRUPO LOS LAGOS SAS'!J19 -> 3570 | J15: ='SUMICORP LTDA'!J19 -> 4522 | K15: ='TELEAMARKETER (2a COTIZACION)'!J19 -> 17255 | L15: =_xlfn.STDEV.S(H15:K15)/AVERAGE(H15:K15) -> 1.0430338 | M15: =IF(L15<=15%,"Bajo",IF(L15<=20%,"Moderado",IF(L15<=25%,"Alto","Muy alto"))) -> Muy alto | N15: =MEDIAN(H15:K15) -> 4046 | P15: No comparable | Q15: =HISTORICOS!H7 -> 4605.3 | R15: =HISTORICOS!M7 -> 3570 | S15: =HISTORICOS!R7 -> 3570 | T15: No comparable | U15: =Q15*(1+$R$4)*(1+$S$4)*1+($T$4) -> 5091.9216 | V15: =R15*(1+$S$4)*1+($T$4) -> 3752.1324 | W15: =S15*(1+($T$4)) -> 3792.768 | X15: =_xlfn.STDEV.S(T15:W15)/AVERAGE(T15:W15) -> 0.18091607 | Y15: =IF(X15<=15%,"Bajo",IF(X15<=20%,"Moderado",IF(X15<=25%,"Alto","Muy alto"))) -> Moderado | Z15: =MEDIAN(T15:W15) -> 3792.768 | AA15: =GEOMEAN(T15:W15) -> 4169.0654
A16: 6 | B16: Bisturí 18 cm plástico con bloqueo de la cuchilla y con corta cuchilla | G16: Unidad | H16: ='BELPAPEL (2a COTIZACION) '!J20 -> 625 | I16: ='GRUPO LOS LAGOS SAS'!J20 -> 1844.5 | J16: ='SUMICORP LTDA'!J20 -> 4165 | K16: ='TELEAMARKETER (2a COTIZACION)'!J20 -> 8211 | L16: =_xlfn.STDEV.S(H16:K16)/AVERAGE(H16:K16) -> 0.8998894 | M16: =IF(L16<=15%,"Bajo",IF(L16<=20%,"Moderado",IF(L16<=25%,"Alto","Muy alto"))) -> Muy alto | N16: =MEDIAN(H16:K16) -> 3004.75 | P16: =HISTORICOS!D7 -> 1143 | Q16: =HISTORICOS!H8 -> 4158.336 | R16: =HISTORICOS!M8 -> 2378.81 | S16: =HISTORICOS!R8 -> 2378.81 | T16: =P16*(1+$Q$4)*(1+$R$4)*(1+$S$4)*1+($T$4) -> 1381.0996 | U16: =Q16*(1+$R$4)*(1+$S$4)*1+($T$4) -> 4597.7349 | V16: =R16*(1+$S$4)*1+($T$4) -> 2500.1917 | W16: =S16*(1+($T$4)) -> 2527.2477 | X16: =_xlfn.STDEV.S(T16:W16)/AVERAGE(T16:W16) -> 0.48759243 | Y16: =IF(X16<=15%,"Bajo",IF(X16<=20%,"Moderado",IF(X16<=25%,"Alto","Muy alto"))) -> Muy alto | Z16: =MEDIAN(T16:W16) -> 2513.7197 | AA16: =GEOMEAN(T16:W16) -> 2516.7931
A17: 7 | B17: Block Amarillo Cuadriculado Carta X 50 Hojas | G17: Unidad | H17: ='BELPAPEL (2a COTIZACION) '!J21 -> 4061 | I17: ='GRUPO LOS LAGOS SAS'!J21 -> 4879 | J17: ='SUMICORP LTDA'!J21 -> 7021 | K17: ='TELEAMARKETER (2a COTIZACION)'!J21 -> 8151.5 | L17: =_xlfn.STDEV.S(H17:K17)/AVERAGE(H17:K17) -> 0.31306613 | M17: =IF(L17<=15%,"Bajo",IF(L17<=20%,"Moderado",IF(L17<=25%,"Alto","Muy alto"))) -> Muy alto | N17: =MEDIAN(H17:K17) -> 5950 | P17: No comparable | Q17: =HISTORICOS!H9 -> 6211.8 | R17: =HISTORICOS!M9 -> 4641 | S17: =HISTORICOS!R9 -> 4641 | T17: No comparable | U17: =Q17*(1+$R$4)*(1+$S$4)*1+($T$4) -> 6868.1515 | V17: =R17*(1+$S$4)*1+($T$4) -> 4877.7534 | W17: =S17*(1+($T$4)) -> 4930.5984 | X17: =_xlfn.STDEV.S(T17:W17)/AVERAGE(T17:W17) -> 0.20403731 | Y17: =IF(X17<=15%,"Bajo",IF(X17<=20%,"Moderado",IF(X17<=25%,"Alto","Muy alto"))) -> Alto | Z17: =MEDIAN(T17:W17) -> 4930.5984 | AA17: =GEOMEAN(T17:W17) -> 5486.8082
A18: 8 | B18: Block Blanco Cuadriculado Carta X 50 Hojas | G18: Unidad | H18: ='BELPAPEL (2a COTIZACION) '!J22 -> 2499 | I18: ='GRUPO LOS LAGOS SAS'!J22 -> 4760 | J18: ='SUMICORP LTDA'!J22 -> 6902 | K18: ='TELEAMARKETER (2a COTIZACION)'!J22 -> 8270.5 | L18: =_xlfn.STDEV.S(H18:K18)/AVERAGE(H18:K18) -> 0.45051211 | M18: =IF(L18<=15%,"Bajo",IF(L18<=20%,"Moderado",IF(L18<=25%,"Alto","Muy alto"))) -> Muy alto | N18: =MEDIAN(H18:K18) -> 5831 | P18: No comparable | Q18: No comparable | R18: =HISTORICOS!M10 -> 4522 | S18: =HISTORICOS!R10 -> 4522 | T18: No comparable | U18: No comparable | V18: =R18*(1+$S$4)*1+($T$4) -> 4752.6844 | W18: =S18*(1+($T$4)) -> 4804.1728 | X18: =_xlfn.STDEV.S(T18:W18)/AVERAGE(T18:W18) -> 0.0076191987 | Y18: =IF(X18<=15%,"Bajo",IF(X18<=20%,"Moderado",IF(X18<=25%,"Alto","Muy alto"))) -> Bajo | Z18: =MEDIAN(T18:W18) -> 4778.4286 | AA18: =GEOMEAN(T18:W18) -> 4778.3592
A19: 9 | B19: Bolígrafo de mina negra retráctil, semi gel, punta 0.7 mm | G19: Unidad | H19: ='BELPAPEL (2a COTIZACION) '!J23 -> 619 | I19: ='GRUPO LOS LAGOS SAS'!J23 -> 1190 | J19: ='SUMICORP LTDA'!J23 -> 1190 | K19: ='TELEAMARKETER (2a COTIZACION)'!J23 -> 7104.3 | L19: =_xlfn.STDEV.S(H19:K19)/AVERAGE(H19:K19) -> 1.2131333 | M19: =IF(L19<=15%,"Bajo",IF(L19<=20%,"Moderado",IF(L19<=25%,"Alto","Muy alto"))) -> Muy alto | N19: =MEDIAN(H19:K19) -> 1190 | P19: No comparable | Q19: No comparable | R19: =HISTORICOS!M11 -> 1029.35 | S19: =HISTORICOS!R11 -> 1029.35 | T19: No comparable | U19: No comparable | V19: =R19*(1+$S$4)*1+($T$4) -> 1081.9092 | W19: =S19*(1+($T$4)) -> 1093.5814 | X19: =_xlfn.STDEV.S(T19:W19)/AVERAGE(T19:W19) -> 0.0075876994 | Y19: =IF(X19<=15%,"Bajo",IF(X19<=20%,"Moderado",IF(X19<=25%,"Alto","Muy alto"))) -> Bajo | Z19: =MEDIAN(T19:W19) -> 1087.7453 | AA19: =GEOMEAN(T19:W19) -> 1087.7297
A20: 10 | B20: Bolígrafo de mina colores surtidos retráctil, semi gel, punta 0.7 mm | G20: Unidad | H20: ='BELPAPEL (2a COTIZACION) '!J24 -> 619 | I20: ='GRUPO LOS LAGOS SAS'!J24 -> 1249.5 | J20: ='SUMICORP LTDA'!J24 -> 1309 | K20: ='TELEAMARKETER (2a COTIZACION)'!J24 -> 9341.5 | L20: =_xlfn.STDEV.S(H20:K20)/AVERAGE(H20:K20) -> 1.3269167 | M20: =IF(L20<=15%,"Bajo",IF(L20<=20%,"Moderado",IF(L20<=25%,"Alto","Muy alto"))) -> Muy alto | N20: =MEDIAN(H20:K20) -> 1279.25 | P20: No comparable | Q20: No comparable | R20: =HISTORICOS!M12 -> 1124.55 | S20: =HISTORICOS!R12 -> 1124.55 | T20: No comparable | U20: No comparable | V20: =R20*(1+$S$4)*1+($T$4) -> 1181.9644 | W20: =S20*(1+($T$4)) -> 1194.7219 | X20: =_xlfn.STDEV.S(T20:W20)/AVERAGE(T20:W20) -> 0.0075911518 | Y20: =IF(X20<=15%,"Bajo",IF(X20<=20%,"Moderado",IF(X20<=25%,"Alto","Muy alto"))) -> Bajo | Z20: =MEDIAN(T20:W20) -> 1188.3432 | AA20: =GEOMEAN(T20:W20) -> 1188.3261
A21: 11 | B21: Borrador de nata No toxico - Producción nacional | G21: Caja x 24 | H21: ='BELPAPEL (2a COTIZACION) '!J25 -> 3449 | I21: ='GRUPO LOS LAGOS SAS'!J25 -> 11900 | J21: ='SUMICORP LTDA'!J25 -> 17255 | K21: ='TELEAMARKETER (2a COTIZACION)'!J25 -> 1487.5 | L21: =_xlfn.STDEV.S(H21:K21)/AVERAGE(H21:K21) -> 0.8645857 | M21: =IF(L21<=15%,"Bajo",IF(L21<=20%,"Moderado",IF(L21<=25%,"Alto","Muy alto"))) -> Muy alto | N21: =MEDIAN(H21:K21) -> 7674.5 | P21: No comparable | Q21: No comparable | R21: =HISTORICOS!M13 -> 9996 | S21: =HISTORICOS!R13 -> 9996 | T21: No comparable | U21: No comparable | V21: =R21*(1+$S$4)*1+($T$4) -> 10505.858 | W21: =S21*(1+($T$4)) -> 10619.75 | X21: =_xlfn.STDEV.S(T21:W21)/AVERAGE(T21:W21) -> 0.0076242826 | Y21: =IF(X21<=15%,"Bajo",IF(X21<=20%,"Moderado",IF(X21<=25%,"Alto","Muy alto"))) -> Bajo | Z21: =MEDIAN(T21:W21) -> 10562.804 | AA21: =GEOMEAN(T21:W21) -> 10562.651
A22: 12 | B22: Borrador para tablero acrílico, elaborado con felpa sintética, fieltro o paño chalet. La base debe ser en madera o plástico | G22: Unidad | H22: ='BELPAPEL (2a COTIZACION) '!J26 -> 1406 | I22: ='GRUPO LOS LAGOS SAS'!J26 -> 2368.1 | J22: ='SUMICORP LTDA'!J26 -> 3094 | K22: ='TELEAMARKETER (2a COTIZACION)'!J26 -> 8151.5 | L22: =_xlfn.STDEV.S(H22:K22)/AVERAGE(H22:K22) -> 0.80201912 | M22: =IF(L22<=15%,"Bajo",IF(L22<=20%,"Moderado",IF(L22<=25%,"Alto","Muy alto"))) -> Muy alto | N22: =MEDIAN(H22:K22) -> 2731.05 | P22: =HISTORICOS!D11 -> 1876 | Q22: =HISTORICOS!H13 -> 1904 | R22: =HISTORICOS!M14 -> 2142 | S22: =HISTORICOS!R14 -> 2142 | T22: =P22*(1+$Q$4)*(1+$R$4)*(1+$S$4)*1+($T$4) -> 2266.7516 | U22: =Q22*(1+$R$4)*(1+$S$4)*1+($T$4) -> 2105.2238 | V22: =R22*(1+$S$4)*1+($T$4) -> 2251.3044 | W22: =S22*(1+($T$4)) -> 2275.6608 | X22: =_xlfn.STDEV.S(T22:W22)/AVERAGE(T22:W22) -> 0.036097375 | Y22: =IF(X22<=15%,"Bajo",IF(X22<=20%,"Moderado",IF(X22<=25%,"Alto","Muy alto"))) -> Bajo | Z22: =MEDIAN(T22:W22) -> 2259.028 | AA22: =GEOMEAN(T22:W22) -> 2223.6221
A23: 13 | B23: Caja de Chinches | G23: Caja x 50 | H23: ='BELPAPEL (2a COTIZACION) '!J27 -> 1093 | I23: ='GRUPO LOS LAGOS SAS'!J27 -> 1785 | J23: ='SUMICORP LTDA'!J27 -> 3808 | K23: ='TELEAMARKETER (2a COTIZACION)'!J27 -> 5712 | L23: =_xlfn.STDEV.S(H23:K23)/AVERAGE(H23:K23) -> 0.67370466 | M23: =IF(L23<=15%,"Bajo",IF(L23<=20%,"Moderado",IF(L23<=25%,"Alto","Muy alto"))) -> Muy alto | N23: =MEDIAN(H23:K23) -> 2796.5 | P23: =HISTORICOS!D12 -> 1788 | Q23: =HISTORICOS!H14 -> 1370.88 | R23: =HISTORICOS!M15 -> 1547 | S23: =HISTORICOS!R15 -> 1547 | T23: =P23*(1+$Q$4)*(1+$R$4)*(1+$S$4)*1+($T$4) -> 2160.425 | U23: =Q23*(1+$R$4)*(1+$S$4)*1+($T$4) -> 1515.7786 | V23: =R23*(1+$S$4)*1+($T$4) -> 1625.9594 | W23: =S23*(1+($T$4)) -> 1643.5328 | X23: =_xlfn.STDEV.S(T23:W23)/AVERAGE(T23:W23) -> 0.1660115 | Y23: =IF(X23<=15%,"Bajo",IF(X23<=20%,"Moderado",IF(X23<=25%,"Alto","Muy alto"))) -> Moderado | Z23: =MEDIAN(T23:W23) -> 1634.7461 | AA23: =GEOMEAN(T23:W23) -> 1719.9498
A24: 14 | B24: Cargador Pilas AA Para 4 pilas | G24: Unidad | H24: ='BELPAPEL (2a COTIZACION) '!J28 -> 52323 | I24: ='GRUPO LOS LAGOS SAS'!J28 -> 47588.1 | J24: ='SUMICORP LTDA'!J28 -> 71162 | K24: ='TELEAMARKETER (2a COTIZACION)'!J28 -> 19992 | L24: =_xlfn.STDEV.S(H24:K24)/AVERAGE(H24:K24) -> 0.44238462 | M24: =IF(L24<=15%,"Bajo",IF(L24<=20%,"Moderado",IF(L24<=25%,"Alto","Muy alto"))) -> Muy alto | N24: =MEDIAN(H24:K24) -> 49955.55 | P24: =HISTORICOS!D15 -> 41770 | Q24: =HISTORICOS!H16 -> 17136 | R24: =HISTORICOS!M16 -> 30940 | S24: =HISTORICOS!R16 -> 30940 | T24: =P24*(1+$Q$4)*(1+$R$4)*(1+$S$4)*1+($T$4) -> 50468.937 | U24: =Q24*(1+$R$4)*(1+$S$4)*1+($T$4) -> 18946.515 | V24: =R24*(1+$S$4)*1+($T$4) -> 32518.002 | W24: =S24*(1+($T$4)) -> 32870.656 | X24: =_xlfn.STDEV.S(T24:W24)/AVERAGE(T24:W24) -> 0.38343551 | Y24: =IF(X24<=15%,"Bajo",IF(X24<=20%,"Moderado",IF(X24<=25%,"Alto","Muy alto"))) -> Muy alto | Z24: =MEDIAN(T24:W24) -> 32694.329 | AA24: =GEOMEAN(T24:W24) -> 31795.923
A25: 15 | B25: Cargador Pilas AAA Para 4 pilas | G25: Unidad | H25: ='BELPAPEL (2a COTIZACION) '!J29 -> 52323 | I25: ='GRUPO LOS LAGOS SAS'!J29 -> 47588.1 | J25: ='SUMICORP LTDA'!J29 -> 71162 | K25: ='TELEAMARKETER (2a COTIZACION)'!J29 -> 23621.5 | L25: =_xlfn.STDEV.S(H25:K25)/AVERAGE(H25:K25) -> 0.40186916 | M25: =IF(L25<=15%,"Bajo",IF(L25<=20%,"Moderado",IF(L25<=25%,"Alto","Muy alto"))) -> Muy alto | N25: =MEDIAN(H25:K25) -> 49955.55 | P25: =HISTORICOS!D16 -> 41770 | Q25: =HISTORICOS!H17 -> 16065 | R25: =HISTORICOS!M17 -> 30940 | S25: =HISTORICOS!R17 -> 30940 | T25: =P25*(1+$Q$4)*(1+$R$4)*(1+$S$4)*1+($T$4) -> 50468.937 | U25: =Q25*(1+$R$4)*(1+$S$4)*1+($T$4) -> 17762.362 | V25: =R25*(1+$S$4)*1+($T$4) -> 32518.002 | W25: =S25*(1+($T$4)) -> 32870.656 | X25: =_xlfn.STDEV.S(T25:W25)/AVERAGE(T25:W25) -> 0.40049018 | Y25: =IF(X25<=15%,"Bajo",IF(X25<=20%,"Moderado",IF(X25<=25%,"Alto","Muy alto"))) -> Muy alto | Z25: =MEDIAN(T25:W25) -> 32694.329 | AA25: =GEOMEAN(T25:W25) -> 31287.025
A26: 16 | B26: Carpetas tres argollas blancas de 1", en cartón microcorrugado y vinilo de alta calidad. | G26: Unidad | H26: ='BELPAPEL (2a COTIZACION) '!J30 -> 6972 | I26: ='GRUPO LOS LAGOS SAS'!J30 -> 8330 | J26: ='SUMICORP LTDA'!J30 -> 13566 | K26: ='TELEAMARKETER (2a COTIZACION)'!J30 -> 15351 | L26: =_xlfn.STDEV.S(H26:K26)/AVERAGE(H26:K26) -> 0.36505219 | M26: =IF(L26<=15%,"Bajo",IF(L26<=20%,"Moderado",IF(L26<=25%,"Alto","Muy alto"))) -> Muy alto | N26: =MEDIAN(H26:K26) -> 10948 | P26: =HISTORICOS!D18 -> 8413 | Q26: =HISTORICOS!H19 -> 7463.68 | R26: =HISTORICOS!M18 -> 7140 | S26: =HISTORICOS!R18 -> 7140 | T26: =P26*(1+$Q$4)*(1+$R$4)*(1+$S$4)*1+($T$4) -> 10165.124 | U26: =Q26*(1+$R$4)*(1+$S$4)*1+($T$4) -> 8252.2951 | V26: =R26*(1+$S$4)*1+($T$4) -> 7504.2024 | W26: =S26*(1+($T$4)) -> 7585.536 | X26: =_xlfn.STDEV.S(T26:W26)/AVERAGE(T26:W26) -> 0.14784072 | Y26: =IF(X26<=15%,"Bajo",IF(X26<=20%,"Moderado",IF(X26<=25%,"Alto","Muy alto"))) -> Bajo | Z26: =MEDIAN(T26:W26) -> 7918.9156 | AA26: =GEOMEAN(T26:W26) -> 8312.747
A27: 17 | B27: Carpetas tres argollas blancas de 1/2", en cartón microcorrugado y vinilo de alta calidad. | G27: Unidad | H27: ='BELPAPEL (2a COTIZACION) '!J31 -> 8459 | I27: ='GRUPO LOS LAGOS SAS'!J31 -> 8211 | J27: ='SUMICORP LTDA'!J31 -> 12495 | K27: ='TELEAMARKETER (2a COTIZACION)'!J31 -> 19040 | L27: =_xlfn.STDEV.S(H27:K27)/AVERAGE(H27:K27) -> 0.41954677 | M27: =IF(L27<=15%,"Bajo",IF(L27<=20%,"Moderado",IF(L27<=25%,"Alto","Muy alto"))) -> Muy alto | N27: =MEDIAN(H27:K27) -> 10477 | P27: =HISTORICOS!D19 -> 6967 | Q27: =HISTORICOS!H20 -> 7311.36 | R27: =HISTORICOS!M19 -> 6545 | S27: =HISTORICOS!R19 -> 6545 | T27: =P27*(1+$Q$4)*(1+$R$4)*(1+$S$4)*1+($T$4) -> 8417.9855 | U27: =Q27*(1+$R$4)*(1+$S$4)*1+($T$4) -> 8083.8822 | V27: =R27*(1+$S$4)*1+($T$4) -> 6878.8574 | W27: =S27*(1+($T$4)) -> 6953.408 | X27: =_xlfn.STDEV.S(T27:W27)/AVERAGE(T27:W27) -> 0.10327861 | Y27: =IF(X27<=15%,"Bajo",IF(X27<=20%,"Moderado",IF(X27<=25%,"Alto","Muy alto"))) -> Bajo | Z27: =MEDIAN(T27:W27) -> 7518.6451 | AA27: =GEOMEAN(T27:W27) -> 7553.2793
A28: 18 | B28: Carpetas tres argollas blancas de 2", en cartón microcorrugado y vinilo de alta calidad. | G28: Unidad | H28: ='BELPAPEL (2a COTIZACION) '!J32 -> 9221 | I28: ='GRUPO LOS LAGOS SAS'!J32 -> 10710 | J28: ='SUMICORP LTDA'!J32 -> 17731 | K28: ='TELEAMARKETER (2a COTIZACION)'!J32 -> 23205 | L28: =_xlfn.STDEV.S(H28:K28)/AVERAGE(H28:K28) -> 0.42655955 | M28: =IF(L28<=15%,"Bajo",IF(L28<=20%,"Moderado",IF(L28<=25%,"Alto","Muy alto"))) -> Muy alto | N28: =MEDIAN(H28:K28) -> 14220.5 | P28: =HISTORICOS!D20 -> 10836 | Q28: =HISTORICOS!H21 -> 8846.46 | R28: =HISTORICOS!M20 -> 8330 | S28: =HISTORICOS!R20 -> 8330 | T28: =P28*(1+$Q$4)*(1+$R$4)*(1+$S$4)*1+($T$4) -> 13092.73 | U28: =Q28*(1+$R$4)*(1+$S$4)*1+($T$4) -> 9781.1686 | V28: =R28*(1+$S$4)*1+($T$4) -> 8754.8924 | W28: =S28*(1+($T$4)) -> 8849.792 | X28: =_xlfn.STDEV.S(T28:W28)/AVERAGE(T28:W28) -> 0.20113609 | Y28: =IF(X28<=15%,"Bajo",IF(X28<=20%,"Moderado",IF(X28<=25%,"Alto","Muy alto"))) -> Alto | Z28: =MEDIAN(T28:W28) -> 9315.4803 | AA28: =GEOMEAN(T28:W28) -> 9980.4749
A29: 19 | B29: Carpetas tres argollas blancas de 3", en cartón microcorrugado y vinilo de alta calidad. | G29: Unidad | H29: ='BELPAPEL (2a COTIZACION) '!J33 -> 13432 | I29: ='GRUPO LOS LAGOS SAS'!J33 -> 14280 | J29: ='SUMICORP LTDA'!J33 -> 18326 | K29: ='TELEAMARKETER (2a COTIZACION)'!J33 -> 26775 | L29: =_xlfn.STDEV.S(H29:K29)/AVERAGE(H29:K29) -> 0.33513003 | M29: =IF(L29<=15%,"Bajo",IF(L29<=20%,"Moderado",IF(L29<=25%,"Alto","Muy alto"))) -> Muy alto | N29: =MEDIAN(H29:K29) -> 16303 | P29: =HISTORICOS!D21 -> 13068 | Q29: =HISTORICOS!H22 -> 7411.32 | R29: =HISTORICOS!M21 -> 13090 | S29: =HISTORICOS!R21 -> 13090 | T29: =P29*(1+$Q$4)*(1+$R$4)*(1+$S$4)*1+($T$4) -> 15789.558 | U29: =Q29*(1+$R$4)*(1+$S$4)*1+($T$4) -> 8194.4032 | V29: =R29*(1+$S$4)*1+($T$4) -> 13757.652 | W29: =S29*(1+($T$4)) -> 13906.816 | X29: =_xlfn.STDEV.S(T29:W29)/AVERAGE(T29:W29) -> 0.25388993 | Y29: =IF(X29<=15%,"Bajo",IF(X29<=20%,"Moderado",IF(X29<=25%,"Alto","Muy alto"))) -> Muy alto | Z29: =MEDIAN(T29:W29) -> 13832.234 | AA29: =GEOMEAN(T29:W29) -> 12543.387
A30: 20 | B30: CARTUCHO DE TÓNER HP 81A NEGRO LASERJER - ORIGINAL | G30: Unidad | H30: ='BELPAPEL (2a COTIZACION) '!J34 -> 1445453 | I30: ='GRUPO LOS LAGOS SAS'!J34 -> 858581.43 | J30: ='SUMICORP LTDA'!J34 -> 1606500 | K30: ='TELEAMARKETER (2a COTIZACION)'!J34 -> 1303050 | L30: =_xlfn.STDEV.S(H30:K30)/AVERAGE(H30:K30) -> 0.24659394 | M30: =IF(L30<=15%,"Bajo",IF(L30<=20%,"Moderado",IF(L30<=25%,"Alto","Muy alto"))) -> Alto | N30: =MEDIAN(H30:K30) -> 1374251.5 | P30: =HISTORICOS!D22 -> 148812 | Q30: =HISTORICOS!H23 -> 497420 | R30: =HISTORICOS!M22 -> 737681 | S30: =HISTORICOS!R22 -> 737681 | T30: =P30*(1+$Q$4)*(1+$R$4)*(1+$S$4)*1+($T$4) -> 179803.13 | U30: =Q30*(1+$R$4)*(1+$S$4)*1+($T$4) -> 549973.48 | V30: =R30*(1+$S$4)*1+($T$4) -> 775302.79 | W30: =S30*(1+($T$4)) -> 783712.29 | X30: =_xlfn.STDEV.S(T30:W30)/AVERAGE(T30:W30) -> 0.49478016 | Y30: =IF(X30<=15%,"Bajo",IF(X30<=20%,"Moderado",IF(X30<=25%,"Alto","Muy alto"))) -> Muy alto | Z30: =MEDIAN(T30:W30) -> 662638.14 | AA30: =GEOMEAN(T30:W30) -> 495098.66
A31: 21 | B31: Cartulina Opalina Tamaño Carta 180 g x 50 | G31: Unidad | H31: ='BELPAPEL (2a COTIZACION) '!J35 -> 11246 | I31: ='GRUPO LOS LAGOS SAS'!J35 -> 30345 | J31: ='SUMICORP LTDA'!J35 -> 34510 | K31: ='TELEAMARKETER (2a COTIZACION)'!J35 -> 25585 | L31: =_xlfn.STDEV.S(H31:K31)/AVERAGE(H31:K31) -> 0.39845734 | M31: =IF(L31<=15%,"Bajo",IF(L31<=20%,"Moderado",IF(L31<=25%,"Alto","Muy alto"))) -> Muy alto | N31: =MEDIAN(H31:K31) -> 27965 | P31: No comparable | Q31: No comparable | R31: No comparable | S31: No comparable | T31: No comparable | U31: No comparable | V31: No comparable | W31: No comparable | X31: No comparable | Y31: No comparable | Z31: No comparable | AA31: No comparable
A32: 22 | B32: Cartulina Blanca - Octavo | G32: Paquete X 100 | H32: ='BELPAPEL (2a COTIZACION) '!J36 -> 12089 | I32: ='GRUPO LOS LAGOS SAS'!J36 -> 21420 | J32: ='SUMICORP LTDA'!J36 -> 26180 | K32: ='TELEAMARKETER (2a COTIZACION)'!J36 -> 2975 | L32: =_xlfn.STDEV.S(H32:K32)/AVERAGE(H32:K32) -> 0.65668841 | M32: =IF(L32<=15%,"Bajo",IF(L32<=20%,"Moderado",IF(L32<=25%,"Alto","Muy alto"))) -> Muy alto | N32: =MEDIAN(H32:K32) -> 16754.5 | P32: =HISTORICOS!D23 -> 12606 | Q32: =HISTORICOS!H24 -> 24371.2 | R32: =HISTORICOS!M23 -> 14280 | S32: =HISTORICOS!R23 -> 14280 | T32: =P32*(1+$Q$4)*(1+$R$4)*(1+$S$4)*1+($T$4) -> 15231.344 | U32: =Q32*(1+$R$4)*(1+$S$4)*1+($T$4) -> 26946.128 | V32: =R32*(1+$S$4)*1+($T$4) -> 15008.342 | W32: =S32*(1+($T$4)) -> 15171.072 | X32: =_xlfn.STDEV.S(T32:W32)/AVERAGE(T32:W32) -> 0.32645715 | Y32: =IF(X32<=15%,"Bajo",IF(X32<=20%,"Moderado",IF(X32<=25%,"Alto","Muy alto"))) -> Muy alto | Z32: =MEDIAN(T32:W32) -> 15201.208 | AA32: =GEOMEAN(T32:W32) -> 17484.205
A33: 23 | B33: Cartulina Colores Surtidos - Octavo | G33: Paquete X 100 | H33: ='BELPAPEL (2a COTIZACION) '!J37 -> 12089 | I33: ='GRUPO LOS LAGOS SAS'!J37 -> 21420 | J33: ='SUMICORP LTDA'!J37 -> 26180 | K33: ='TELEAMARKETER (2a COTIZACION)'!J37 -> 5355 | L33: =_xlfn.STDEV.S(H33:K33)/AVERAGE(H33:K33) -> 0.57398683 | M33: =IF(L33<=15%,"Bajo",IF(L33<=20%,"Moderado",IF(L33<=25%,"Alto","Muy alto"))) -> Muy alto | N33: =MEDIAN(H33:K33) -> 16754.5 | P33: No comparable | Q33: =HISTORICOS!H25 -> 24371.2 | R33: =HISTORICOS!M24 -> 18504.5 | S33: =HISTORICOS!R24 -> 18504.5 | T33: No comparable | U33: =Q33*(1+$R$4)*(1+$S$4)*1+($T$4) -> 26946.128 | V33: =R33*(1+$S$4)*1+($T$4) -> 19448.292 | W33: =S33*(1+($T$4)) -> 19659.181 | X33: =_xlfn.STDEV.S(T33:W33)/AVERAGE(T33:W33) -> 0.1939017 | Y33: =IF(X33<=15%,"Bajo",IF(X33<=20%,"Moderado",IF(X33<=25%,"Alto","Muy alto"))) -> Moderado | Z33: =MEDIAN(T33:W33) -> 19659.181 | AA33: =GEOMEAN(T33:W33) -> 21759.442
A34: 24 | B34: CARTUCHO DE CINTA - EPSON LX-350/LX-300+II/LX-300+ (ORIGINAL) | G34: Unidad | H34: ='BELPAPEL (2a COTIZACION) '!J38 -> 97461 | I34: ='GRUPO LOS LAGOS SAS'!J38 -> 47588.1 | J34: ='SUMICORP LTDA'!J38 -> 80920 | K34: ='TELEAMARKETER (2a COTIZACION)'!J38 -> 53550 | L34: =_xlfn.STDEV.S(H34:K34)/AVERAGE(H34:K34) -> 0.33521849 | M34: =IF(L34<=15%,"Bajo",IF(L34<=20%,"Moderado",IF(L34<=25%,"Alto","Muy alto"))) -> Muy alto | N34: =MEDIAN(H34:K34) -> 67235 | P34: No comparable | Q34: =HISTORICOS!H26 -> 37318.4 | R34: =HISTORICOS!M25 -> 11888.1 | S34: =HISTORICOS!R25 -> 11888.1 | T34: No comparable | U34: =Q34*(1+$R$4)*(1+$S$4)*1+($T$4) -> 41261.226 | V34: =R34*(1+$S$4)*1+($T$4) -> 12494.456 | W34: =S34*(1+($T$4)) -> 12629.917 | X34: =_xlfn.STDEV.S(T34:W34)/AVERAGE(T34:W34) -> 0.74878604 | Y34: =IF(X34<=15%,"Bajo",IF(X34<=20%,"Moderado",IF(X34<=25%,"Alto","Muy alto"))) -> Muy alto | Z34: =MEDIAN(T34:W34) -> 12629.917 | AA34: =GEOMEAN(T34:W34) -> 18673.253
A35: 25 | B35: Cd-R x 100, 700mb/80min, mínimo de velocidad de grabado 4x | G35: Paquete x 100 | H35: ='BELPAPEL (2a COTIZACION) '!J39 -> 93713 | I35: ='GRUPO LOS LAGOS SAS'!J39 -> 117810 | J35: ='SUMICORP LTDA'!J39 -> 172550 | K35: ='TELEAMARKETER (2a COTIZACION)'!J39 -> 184450 | L35: =_xlfn.STDEV.S(H35:K35)/AVERAGE(H35:K35) -> 0.30538904 | M35: =IF(L35<=15%,"Bajo",IF(L35<=20%,"Moderado",IF(L35<=25%,"Alto","Muy alto"))) -> Muy alto | N35: =MEDIAN(H35:K35) -> 145180 | P35: =HISTORICOS!D24 -> 86274 | Q35: =HISTORICOS!H27 -> 60928 | R35: =HISTORICOS!M26 -> 82110 | S35: =HISTORICOS!R26 -> 82110 | T35: =P35*(1+$Q$4)*(1+$R$4)*(1+$S$4)*1+($T$4) -> 104241.18 | U35: =Q35*(1+$R$4)*(1+$S$4)*1+($T$4) -> 67365.227 | V35: =R35*(1+$S$4)*1+($T$4) -> 86297.672 | W35: =S35*(1+($T$4)) -> 87233.664 | X35: =_xlfn.STDEV.S(T35:W35)/AVERAGE(T35:W35) -> 0.17465077 | Y35: =IF(X35<=15%,"Bajo",IF(X35<=20%,"Moderado",IF(X35<=25%,"Alto","Muy alto"))) -> Moderado | Z35: =MEDIAN(T35:W35) -> 86765.668 | AA35: =GEOMEAN(T35:W35) -> 85268.688
A36: 26 | B36: Cd-Rw x 25, 700mb/80min, mínimo de velocidad de grabado4x | G36: Paquete x 25 | H36: ='BELPAPEL (2a COTIZACION) '!J40 -> 57477 | I36: ='GRUPO LOS LAGOS SAS'!J40 -> 83181 | J36: ='SUMICORP LTDA'!J40 -> 117810 | K36: ='TELEAMARKETER (2a COTIZACION)'!J40 -> 107100 | L36: =_xlfn.STDEV.S(H36:K36)/AVERAGE(H36:K36) -> 0.29375762 | M36: =IF(L36<=15%,"Bajo",IF(L36<=20%,"Moderado",IF(L36<=25%,"Alto","Muy alto"))) -> Muy alto | N36: =MEDIAN(H36:K36) -> 95140.5 | P36: =HISTORICOS!D25 -> 51402 | Q36: =HISTORICOS!H28 -> 47600 | R36: =HISTORICOS!M27 -> 49980 | S36: =HISTORICOS!R27 -> 49980 | T36: =P36*(1+$Q$4)*(1+$R$4)*(1+$S$4)*1+($T$4) -> 62106.863 | U36: =Q36*(1+$R$4)*(1+$S$4)*1+($T$4) -> 52629.098 | V36: =R36*(1+$S$4)*1+($T$4) -> 52529.042 | W36: =S36*(1+($T$4)) -> 53098.752 | X36: =_xlfn.STDEV.S(T36:W36)/AVERAGE(T36:W36) -> 0.085020739 | Y36: =IF(X36<=15%,"Bajo",IF(X36<=20%,"Moderado",IF(X36<=25%,"Alto","Muy alto"))) -> Bajo | Z36: =MEDIAN(T36:W36) -> 52863.925 | AA36: =GEOMEAN(T36:W36) -> 54949.321
A37: 27 | B37: Cera para contar - Cera dactilar cuenta fácil de 14 grs a 20 grs., pasta incolora a b ase de glicerina, envase de polipropileno de fácil sellado con tapa. | G37: Unidad | H37: ='BELPAPEL (2a COTIZACION) '!J41 -> 1643 | I37: ='GRUPO LOS LAGOS SAS'!J41 -> 3451 | J37: ='SUMICORP LTDA'!J41 -> 3451 | K37: ='TELEAMARKETER (2a COTIZACION)'!J41 -> 12268.9 | L37: =_xlfn.STDEV.S(H37:K37)/AVERAGE(H37:K37) -> 0.91991827 | M37: =IF(L37<=15%,"Bajo",IF(L37<=20%,"Moderado",IF(L37<=25%,"Alto","Muy alto"))) -> Muy alto | N37: =MEDIAN(H37:K37) -> 3451 | P37: =HISTORICOS!D26 -> 2976 | Q37: =HISTORICOS!H29 -> 2741.76 | R37: =HISTORICOS!M28 -> 2380 | S37: =HISTORICOS!R28 -> 2380 | T37: =P37*(1+$Q$4)*(1+$R$4)*(1+$S$4)*1+($T$4) -> 3595.8338 | U37: =Q37*(1+$R$4)*(1+$S$4)*1+($T$4) -> 3031.4948 | V37: =R37*(1+$S$4)*1+($T$4) -> 2501.4424 | W37: =S37*(1+($T$4)) -> 2528.512 | X37: =_xlfn.STDEV.S(T37:W37)/AVERAGE(T37:W37) -> 0.17691685 | Y37: =IF(X37<=15%,"Bajo",IF(X37<=20%,"Moderado",IF(X37<=25%,"Alto","Muy alto"))) -> Moderado | Z37: =MEDIAN(T37:W37) -> 2780.0034 | AA37: =GEOMEAN(T37:W37) -> 2881.5621
A38: 28 | B38: Cinta Invisible Mágica 19 mm x 33 m | G38: Unidad | H38: ='BELPAPEL (2a COTIZACION) '!J42 -> 10671 | I38: ='GRUPO LOS LAGOS SAS'!J42 -> 4284 | J38: ='SUMICORP LTDA'!J42 -> 14875 | K38: ='TELEAMARKETER (2a COTIZACION)'!J42 -> 15470 | L38: =_xlfn.STDEV.S(H38:K38)/AVERAGE(H38:K38) -> 0.45537273 | M38: =IF(L38<=15%,"Bajo",IF(L38<=20%,"Moderado",IF(L38<=25%,"Alto","Muy alto"))) -> Muy alto | N38: =MEDIAN(H38:K38) -> 12773 | P38: No comparable | Q38: No comparable | R38: No comparable | S38: No comparable | T38: No comparable | U38: No comparable | V38: No comparable | W38: No comparable | X38: No comparable | Y38: No comparable | Z38: No comparable | AA38: No comparable
A39: 29 | B39: Cinta Adhesiva de Empaque de polipropileno de 48mm*50 mts | G39: Unidad - Rollo | H39: ='BELPAPEL (2a COTIZACION) '!J43 -> 2287 | I39: ='GRUPO LOS LAGOS SAS'!J43 -> 2499 | J39: ='SUMICORP LTDA'!J43 -> 6545 | K39: ='TELEAMARKETER (2a COTIZACION)'!J43 -> 6545 | L39: =_xlfn.STDEV.S(H39:K39)/AVERAGE(H39:K39) -> 0.53674652 | M39: =IF(L39<=15%,"Bajo",IF(L39<=20%,"Moderado",IF(L39<=25%,"Alto","Muy alto"))) -> Muy alto | N39: =MEDIAN(H39:K39) -> 4522 | P39: =HISTORICOS!D27 -> 3129 | Q39: =HISTORICOS!H30 -> 2665.6 | R39: =HISTORICOS!M29 -> 3558.1 | S39: =HISTORICOS!R29 -> 3558.1 | T39: =P39*(1+$Q$4)*(1+$R$4)*(1+$S$4)*1+($T$4) -> 3780.697 | U39: =Q39*(1+$R$4)*(1+$S$4)*1+($T$4) -> 2947.2884 | V39: =R39*(1+$S$4)*1+($T$4) -> 3739.6255 | W39: =S39*(1+($T$4)) -> 3780.1254 | X39: =_xlfn.STDEV.S(T39:W39)/AVERAGE(T39:W39) -> 0.11516628 | Y39: =IF(X39<=15%,"Bajo",IF(X39<=20%,"Moderado",IF(X39<=25%,"Alto","Muy alto"))) -> Bajo | Z39: =MEDIAN(T39:W39) -> 3759.8755 | AA39: =GEOMEAN(T39:W39) -> 3542.6823
A40: 30 | B40: Cinta Adhesiva para Enmascarar 12 mm, x 40 mts | G40: Unidad - Rollo | H40: ='BELPAPEL (2a COTIZACION) '!J44 -> 1562 | I40: ='GRUPO LOS LAGOS SAS'!J44 -> 3558.1 | J40: ='SUMICORP LTDA'!J44 -> 5831 | K40: ='TELEAMARKETER (2a COTIZACION)'!J44 -> 9282 | L40: =_xlfn.STDEV.S(H40:K40)/AVERAGE(H40:K40) -> 0.65480238 | M40: =IF(L40<=15%,"Bajo",IF(L40<=20%,"Moderado",IF(L40<=25%,"Alto","Muy alto"))) -> Muy alto | N40: =MEDIAN(H40:K40) -> 4694.55 | P40: =HISTORICOS!D28 -> 2695 | Q40: =HISTORICOS!H31 -> 3105.9 | R40: =HISTORICOS!M30 -> 2975 | S40: =HISTORICOS!R30 -> 2975 | T40: =P40*(1+$Q$4)*(1+$R$4)*(1+$S$4)*1+($T$4) -> 3256.3137 | U40: =Q40*(1+$R$4)*(1+$S$4)*1+($T$4) -> 3434.1069 | V40: =R40*(1+$S$4)*1+($T$4) -> 3126.7874 | W40: =S40*(1+($T$4)) -> 3160.64 | X40: =_xlfn.STDEV.S(T40:W40)/AVERAGE(T40:W40) -> 0.042477065 | Y40: =IF(X40<=15%,"Bajo",IF(X40<=20%,"Moderado",IF(X40<=25%,"Alto","Muy alto"))) -> Bajo | Z40: =MEDIAN(T40:W40) -> 3208.4768 | AA40: =GEOMEAN(T40:W40) -> 3242.3012
A41: 31 | B41: Cinta Adhesiva para Enmascarar 48 mm, x 40 mts | G41: Unidad - Rollo | H41: ='BELPAPEL (2a COTIZACION) '!J45 -> 7297 | I41: ='GRUPO LOS LAGOS SAS'!J45 -> 8449 | J41: ='SUMICORP LTDA'!J45 -> 11424 | K41: ='TELEAMARKETER (2a COTIZACION)'!J45 -> 11662 | L41: =_xlfn.STDEV.S(H41:K41)/AVERAGE(H41:K41) -> 0.2237964 | M41: =IF(L41<=15%,"Bajo",IF(L41<=20%,"Moderado",IF(L41<=25%,"Alto","Muy alto"))) -> Alto | N41: =MEDIAN(H41:K41) -> 9936.5 | P41: =HISTORICOS!D29 -> 7788 | Q41: =HISTORICOS!H32 -> 6361.74 | R41: =HISTORICOS!M31 -> 8687 | S41: =HISTORICOS!R31 -> 8687 | T41: =P41*(1+$Q$4)*(1+$R$4)*(1+$S$4)*1+($T$4) -> 9409.9641 | U41: =Q41*(1+$R$4)*(1+$S$4)*1+($T$4) -> 7033.933 | V41: =R41*(1+$S$4)*1+($T$4) -> 9130.0994 | W41: =S41*(1+($T$4)) -> 9229.0688 | X41: =_xlfn.STDEV.S(T41:W41)/AVERAGE(T41:W41) -> 0.12840793 | Y41: =IF(X41<=15%,"Bajo",IF(X41<=20%,"Moderado",IF(X41<=25%,"Alto","Muy alto"))) -> Bajo | Z41: =MEDIAN(T41:W41) -> 9179.5841 | AA41: =GEOMEAN(T41:W41) -> 8641.8136
A42: 32 | B42: Cinta Adhesiva transparente de polipropileno de 12mm*40 mts | G42: Unidad - Rollo | H42: ='BELPAPEL (2a COTIZACION) '!J46 -> 750 | I42: ='GRUPO LOS LAGOS SAS'!J46 -> 1785 | J42: ='SUMICORP LTDA'!J46 -> 2618 | K42: ='TELEAMARKETER (2a COTIZACION)'!J46 -> 3153.5 | L42: =_xlfn.STDEV.S(H42:K42)/AVERAGE(H42:K42) -> 0.50488045 | M42: =IF(L42<=15%,"Bajo",IF(L42<=20%,"Moderado",IF(L42<=25%,"Alto","Muy alto"))) -> Muy alto | N42: =MEDIAN(H42:K42) -> 2201.5 | P42: =HISTORICOS!D30 -> 1027 | Q42: =HISTORICOS!H33 -> 1523.2 | R42: =HISTORICOS!M32 -> 1309 | S42: =HISTORICOS!R32 -> 1309 | T42: =P42*(1+$Q$4)*(1+$R$4)*(1+$S$4)*1+($T$4) -> 1240.9418 | U42: =Q42*(1+$R$4)*(1+$S$4)*1+($T$4) -> 1684.1915 | V42: =R42*(1+$S$4)*1+($T$4) -> 1375.8214 | W42: =S42*(1+($T$4)) -> 1390.6816 | X42: =_xlfn.STDEV.S(T42:W42)/AVERAGE(T42:W42) -> 0.13125134 | Y42: =IF(X42<=15%,"Bajo",IF(X42<=20%,"Moderado",IF(X42<=25%,"Alto","Muy alto"))) -> Bajo | Z42: =MEDIAN(T42:W42) -> 1383.2515 | AA42: =GEOMEAN(T42:W42) -> 1414.1099
A43: 33 | B43: Cinta Doble Faz Interiores 18mm x 5mt | G43: Unidad - Rollo | H43: ='BELPAPEL (2a COTIZACION) '!J47 -> 2305 | I43: ='GRUPO LOS LAGOS SAS'!J47 -> 9389.1 | J43: ='SUMICORP LTDA'!J47 -> 36295 | K43: ='TELEAMARKETER (2a COTIZACION)'!J47 -> 35700 | L43: =_xlfn.STDEV.S(H43:K43)/AVERAGE(H43:K43) -> 0.84348629 | M43: =IF(L43<=15%,"Bajo",IF(L43<=20%,"Moderado",IF(L43<=25%,"Alto","Muy alto"))) -> Muy alto | N43: =MEDIAN(H43:K43) -> 22544.55 | P43: =HISTORICOS!D31 -> 10763 | Q43: =HISTORICOS!H34 -> 6854.4 | R43: =HISTORICOS!M33 -> 11662 | S43: =HISTORICOS!R33 -> 11662 | T43: =P43*(1+$Q$4)*(1+$R$4)*(1+$S$4)*1+($T$4) -> 13004.527 | U43: =Q43*(1+$R$4)*(1+$S$4)*1+($T$4) -> 7578.6435 | V43: =R43*(1+$S$4)*1+($T$4) -> 12256.824 | W43: =S43*(1+($T$4)) -> 12389.709 | X43: =_xlfn.STDEV.S(T43:W43)/AVERAGE(T43:W43) -> 0.22172163 | Y43: =IF(X43<=15%,"Bajo",IF(X43<=20%,"Moderado",IF(X43<=25%,"Alto","Muy alto"))) -> Alto | Z43: =MEDIAN(T43:W43) -> 12323.267 | AA43: =GEOMEAN(T43:W43) -> 11060.666
A44: 34 | B44: CINTA PARA IMPRESORA DE CARNET DATACARD - CINTA COLOR YMCKT SD160 534100-001-R098 | G44: Unidad | H44: ='BELPAPEL (2a COTIZACION) '!J48 -> 962115 | I44: ='GRUPO LOS LAGOS SAS'!J48 -> 497942.41 | J44: ='SUMICORP LTDA'!J48 -> 892500 | K44: ='TELEAMARKETER (2a COTIZACION)'!J48 -> 473620 | L44: =_xlfn.STDEV.S(H44:K44)/AVERAGE(H44:K44) -> 0.36329896 | M44: =IF(L44<=15%,"Bajo",IF(L44<=20%,"Moderado",IF(L44<=25%,"Alto","Muy alto"))) -> Muy alto | N44: =MEDIAN(H44:K44) -> 695221.21 | P44: =_xlfn.LET( _xlpm.resultado,IFERROR( _xlfn.XLOOKUP( "*"&LEFT(B44,FIND("@",SUBSTITUTE(B71&" "," ","@",4))-1)&"*", HISTORICOS!B:B, HISTORICOS!D:D, 0, 2 ), 0 ), IF(_xlpm.resultado=0,"No encontrado",_xlpm.resultado) ) -> 251257 | Q44: =_xlfn.LET( _xlpm.resultado,IFERROR( _xlfn.XLOOKUP( "*"&LEFT(B44,FIND("@",SUBSTITUTE(B44&" "," ","@",4))-1)&"*", HISTORICOS!F:F, HISTORICOS!H:H, 0, 2 ), 0 ), IF(_xlpm.resultado=0,"No encontrado",_xlpm.resultado) ) -> 299880 | R44: =_xlfn.LET( _xlpm.resultado,IFERROR( _xlfn.XLOOKUP( "*"&LEFT(B44,FIND("@",SUBSTITUTE(B44&" "," ","@",4))-1)&"*", HISTORICOS!K:K, HISTORICOS!M:M, 0, 2 ), 0 ), IF(_xlpm.resultado=0,"No encontrado",_xlpm.resultado) ) -> 404481 | S44: =_xlfn.LET( _xlpm.resultado,IFERROR( _xlfn.XLOOKUP( "*"&LEFT(B44,FIND("@",SUBSTITUTE(B44&" "," ","@",4))-1)&"*", HISTORICOS!P:P, HISTORICOS!R:R, 0, 2 ), 0 ), IF(_xlpm.resultado=0,"No encontrado",_xlpm.resultado) ) -> 404481 | T44: =P44*(1+$Q$4)*(1+$R$4)*(1+$S$4)*1+($T$4) -> 303582.97 | U44: =Q44*(1+$R$4)*(1+$S$4)*1+($T$4) -> 331562.98 | V44: =R44*(1+$S$4)*1+($T$4) -> 425109.59 | W44: =S44*(1+($T$4)) -> 429720.61 | X44: =_xlfn.STDEV.S(T44:W44)/AVERAGE(T44:W44) -> 0.17306425 | Y44: =IF(X44<=15%,"Bajo",IF(X44<=20%,"Moderado",IF(X44<=25%,"Alto","Muy alto"))) -> Moderado | Z44: =MEDIAN(T44:W44) -> 378336.29 | AA44: =GEOMEAN(T44:W44) -> 368241.42
A45: 35 | B45: Clip Estándar Pequeño X 100, Alambre metálico galvanizado | G45: Caja x 100 | H45: ='BELPAPEL (2a COTIZACION) '!J49 -> 1018 | I45: ='GRUPO LOS LAGOS SAS'!J49 -> 2261 | J45: ='SUMICORP LTDA'!J49 -> 2975 | K45: ='TELEAMARKETER (2a COTIZACION)'!J49 -> 4522 | L45: =_xlfn.STDEV.S(H45:K45)/AVERAGE(H45:K45) -> 0.54288537 | M45: =IF(L45<=15%,"Bajo",IF(L45<=20%,"Moderado",IF(L45<=25%,"Alto","Muy alto"))) -> Muy alto | N45: =MEDIAN(H45:K45) -> 2618 | P45: =_xlfn.LET( _xlpm.resultado,IFERROR( _xlfn.XLOOKUP( "*"&LEFT(B45,FIND("@",SUBSTITUTE(B72&" "," ","@",4))-1)&"*", HISTORICOS!B:B, HISTORICOS!D:D, 0, 2 ), 0 ), IF(_xlpm.resultado=0,"No encontrado",_xlpm.resultado) ) -> 1059 | Q45: =_xlfn.LET( _xlpm.resultado,IFERROR( _xlfn.XLOOKUP( "*"&LEFT(B45,FIND("@",SUBSTITUTE(B45&" "," ","@",4))-1)&"*", HISTORICOS!F:F, HISTORICOS!H:H, 0, 2 ), 0 ), IF(_xlpm.resultado=0,"No encontrado",_xlpm.resultado) ) -> 1220.94 | R45: =IFERROR( _xlfn.XLOOKUP( "*"&LEFT(TRIM(CLEAN(B45)),100)&"*", HISTORICOS!K:K, HISTORICOS!M:M, "No encontrado", 2 ), "No encontrado" ) -> 1190 | S45: =IFERROR( _xlfn.XLOOKUP("*"&LEFT(TRIM(CLEAN(B45)),100)&"*",HISTORICOS!P:P,HISTORICOS!R:R,"No encontrado",2), IFERROR( _xlfn.XLOOKUP("*"&LEFT(TRIM(CLEAN(B45)),70)&"*",HISTORICOS!P:P,HISTORICOS!R:R,"No encontrado",2), IFERROR( _xlfn.XLOOKUP("*"&LEFT(TRIM(CLEAN(B45)),50)&"*",HISTORICOS!P:P,HISTORICOS!R:R,"No encontrado",2), IFERROR( _xlfn.XLOOKUP("*"&LEFT(TRIM(CLEAN(B45)),30)&"*",HISTORICOS!P:P,HISTORICOS!R:R,"No encontrado",2), IFERROR( _xlfn.XLOOKUP("*"&LEFT(TRIM(CLEAN(B45)),10)&"*",HISTORICOS!P:P,HISTORICOS!R:R,"No encontrado",2), "No encontrado" ))))) -> 1190 | T45: =P45*(1+$Q$4)*(1+$R$4)*(1+$S$4)*1+($T$4) -> 1279.606 | U45: =Q45*(1+$R$4)*(1+$S$4)*1+($T$4) -> 1349.9972 | V45: =R45*(1+$S$4)*1+($T$4) -> 1250.7524 | W45: =S45*(1+($T$4)) -> 1264.256 | X45: =_xlfn.STDEV.S(T45:W45)/AVERAGE(T45:W45) -> 0.034338776 | Y45: =IF(X45<=15%,"Bajo",IF(X45<=20%,"Moderado",IF(X45<=25%,"Alto","Muy alto"))) -> Bajo | Z45: =MEDIAN(T45:W45) -> 1271.931 | AA45: =GEOMEAN(T45:W45) -> 1285.5941
A46: 36 | B46: Clip Mariposa Gigante X 12, Alambre metálico galvanizado | G46: Caja x 12 | H46: ='BELPAPEL (2a COTIZACION) '!J50 -> 2711 | I46: ='GRUPO LOS LAGOS SAS'!J50 -> 4748.1 | J46: ='SUMICORP LTDA'!J50 -> 5831 | K46: ='TELEAMARKETER (2a COTIZACION)'!J50 -> 5712 | L46: =_xlfn.STDEV.S(H46:K46)/AVERAGE(H46:K46) -> 0.30387213 | M46: =IF(L46<=15%,"Bajo",IF(L46<=20%,"Moderado",IF(L46<=25%,"Alto","Muy alto"))) -> Muy alto | N46: =MEDIAN(H46:K46) -> 5230.05 | P46: =_xlfn.LET( _xlpm.resultado,IFERROR( _xlfn.XLOOKUP( "*"&LEFT(B46,FIND("@",SUBSTITUTE(B73&" "," ","@",4))-1)&"*", HISTORICOS!B:B, HISTORICOS!D:D, 0, 2 ), 0 ), IF(_xlpm.resultado=0,"No encontrado",_xlpm.resultado) ) -> 2388 | Q46: =_xlfn.LET( _xlpm.resultado,IFERROR( _xlfn.XLOOKUP( "*"&LEFT(B46,FIND("@",SUBSTITUTE(B46&" "," ","@",4))-1)&"*", HISTORICOS!F:F, HISTORICOS!H:H, 0, 2 ), 0 ), IF(_xlpm.resultado=0,"No encontrado",_xlpm.resultado) ) -> 3962.7 | R46: =IFERROR( _xlfn.XLOOKUP( "*"&LEFT(TRIM(CLEAN(B46)),100)&"*", HISTORICOS!K:K, HISTORICOS!M:M, "No encontrado", 2 ), "No encontrado" ) -> 3236.8 | S46: =IFERROR( _xlfn.XLOOKUP("*"&LEFT(TRIM(CLEAN(B46)),100)&"*",HISTORICOS!P:P,HISTORICOS!R:R,"No encontrado",2), IFERROR( _xlfn.XLOOKUP("*"&LEFT(TRIM(CLEAN(B46)),70)&"*",HISTORICOS!P:P,HISTORICOS!R:R,"No encontrado",2), IFERROR( _xlfn.XLOOKUP("*"&LEFT(TRIM(CLEAN(B46)),50)&"*",HISTORICOS!P:P,HISTORICOS!R:R,"No encontrado",2), IFERROR( _xlfn.XLOOKUP("*"&LEFT(TRIM(CLEAN(B46)),30)&"*",HISTORICOS!P:P,HISTORICOS!R:R,"No encontrado",2), IFERROR( _xlfn.XLOOKUP("*"&LEFT(TRIM(CLEAN(B46)),10)&"*",HISTORICOS!P:P,HISTORICOS!R:R,"No encontrado",2), "No encontrado" ))))) -> 3236.8 | T46: =P46*(1+$Q$4)*(1+$R$4)*(1+$S$4)*1+($T$4) -> 2885.3789 | U46: =Q46*(1+$R$4)*(1+$S$4)*1+($T$4) -> 4381.4296 | V46: =R46*(1+$S$4)*1+($T$4) -> 3401.9392 | W46: =S46*(1+($T$4)) -> 3438.7763 | X46: =_xlfn.STDEV.S(T46:W46)/AVERAGE(T46:W46) -> 0.17670127 | Y46: =IF(X46<=15%,"Bajo",IF(X46<=20%,"Moderado",IF(X46<=25%,"Alto","Muy alto"))) -> Moderado | Z46: =MEDIAN(T46:W46) -> 3420.3578 | AA46: =GEOMEAN(T46:W46) -> 3487.2838
A47: 37 | B47: Clip Mariposa x 50, Alambre metálico galvanizado | G47: Caja x 50 | H47: ='BELPAPEL (2a COTIZACION) '!J51 -> 2968 | I47: ='GRUPO LOS LAGOS SAS'!J51 -> 4224.5 | J47: ='SUMICORP LTDA'!J51 -> 5831 | K47: ='TELEAMARKETER (2a COTIZACION)'!J51 -> 6902 | L47: =_xlfn.STDEV.S(H47:K47)/AVERAGE(H47:K47) -> 0.34842325 | M47: =IF(L47<=15%,"Bajo",IF(L47<=20%,"Moderado",IF(L47<=25%,"Alto","Muy alto"))) -> Muy alto | N47: =MEDIAN(H47:K47) -> 5027.75 | P47: =_xlfn.LET( _xlpm.resultado,IFERROR( _xlfn.XLOOKUP( "*"&LEFT(B47,FIND("@",SUBSTITUTE(B74&" "," ","@",4))-1)&"*", HISTORICOS!B:B, HISTORICOS!D:D, 0, 2 ), 0 ), IF(_xlpm.resultado=0,"No encontrado",_xlpm.resultado) ) -> 2605 | Q47: =_xlfn.LET( _xlpm.resultado,IFERROR( _xlfn.XLOOKUP( "*"&LEFT(B47,FIND("@",SUBSTITUTE(B47&" "," ","@",4))-1)&"*", HISTORICOS!F:F, HISTORICOS!H:H, 0, 2 ), 0 ), IF(_xlpm.resultado=0,"No encontrado",_xlpm.resultado) ) -> 4069.8 | R47: =IFERROR( _xlfn.XLOOKUP( "*"&LEFT(TRIM(CLEAN(B47)),100)&"*", HISTORICOS!K:K, HISTORICOS!M:M, "No encontrado", 2 ), "No encontrado" ) -> 3570 | S47: =IFERROR( _xlfn.XLOOKUP("*"&LEFT(TRIM(CLEAN(B47)),100)&"*",HISTORICOS!P:P,HISTORICOS!R:R,"No encontrado",2), IFERROR( _xlfn.XLOOKUP("*"&LEFT(TRIM(CLEAN(B47)),70)&"*",HISTORICOS!P:P,HISTORICOS!R:R,"No encontrado",2), IFERROR( _xlfn.XLOOKUP("*"&LEFT(TRIM(CLEAN(B47)),50)&"*",HISTORICOS!P:P,HISTORICOS!R:R,"No encontrado",2), IFERROR( _xlfn.XLOOKUP("*"&LEFT(TRIM(CLEAN(B47)),30)&"*",HISTORICOS!P:P,HISTORICOS!R:R,"No encontrado",2), IFERROR( _xlfn.XLOOKUP("*"&LEFT(TRIM(CLEAN(B47)),10)&"*",HISTORICOS!P:P,HISTORICOS!R:R,"No encontrado",2), "No encontrado" ))))) -> 3570 | T47: =P47*(1+$Q$4)*(1+$R$4)*(1+$S$4)*1+($T$4) -> 3147.5706 | U47: =Q47*(1+$R$4)*(1+$S$4)*1+($T$4) -> 4499.8449 | V47: =R47*(1+$S$4)*1+($T$4) -> 3752.1324 | W47: =S47*(1+($T$4)) -> 3792.768 | X47: =_xlfn.STDEV.S(T47:W47)/AVERAGE(T47:W47) -> 0.1456276 | Y47: =IF(X47<=15%,"Bajo",IF(X47<=20%,"Moderado",IF(X47<=25%,"Alto","Muy alto"))) -> Bajo | Z47: =MEDIAN(T47:W47) -> 3772.4502 | AA47: =GEOMEAN(T47:W47) -> 3767.9217
A48: 38 | B48: Colbón 125g | G48: Unidad | H48: ='BELPAPEL (2a COTIZACION) '!J52 -> 2268 | I48: ='GRUPO LOS LAGOS SAS'!J52 -> 3451 | J48: ='SUMICORP LTDA'!J52 -> 5474 | K48: ='TELEAMARKETER (2a COTIZACION)'!J52 -> 8092 | L48: =_xlfn.STDEV.S(H48:K48)/AVERAGE(H48:K48) -> 0.52908548 | M48: =IF(L48<=15%,"Bajo",IF(L48<=20%,"Moderado",IF(L48<=25%,"Alto","Muy alto"))) -> Muy alto | N48: =MEDIAN(H48:K48) -> 4462.5 | P48: =_xlfn.LET( _xlpm.texto,TRIM(CLEAN(B48)), _xlpm.clave4,LEFT(_xlpm.texto,FIND("@",SUBSTITUTE(_xlpm.texto&" "," ","@",4))-1), _xlpm.clave1,LEFT(_xlpm.texto,FIND(" ",_xlpm.texto&" ")-1), _xlpm.resultado,IFERROR( _xlfn.XLOOKUP("*"&_xlpm.clave4&"*",HISTORICOS!B:B,HISTORICOS!D:D,"No encontrado",2), IFERROR(_xlfn.XLOOKUP("*"&_xlpm.clave1&"*",HISTORICOS!B:B,HISTORICOS!D:D,"No encontrado",2),"No encontrado") ), IF(_xlpm.resultado=0,"No encontrado",_xlpm.resultado) ) -> 2934 | Q48: =IFERROR( _xlfn.XLOOKUP( "*"&LEFT(B48,FIND(" ",B48&" ")-1)&"*", HISTORICOS!F:F, HISTORICOS!H:H, "No encontrado", 2 ), "No encontrado" ) -> 3105.9 | R48: =IFERROR( _xlfn.XLOOKUP( "*"&LEFT(TRIM(CLEAN(B48)),100)&"*", HISTORICOS!K:K, HISTORICOS!M:M, "No encontrado", 2 ), "No encontrado" ) -> 2487.1 | S48: =IFERROR( _xlfn.XLOOKUP("*"&LEFT(TRIM(CLEAN(B48)),100)&"*",HISTORICOS!P:P,HISTORICOS!R:R,"No encontrado",2), IFERROR( _xlfn.XLOOKUP("*"&LEFT(TRIM(CLEAN(B48)),70)&"*",HISTORICOS!P:P,HISTORICOS!R:R,"No encontrado",2), IFERROR( _xlfn.XLOOKUP("*"&LEFT(TRIM(CLEAN(B48)),50)&"*",HISTORICOS!P:P,HISTORICOS!R:R,"No encontrado",2), IFERROR( _xlfn.XLOOKUP("*"&LEFT(TRIM(CLEAN(B48)),30)&"*",HISTORICOS!P:P,HISTORICOS!R:R,"No encontrado",2), IFERROR( _xlfn.XLOOKUP("*"&LEFT(TRIM(CLEAN(B48)),10)&"*",HISTORICOS!P:P,HISTORICOS!R:R,"No encontrado",2), "No encontrado" ))))) -> 2487.1 | T48: =P48*(1+$Q$4)*(1+$R$4)*(1+$S$4)*1+($T$4) -> 3545.087 | U48: =Q48*(1+$R$4)*(1+$S$4)*1+($T$4) -> 3434.1069 | V48: =R48*(1+$S$4)*1+($T$4) -> 2614.0045 | W48: =S48*(1+($T$4)) -> 2642.295 | X48: =_xlfn.STDEV.S(T48:W48)/AVERAGE(T48:W48) -> 0.16331167 | Y48: =IF(X48<=15%,"Bajo",IF(X48<=20%,"Moderado",IF(X48<=25%,"Alto","Muy alto"))) -> Moderado | Z48: =MEDIAN(T48:W48) -> 3038.201 | AA48: =GEOMEAN(T48:W48) -> 3028.1828
A49: 39 | B49: Corrector Líquido, presentación en lápiz con punta metálica. | G49: Caja x 12 | H49: ='BELPAPEL (2a COTIZACION) '!J53 -> 9596 | I49: ='GRUPO LOS LAGOS SAS'!J53 -> 17136 | J49: ='SUMICORP LTDA'!J53 -> 32011 | K49: ='TELEAMARKETER (2a COTIZACION)'!J53 -> 6902 | L49: =_xlfn.STDEV.S(H49:K49)/AVERAGE(H49:K49) -> 0.68646468 | M49: =IF(L49<=15%,"Bajo",IF(L49<=20%,"Moderado",IF(L49<=25%,"Alto","Muy alto"))) -> Muy alto | N49: =MEDIAN(H49:K49) -> 13366 | P49: =IFERROR( _xlfn.XLOOKUP( "*"&LEFT(B49,FIND(" ",B49&" ")-1)&"*", HISTORICOS!B:B, HISTORICOS!D:D, "No encontrado", 2 ), "No encontrado" ) -> 24500 | Q49: =IFERROR( _xlfn.XLOOKUP( "*"&LEFT(B49,FIND(" ",B49&" ")-1)&"*", HISTORICOS!F:F, HISTORICOS!H:H, "No encontrado", 2 ), "No encontrado" ) -> 1523.2 | R49: =IFERROR( _xlfn.XLOOKUP( "*"&LEFT(TRIM(CLEAN(B49)),100)&"*", HISTORICOS!K:K, HISTORICOS!M:M, "No encontrado", 2 ), "No encontrado" ) -> 13566 | S49: =IFERROR( _xlfn.XLOOKUP("*"&LEFT(TRIM(CLEAN(B49)),100)&"*",HISTORICOS!P:P,HISTORICOS!R:R,"No encontrado",2), IFERROR( _xlfn.XLOOKUP("*"&LEFT(TRIM(CLEAN(B49)),70)&"*",HISTORICOS!P:P,HISTORICOS!R:R,"No encontrado",2), IFERROR( _xlfn.XLOOKUP("*"&LEFT(TRIM(CLEAN(B49)),50)&"*",HISTORICOS!P:P,HISTORICOS!R:R,"No encontrado",2), IFERROR( _xlfn.XLOOKUP("*"&LEFT(TRIM(CLEAN(B49)),30)&"*",HISTORICOS!P:P,HISTORICOS!R:R,"No encontrado",2), IFERROR( _xlfn.XLOOKUP("*"&LEFT(TRIM(CLEAN(B49)),10)&"*",HISTORICOS!P:P,HISTORICOS!R:R,"No encontrado",2), "No encontrado" ))))) -> 13566 | T49: =P49*(1+$Q$4)*(1+$R$4)*(1+$S$4)*1+($T$4) -> 29602.347 | U49: =Q49*(1+$R$4)*(1+$S$4)*1+($T$4) -> 1684.1915 | V49: =R49*(1+$S$4)*1+($T$4) -> 14257.928 | W49: =S49*(1+($T$4)) -> 14412.518 | X49: =_xlfn.STDEV.S(T49:W49)/AVERAGE(T49:W49) -> 0.76206006 | Y49: =IF(X49<=15%,"Bajo",IF(X49<=20%,"Moderado",IF(X49<=25%,"Alto","Muy alto"))) -> Muy alto | Z49: =MEDIAN(T49:W49) -> 14335.223 | AA49: =GEOMEAN(T49:W49) -> 10060.707
A50: 40 | B50: Cosedora de oficina mínimo 30 Hojas, resistente y fuerte, liviana, Medidas aproximadas d e 186 mm largo x 64 mm alto x 44 mm ancho | G50: Unidad | H50: ='BELPAPEL (2a COTIZACION) '!J54 -> 19555 | I50: ='GRUPO LOS LAGOS SAS'!J54 -> 14922.6 | J50: ='SUMICORP LTDA'!J54 -> 53550 | K50: ='TELEAMARKETER (2a COTIZACION)'!J54 -> 54740 | L50: =_xlfn.STDEV.S(H50:K50)/AVERAGE(H50:K50) -> 0.59949403 | M50: =IF(L50<=15%,"Bajo",IF(L50<=20%,"Moderado",IF(L50<=25%,"Alto","Muy alto"))) -> Muy alto | N50: =MEDIAN(H50:K50) -> 36552.5 | P50: =IFERROR( _xlfn.XLOOKUP( "*"&LEFT(B50,FIND(" ",B50&" ")-1)&"*", HISTORICOS!B:B, HISTORICOS!D:D, "No encontrado", 2 ), "No encontrado" ) -> 16351 | Q50: =IFERROR( _xlfn.XLOOKUP( "*"&LEFT(B50,FIND(" ",B50&" ")-1)&"*", HISTORICOS!F:F, HISTORICOS!H:H, "No encontrado", 2 ), "No encontrado" ) -> 13661.2 | R50: =IFERROR( _xlfn.XLOOKUP( "*"&LEFT(TRIM(CLEAN(B50)),20)&"*", HISTORICOS!K:K, HISTORICOS!M:M, "No encontrado", 2 ), "No encontrado" ) -> 13090 | S50: =IFERROR( _xlfn.XLOOKUP("*"&LEFT(TRIM(CLEAN(B50)),50)&"*",HISTORICOS!P:P,HISTORICOS!R:R,"No encontrado",2), IFERROR( _xlfn.XLOOKUP("*"&LEFT(TRIM(CLEAN(B50)),40)&"*",HISTORICOS!P:P,HISTORICOS!R:R,"No encontrado",2), IFERROR( _xlfn.XLOOKUP("*"&LEFT(TRIM(CLEAN(B50)),30)&"*",HISTORICOS!P:P,HISTORICOS!R:R,"No encontrado",2), IFERROR( _xlfn.XLOOKUP("*"&LEFT(TRIM(CLEAN(B50)),20)&"*",HISTORICOS!P:P,HISTORICOS!R:R,"No encontrado",2), IFERROR( _xlfn.XLOOKUP("*"&LEFT(TRIM(CLEAN(B50)),10)&"*",HISTORICOS!P:P,HISTORICOS!R:R,"No encontrado",2), "No encontrado" ))))) -> 13090 | T50: =P50*(1+$Q$4)*(1+$R$4)*(1+$S$4)*1+($T$4) -> 19756.265 | U50: =Q50*(1+$R$4)*(1+$S$4)*1+($T$4) -> 15104.596 | V50: =R50*(1+$S$4)*1+($T$4) -> 13757.652 | W50: =S50*(1+($T$4)) -> 13906.816 | X50: =_xlfn.STDEV.S(T50:W50)/AVERAGE(T50:W50) -> 0.18010397 | Y50: =IF(X50<=15%,"Bajo",IF(X50<=20%,"Moderado",IF(X50<=25%,"Alto","Muy alto"))) -> Moderado | Z50: =MEDIAN(T50:W50) -> 14505.706 | AA50: =GEOMEAN(T50:W50) -> 15457.758
A51: 41 | B51: Cosedora Eléctrica, Profundidad de grapado 10mm aproximadamente, Voltios 110v, Capacidad de cocido 20 hojas a la vez | G51: Unidad | H51: ='BELPAPEL (2a COTIZACION) '!J55 -> 156188 | I51: ='GRUPO LOS LAGOS SAS'!J55 -> 351050 | J51: ='SUMICORP LTDA'!J55 -> 599760 | K51: ='TELEAMARKETER (2a COTIZACION)'!J55 -> 818720 | L51: =_xlfn.STDEV.S(H51:K51)/AVERAGE(H51:K51) -> 0.60027741 | M51: =IF(L51<=15%,"Bajo",IF(L51<=20%,"Moderado",IF(L51<=25%,"Alto","Muy alto"))) -> Muy alto | N51: =MEDIAN(H51:K51) -> 475405 | P51: =IFERROR( _xlfn.XLOOKUP( "*"&LEFT(TRIM(CLEAN(SUBSTITUTE(B51,CHAR(10)," "))),35)&"*", HISTORICOS!B:B, HISTORICOS!D:D, "No encontrado", 2 ), "No encontrado" ) -> 53283 | Q51: =HISTORICOS!H42 -> 111860 | R51: =IFERROR( _xlfn.XLOOKUP( "*"&LEFT(TRIM(CLEAN(B51)),20)&"*", HISTORICOS!K:K, HISTORICOS!M:M, "No encontrado", 2 ), "No encontrado" ) -> 22610 | S51: =IFERROR( _xlfn.XLOOKUP("*"&LEFT(TRIM(CLEAN(B51)),50)&"*",HISTORICOS!P:P,HISTORICOS!R:R,"No encontrado",2), IFERROR( _xlfn.XLOOKUP("*"&LEFT(TRIM(CLEAN(B51)),40)&"*",HISTORICOS!P:P,HISTORICOS!R:R,"No encontrado",2), IFERROR( _xlfn.XLOOKUP("*"&LEFT(TRIM(CLEAN(B51)),30)&"*",HISTORICOS!P:P,HISTORICOS!R:R,"No encontrado",2), IFERROR( _xlfn.XLOOKUP("*"&LEFT(TRIM(CLEAN(B51)),20)&"*",HISTORICOS!P:P,HISTORICOS!R:R,"No encontrado",2), IFERROR( _xlfn.XLOOKUP("*"&LEFT(TRIM(CLEAN(B51)),10)&"*",HISTORICOS!P:P,HISTORICOS!R:R,"No encontrado",2), "No encontrado" ))))) -> 22610 | T51: =P51*(1+$Q$4)*(1+$R$4)*(1+$S$4)*1+($T$4) -> 64379.594 | U51: =Q51*(1+$R$4)*(1+$S$4)*1+($T$4) -> 123678.3 | V51: =R51*(1+$S$4)*1+($T$4) -> 23763.172 | W51: =S51*(1+($T$4)) -> 24020.864 | X51: =_xlfn.STDEV.S(T51:W51)/AVERAGE(T51:W51) -> 0.80016898 | Y51: =IF(X51<=15%,"Bajo",IF(X51<=20%,"Moderado",IF(X51<=25%,"Alto","Muy alto"))) -> Muy alto | Z51: =MEDIAN(T51:W51) -> 44200.229 | AA51: =GEOMEAN(T51:W51) -> 46172.532
A52: 42 | B52: Cosedora industrial con capacidad superior a 50 hojas metálica | G52: Unidad | H52: ='BELPAPEL (2a COTIZACION) '!J56 -> 62413 | I52: ='GRUPO LOS LAGOS SAS'!J56 -> 35688.1 | J52: ='SUMICORP LTDA'!J56 -> 190400 | K52: ='TELEAMARKETER (2a COTIZACION)'!J56 -> 214081 | L52: =_xlfn.STDEV.S(H52:K52)/AVERAGE(H52:K52) -> 0.7134161 | M52: =IF(L52<=15%,"Bajo",IF(L52<=20%,"Moderado",IF(L52<=25%,"Alto","Muy alto"))) -> Muy alto | N52: =MEDIAN(H52:K52) -> 126406.5 | P52: =IFERROR( _xlfn.XLOOKUP( "*"&LEFT(TRIM(CLEAN(SUBSTITUTE(B52,CHAR(10)," "))),35)&"*", HISTORICOS!B:B, HISTORICOS!D:D, "No encontrado", 2 ), "No encontrado" ) -> 41982 | Q52: =HISTORICOS!H43 -> 48730.5 | R52: =IFERROR( _xlfn.XLOOKUP( "*"&LEFT(TRIM(CLEAN(B52)),100)&"*", HISTORICOS!K:K, HISTORICOS!M:M, "No encontrado", 2 ), "No encontrado" ) -> 35688.1 | S52: =IFERROR( _xlfn.XLOOKUP("*"&LEFT(TRIM(CLEAN(B52)),100)&"*",HISTORICOS!P:P,HISTORICOS!R:R,"No encontrado",2), IFERROR( _xlfn.XLOOKUP("*"&LEFT(TRIM(CLEAN(B52)),70)&"*",HISTORICOS!P:P,HISTORICOS!R:R,"No encontrado",2), IFERROR( _xlfn.XLOOKUP("*"&LEFT(TRIM(CLEAN(B52)),50)&"*",HISTORICOS!P:P,HISTORICOS!R:R,"No encontrado",2), IFERROR( _xlfn.XLOOKUP("*"&LEFT(TRIM(CLEAN(B52)),30)&"*",HISTORICOS!P:P,HISTORICOS!R:R,"No encontrado",2), IFERROR( _xlfn.XLOOKUP("*"&LEFT(TRIM(CLEAN(B52)),10)&"*",HISTORICOS!P:P,HISTORICOS!R:R,"No encontrado",2), "No encontrado" ))))) -> 35688.1 | T52: =P52*(1+$Q$4)*(1+$R$4)*(1+$S$4)*1+($T$4) -> 50725.087 | U52: =Q52*(1+$R$4)*(1+$S$4)*1+($T$4) -> 53879.037 | V52: =R52*(1+$S$4)*1+($T$4) -> 37508.255 | W52: =S52*(1+($T$4)) -> 37915.037 | X52: =_xlfn.STDEV.S(T52:W52)/AVERAGE(T52:W52) -> 0.1893764 | Y52: =IF(X52<=15%,"Bajo",IF(X52<=20%,"Moderado",IF(X52<=25%,"Alto","Muy alto"))) -> Moderado | Z52: =MEDIAN(T52:W52) -> 44320.062 | AA52: =GEOMEAN(T52:W52) -> 44401.255
A53: 43 | B53: DISCO DURO MECÁNICO DE 4 TERAS PARA DVR | G53: Unidad | H53: ='BELPAPEL (2a COTIZACION) '!J57 -> 957429 | I53: ='GRUPO LOS LAGOS SAS'!J57 -> 985320 | J53: ='SUMICORP LTDA'!J57 -> 1082900 | K53: ='TELEAMARKETER (2a COTIZACION)'!J57 -> 464100 | L53: =_xlfn.STDEV.S(H53:K53)/AVERAGE(H53:K53) -> 0.31806154 | M53: =IF(L53<=15%,"Bajo",IF(L53<=20%,"Moderado",IF(L53<=25%,"Alto","Muy alto"))) -> Muy alto | N53: =MEDIAN(H53:K53) -> 971374.5 | P53: =IFERROR( _xlfn.XLOOKUP( "*"&LEFT(B53,FIND(" ",B53&" ")-1)&"*", HISTORICOS!B:B, HISTORICOS!D:D, "No encontrado", 2 ), "No encontrado" ) -> 299879 | Q53: =IFERROR( _xlfn.XLOOKUP( "*"&LEFT(B53,FIND(" ",B53&" ")-1)&"*", HISTORICOS!F:F, HISTORICOS!H:H, "No encontrado", 2 ), "No encontrado" ) -> 490678.65 | R53: =IFERROR( _xlfn.XLOOKUP( "*"&LEFT(TRIM(CLEAN(B53)),100)&"*", HISTORICOS!K:K, HISTORICOS!M:M, "No encontrado", 2 ), "No encontrado" ) -> 479368.89 | S53: =IFERROR( _xlfn.XLOOKUP("*"&LEFT(TRIM(CLEAN(B53)),100)&"*",HISTORICOS!P:P,HISTORICOS!R:R,"No encontrado",2), IFERROR( _xlfn.XLOOKUP("*"&LEFT(TRIM(CLEAN(B53)),70)&"*",HISTORICOS!P:P,HISTORICOS!R:R,"No encontrado",2), IFERROR( _xlfn.XLOOKUP("*"&LEFT(TRIM(CLEAN(B53)),50)&"*",HISTORICOS!P:P,HISTORICOS!R:R,"No encontrado",2), IFERROR( _xlfn.XLOOKUP("*"&LEFT(TRIM(CLEAN(B53)),30)&"*",HISTORICOS!P:P,HISTORICOS!R:R,"No encontrado",2), IFERROR( _xlfn.XLOOKUP("*"&LEFT(TRIM(CLEAN(B53)),10)&"*",HISTORICOS!P:P,HISTORICOS!R:R,"No encontrado",2), "No encontrado" ))))) -> 479368.89 | T53: =P53*(1+$Q$4)*(1+$R$4)*(1+$S$4)*1+($T$4) -> 362330.82 | U53: =Q53*(1+$R$4)*(1+$S$4)*1+($T$4) -> 542519.89 | V53: =R53*(1+$S$4)*1+($T$4) -> 503816.77 | W53: =S53*(1+($T$4)) -> 509281.51 | X53: =_xlfn.STDEV.S(T53:W53)/AVERAGE(T53:W53) -> 0.16675088 | Y53: =IF(X53<=15%,"Bajo",IF(X53<=20%,"Moderado",IF(X53<=25%,"Alto","Muy alto"))) -> Moderado | Z53: =MEDIAN(T53:W53) -> 506549.14 | AA53: =GEOMEAN(T53:W53) -> 473901.26
A54: 44 | B54: DVD-R Paquete X 50, Mayor o igual a 4,7 GB mínimo de velocidad de grabado 4x o más | G54: Paquete X 50 | H54: ='BELPAPEL (2a COTIZACION) '!J58 -> 51230 | I54: ='GRUPO LOS LAGOS SAS'!J58 -> 71400 | J54: ='SUMICORP LTDA'!J58 -> 95200 | K54: ='TELEAMARKETER (2a COTIZACION)'!J58 -> 220150 | L54: =_xlfn.STDEV.S(H54:K54)/AVERAGE(H54:K54) -> 0.69343268 | M54: =IF(L54<=15%,"Bajo",IF(L54<=20%,"Moderado",IF(L54<=25%,"Alto","Muy alto"))) -> Muy alto | N54: =MEDIAN(H54:K54) -> 83300 | P54: =IFERROR( _xlfn.XLOOKUP( "*"&LEFT(TRIM(CLEAN(SUBSTITUTE(B54,CHAR(10)," "))),35)&"*", HISTORICOS!B:B, HISTORICOS!D:D, "No encontrado", 2 ), "No encontrado" ) -> 49415 | Q54: =IFERROR( _xlfn.XLOOKUP( "*"&LEFT(B54,FIND(" ",B54&" ")-1)&"*", HISTORICOS!F:F, HISTORICOS!H:H, "No encontrado", 2 ), "No encontrado" ) -> 33510.4 | R54: =IFERROR( _xlfn.XLOOKUP( "*"&LEFT(TRIM(CLEAN(B54)),100)&"*", HISTORICOS!K:K, HISTORICOS!M:M, "No encontrado", 2 ), "No encontrado" ) -> 30940 | S54: =IFERROR( _xlfn.XLOOKUP("*"&LEFT(TRIM(CLEAN(B54)),100)&"*",HISTORICOS!P:P,HISTORICOS!R:R,"No encontrado",2), IFERROR( _xlfn.XLOOKUP("*"&LEFT(TRIM(CLEAN(B54)),70)&"*",HISTORICOS!P:P,HISTORICOS!R:R,"No encontrado",2), IFERROR( _xlfn.XLOOKUP("*"&LEFT(TRIM(CLEAN(B54)),50)&"*",HISTORICOS!P:P,HISTORICOS!R:R,"No encontrado",2), IFERROR( _xlfn.XLOOKUP("*"&LEFT(TRIM(CLEAN(B54)),30)&"*",HISTORICOS!P:P,HISTORICOS!R:R,"No encontrado",2), IFERROR( _xlfn.XLOOKUP("*"&LEFT(TRIM(CLEAN(B54)),10)&"*",HISTORICOS!P:P,HISTORICOS!R:R,"No encontrado",2), "No encontrado" ))))) -> 30940 | T54: =P54*(1+$Q$4)*(1+$R$4)*(1+$S$4)*1+($T$4) -> 59706.058 | U54: =Q54*(1+$R$4)*(1+$S$4)*1+($T$4) -> 37050.903 | V54: =R54*(1+$S$4)*1+($T$4) -> 32518.002 | W54: =S54*(1+($T$4)) -> 32870.656 | X54: =_xlfn.STDEV.S(T54:W54)/AVERAGE(T54:W54) -> 0.31933105 | Y54: =IF(X54<=15%,"Bajo",IF(X54<=20%,"Moderado",IF(X54<=25%,"Alto","Muy alto"))) -> Muy alto | Z54: =MEDIAN(T54:W54) -> 34960.78 | AA54: =GEOMEAN(T54:W54) -> 39213.658
A55: 45 | B55: Fichas Bibliográficas - Colores Surtidos | G55: Paquete X 100 | H55: ='BELPAPEL (2a COTIZACION) '!J59 -> 2743 | I55: ='GRUPO LOS LAGOS SAS'!J59 -> 4748.1 | J55: ='SUMICORP LTDA'!J59 -> 8806 | K55: ='TELEAMARKETER (2a COTIZACION)'!J59 -> 5712 | L55: =_xlfn.STDEV.S(H55:K55)/AVERAGE(H55:K55) -> 0.45907005 | M55: =IF(L55<=15%,"Bajo",IF(L55<=20%,"Moderado",IF(L55<=25%,"Alto","Muy alto"))) -> Muy alto | N55: =MEDIAN(H55:K55) -> 5230.05 | P55: No comparable | Q55: =IFERROR( _xlfn.XLOOKUP( "*"&LEFT(B55,FIND(" ",B55&" ")-1)&"*", HISTORICOS!F:F, HISTORICOS!H:H, "No encontrado", 2 ), "No encontrado" ) -> 2208.64 | R55: =IFERROR( _xlfn.XLOOKUP( "*"&LEFT(TRIM(CLEAN(B55)),100)&"*", HISTORICOS!K:K, HISTORICOS!M:M, "No encontrado", 2 ), "No encontrado" ) -> 4748.1 | S55: =IFERROR( _xlfn.XLOOKUP("*"&LEFT(TRIM(CLEAN(B55)),100)&"*",HISTORICOS!P:P,HISTORICOS!R:R,"No encontrado",2), IFERROR( _xlfn.XLOOKUP("*"&LEFT(TRIM(CLEAN(B55)),70)&"*",HISTORICOS!P:P,HISTORICOS!R:R,"No encontrado",2), IFERROR( _xlfn.XLOOKUP("*"&LEFT(TRIM(CLEAN(B55)),50)&"*",HISTORICOS!P:P,HISTORICOS!R:R,"No encontrado",2), IFERROR( _xlfn.XLOOKUP("*"&LEFT(TRIM(CLEAN(B55)),30)&"*",HISTORICOS!P:P,HISTORICOS!R:R,"No encontrado",2), IFERROR( _xlfn.XLOOKUP("*"&LEFT(TRIM(CLEAN(B55)),10)&"*",HISTORICOS!P:P,HISTORICOS!R:R,"No encontrado",2), "No encontrado" ))))) -> 4748.1 | T55: No comparable | U55: =Q55*(1+$R$4)*(1+$S$4)*1+($T$4) -> 2442.0496 | V55: =R55*(1+$S$4)*1+($T$4) -> 4990.3155 | W55: =S55*(1+($T$4)) -> 5044.3814 | X55: =_xlfn.STDEV.S(T55:W55)/AVERAGE(T55:W55) -> 0.35756802 | Y55: =IF(X55<=15%,"Bajo",IF(X55<=20%,"Moderado",IF(X55<=25%,"Alto","Muy alto"))) -> Muy alto | Z55: =MEDIAN(T55:W55) -> 4990.3155 | AA55: =GEOMEAN(T55:W55) -> 3946.6638
A56: 46 | B56: Fundas Polipropileno para CD o DVD | G56: Paquete x 100 | H56: ='BELPAPEL (2a COTIZACION) '!J60 -> 4873 | I56: ='GRUPO LOS LAGOS SAS'!J60 -> 11900 | J56: ='SUMICORP LTDA'!J60 -> 12495 | K56: ='TELEAMARKETER (2a COTIZACION)'!J60 -> 58905 | L56: =_xlfn.STDEV.S(H56:K56)/AVERAGE(H56:K56) -> 1.1258353 | M56: =IF(L56<=15%,"Bajo",IF(L56<=20%,"Moderado",IF(L56<=25%,"Alto","Muy alto"))) -> Muy alto | N56: =MEDIAN(H56:K56) -> 12197.5 | P56: =IFERROR( _xlfn.XLOOKUP( "*"&LEFT(B56,FIND(" ",B56&" ")-1)&"*", HISTORICOS!B:B, HISTORICOS!D:D, "No encontrado", 2 ), "No encontrado" ) -> 12112 | Q56: =IFERROR( _xlfn.XLOOKUP( "*"&LEFT(B56,FIND(" ",B56&" ")-1)&"*", HISTORICOS!F:F, HISTORICOS!H:H, "No encontrado", 2 ), "No encontrado" ) -> 12185.6 | R56: =IFERROR( _xlfn.XLOOKUP( "*"&LEFT(TRIM(CLEAN(B56)),100)&"*", HISTORICOS!K:K, HISTORICOS!M:M, "No encontrado", 2 ), "No encontrado" ) -> 11888.1 | S56: =IFERROR( _xlfn.XLOOKUP("*"&LEFT(TRIM(CLEAN(B56)),100)&"*",HISTORICOS!P:P,HISTORICOS!R:R,"No encontrado",2), IFERROR( _xlfn.XLOOKUP("*"&LEFT(TRIM(CLEAN(B56)),70)&"*",HISTORICOS!P:P,HISTORICOS!R:R,"No encontrado",2), IFERROR( _xlfn.XLOOKUP("*"&LEFT(TRIM(CLEAN(B56)),50)&"*",HISTORICOS!P:P,HISTORICOS!R:R,"No encontrado",2), IFERROR( _xlfn.XLOOKUP("*"&LEFT(TRIM(CLEAN(B56)),30)&"*",HISTORICOS!P:P,HISTORICOS!R:R,"No encontrado",2), IFERROR( _xlfn.XLOOKUP("*"&LEFT(TRIM(CLEAN(B56)),10)&"*",HISTORICOS!P:P,HISTORICOS!R:R,"No encontrado",2), "No encontrado" ))))) -> 11888.1 | T56: =P56*(1+$Q$4)*(1+$R$4)*(1+$S$4)*1+($T$4) -> 14634.465 | U56: =Q56*(1+$R$4)*(1+$S$4)*1+($T$4) -> 13473.095 | V56: =R56*(1+$S$4)*1+($T$4) -> 12494.456 | W56: =S56*(1+($T$4)) -> 12629.917 | X56: =_xlfn.STDEV.S(T56:W56)/AVERAGE(T56:W56) -> 0.073987007 | Y56: =IF(X56<=15%,"Bajo",IF(X56<=20%,"Moderado",IF(X56<=25%,"Alto","Muy alto"))) -> Bajo | Z56: =MEDIAN(T56:W56) -> 13051.506 | AA56: =GEOMEAN(T56:W56) -> 13281.298
A57: 47 | B57: Funda transparente multitaladro tamaño carta | G57: Paquete X 100 | H57: ='BELPAPEL (2a COTIZACION) '!J61 -> 12682 | I57: ='GRUPO LOS LAGOS SAS'!J61 -> 12138 | J57: ='SUMICORP LTDA'!J61 -> 22015 | K57: ='TELEAMARKETER (2a COTIZACION)'!J61 -> 188020 | L57: =_xlfn.STDEV.S(H57:K57)/AVERAGE(H57:K57) -> 1.4702396 | M57: =IF(L57<=15%,"Bajo",IF(L57<=20%,"Moderado",IF(L57<=25%,"Alto","Muy alto"))) -> Muy alto | N57: =MEDIAN(H57:K57) -> 17348.5 | P57: =IFERROR( _xlfn.XLOOKUP( "*"&LEFT(B57,FIND("@",SUBSTITUTE(B47&" "," ","@",4))-1)&"*", HISTORICOS!B:B, HISTORICOS!D:D, "No encontrado", 2 ), "No encontrado" ) -> 15057 | Q57: =IFERROR( _xlfn.XLOOKUP( "*"&LEFT(TRIM(CLEAN(B57)),100)&"*", HISTORICOS!F:F, HISTORICOS!H:H, "No encontrado", 2 ), "No encontrado" ) -> 17850 | R57: =IFERROR( _xlfn.XLOOKUP( "*"&LEFT(TRIM(CLEAN(B57)),100)&"*", HISTORICOS!K:K, HISTORICOS!M:M, "No encontrado", 2 ), "No encontrado" ) -> 13090 | S57: =IFERROR( _xlfn.XLOOKUP("*"&LEFT(TRIM(CLEAN(B57)),100)&"*",HISTORICOS!P:P,HISTORICOS!R:R,"No encontrado",2), IFERROR( _xlfn.XLOOKUP("*"&LEFT(TRIM(CLEAN(B57)),70)&"*",HISTORICOS!P:P,HISTORICOS!R:R,"No encontrado",2), IFERROR( _xlfn.XLOOKUP("*"&LEFT(TRIM(CLEAN(B57)),50)&"*",HISTORICOS!P:P,HISTORICOS!R:R,"No encontrado",2), IFERROR( _xlfn.XLOOKUP("*"&LEFT(TRIM(CLEAN(B57)),30)&"*",HISTORICOS!P:P,HISTORICOS!R:R,"No encontrado",2), IFERROR( _xlfn.XLOOKUP("*"&LEFT(TRIM(CLEAN(B57)),10)&"*",HISTORICOS!P:P,HISTORICOS!R:R,"No encontrado",2), "No encontrado" ))))) -> 13090 | T57: =P57*(1+$Q$4)*(1+$R$4)*(1+$S$4)*1+($T$4) -> 18192.781 | U57: =Q57*(1+$R$4)*(1+$S$4)*1+($T$4) -> 19735.951 | V57: =R57*(1+$S$4)*1+($T$4) -> 13757.652 | W57: =S57*(1+($T$4)) -> 13906.816 | X57: =_xlfn.STDEV.S(T57:W57)/AVERAGE(T57:W57) -> 0.18476816 | Y57: =IF(X57<=15%,"Bajo",IF(X57<=20%,"Moderado",IF(X57<=25%,"Alto","Muy alto"))) -> Moderado | Z57: =MEDIAN(T57:W57) -> 16049.798 | AA57: =GEOMEAN(T57:W57) -> 16189.457
A58: 48 | B58: Funda transparente multitaladro tamaño oficio | G58: Paquete X 100 | H58: ='BELPAPEL (2a COTIZACION) '!J62 -> 15556 | I58: ='GRUPO LOS LAGOS SAS'!J62 -> 17850 | J58: ='SUMICORP LTDA'!J62 -> 23562 | K58: ='TELEAMARKETER (2a COTIZACION)'!J62 -> 211820 | L58: =_xlfn.STDEV.S(H58:K58)/AVERAGE(H58:K58) -> 1.4356903 | M58: =IF(L58<=15%,"Bajo",IF(L58<=20%,"Moderado",IF(L58<=25%,"Alto","Muy alto"))) -> Muy alto | N58: =MEDIAN(H58:K58) -> 20706 | P58: No comparable | Q58: =IFERROR( _xlfn.XLOOKUP( "*"&LEFT(TRIM(CLEAN(B58)),100)&"*", HISTORICOS!F:F, HISTORICOS!H:H, "No encontrado", 2 ), "No encontrado" ) -> 18849.6 | R58: =IFERROR( _xlfn.XLOOKUP( "*"&LEFT(TRIM(CLEAN(B58)),100)&"*", HISTORICOS!K:K, HISTORICOS!M:M, "No encontrado", 2 ), "No encontrado" ) -> 14280 | S58: =IFERROR( _xlfn.XLOOKUP("*"&LEFT(TRIM(CLEAN(B58)),100)&"*",HISTORICOS!P:P,HISTORICOS!R:R,"No encontrado",2), IFERROR( _xlfn.XLOOKUP("*"&LEFT(TRIM(CLEAN(B58)),70)&"*",HISTORICOS!P:P,HISTORICOS!R:R,"No encontrado",2), IFERROR( _xlfn.XLOOKUP("*"&LEFT(TRIM(CLEAN(B58)),50)&"*",HISTORICOS!P:P,HISTORICOS!R:R,"No encontrado",2), IFERROR( _xlfn.XLOOKUP("*"&LEFT(TRIM(CLEAN(B58)),30)&"*",HISTORICOS!P:P,HISTORICOS!R:R,"No encontrado",2), IFERROR( _xlfn.XLOOKUP("*"&LEFT(TRIM(CLEAN(B58)),10)&"*",HISTORICOS!P:P,HISTORICOS!R:R,"No encontrado",2), "No encontrado" ))))) -> 14280 | T58: No comparable | U58: =Q58*(1+$R$4)*(1+$S$4)*1+($T$4) -> 20841.16 | V58: =R58*(1+$S$4)*1+($T$4) -> 15008.342 | W58: =S58*(1+($T$4)) -> 15171.072 | X58: =_xlfn.STDEV.S(T58:W58)/AVERAGE(T58:W58) -> 0.19530943 | Y58: =IF(X58<=15%,"Bajo",IF(X58<=20%,"Moderado",IF(X58<=25%,"Alto","Muy alto"))) -> Moderado | Z58: =MEDIAN(T58:W58) -> 15171.072 | AA58: =GEOMEAN(T58:W58) -> 16804.424
A59: 49 | B59: Gancho Legajador polipropileno anticortanté (dos piezas) para perforaciones de 7 y 8 cm. capacidad de 250 hojas. | G59: Paquete x 20 | H59: ='BELPAPEL (2a COTIZACION) '!J63 -> 2380 | I59: ='GRUPO LOS LAGOS SAS'!J63 -> 5414.5 | J59: ='SUMICORP LTDA'!J63 -> 5831 | K59: ='TELEAMARKETER (2a COTIZACION)'!J63 -> 11424 | L59: =_xlfn.STDEV.S(H59:K59)/AVERAGE(H59:K59) -> 0.6018773 | M59: =IF(L59<=15%,"Bajo",IF(L59<=20%,"Moderado",IF(L59<=25%,"Alto","Muy alto"))) -> Muy alto | N59: =MEDIAN(H59:K59) -> 5622.75 | P59: =IFERROR( _xlfn.XLOOKUP( "*"&MID(B59,FIND(" ",B59&" ")+1,FIND(" ",B59&" ",FIND(" ",B59&" ")+1)-FIND(" ",B59&" ")-1)&"*", HISTORICOS!B:B, HISTORICOS!D:D, "No encontrado", 2 ), "No encontrado" ) -> 2817 | Q59: =IFERROR( _xlfn.XLOOKUP( "*"&LEFT(TRIM(CLEAN(B59)),50)&"*", HISTORICOS!F:F, HISTORICOS!H:H, "No encontrado", 2 ), "No encontrado" ) -> 3534.3 | R59: =IFERROR( _xlfn.XLOOKUP( "*"&LEFT(TRIM(CLEAN(B59)),20)&"*", HISTORICOS!K:K, HISTORICOS!M:M, "No encontrado", 2 ), "No encontrado" ) -> 3570 | S59: =IFERROR( _xlfn.XLOOKUP("*"&LEFT(TRIM(CLEAN(B59)),50)&"*",HISTORICOS!P:P,HISTORICOS!R:R,"No encontrado",2), IFERROR( _xlfn.XLOOKUP("*"&LEFT(TRIM(CLEAN(B59)),40)&"*",HISTORICOS!P:P,HISTORICOS!R:R,"No encontrado",2), IFERROR( _xlfn.XLOOKUP("*"&LEFT(TRIM(CLEAN(B59)),30)&"*",HISTORICOS!P:P,HISTORICOS!R:R,"No encontrado",2), IFERROR( _xlfn.XLOOKUP("*"&LEFT(TRIM(CLEAN(B59)),20)&"*",HISTORICOS!P:P,HISTORICOS!R:R,"No encontrado",2), IFERROR( _xlfn.XLOOKUP("*"&LEFT(TRIM(CLEAN(B59)),10)&"*",HISTORICOS!P:P,HISTORICOS!R:R,"No encontrado",2), "No encontrado" ))))) -> 3570 | T59: =P59*(1+$Q$4)*(1+$R$4)*(1+$S$4)*1+($T$4) -> 3403.721 | U59: =Q59*(1+$R$4)*(1+$S$4)*1+($T$4) -> 3907.7683 | V59: =R59*(1+$S$4)*1+($T$4) -> 3752.1324 | W59: =S59*(1+($T$4)) -> 3792.768 | X59: =_xlfn.STDEV.S(T59:W59)/AVERAGE(T59:W59) -> 0.058469584 | Y59: =IF(X59<=15%,"Bajo",IF(X59<=20%,"Moderado",IF(X59<=25%,"Alto","Muy alto"))) -> Bajo | Z59: =MEDIAN(T59:W59) -> 3772.4502 | AA59: =GEOMEAN(T59:W59) -> 3709.1918
A60: 50 | B60: Grapa estándar galvanizada para cosedora | G60: Caja x 5000 | H60: ='BELPAPEL (2a COTIZACION) '!J64 -> 2999 | I60: ='GRUPO LOS LAGOS SAS'!J64 -> 4879 | J60: ='SUMICORP LTDA'!J64 -> 7735 | K60: ='TELEAMARKETER (2a COTIZACION)'!J64 -> 6902 | L60: =_xlfn.STDEV.S(H60:K60)/AVERAGE(H60:K60) -> 0.37736289 | M60: =IF(L60<=15%,"Bajo",IF(L60<=20%,"Moderado",IF(L60<=25%,"Alto","Muy alto"))) -> Muy alto | N60: =MEDIAN(H60:K60) -> 5890.5 | P60: =IFERROR( _xlfn.XLOOKUP( "*"&MID(B60,FIND(" ",B60&" ")+1,FIND(" ",B60&" ",FIND(" ",B60&" ")+1)-FIND(" ",B60&" ")-1)&"*", HISTORICOS!B:B, HISTORICOS!D:D, "No encontrado", 2 ), "No encontrado" ) -> 1059 | Q60: =IFERROR( _xlfn.XLOOKUP( "*"&LEFT(TRIM(CLEAN(B60)),50)&"*", HISTORICOS!F:F, HISTORICOS!H:H, "No encontrado", 2 ), "No encontrado" ) -> 4498.2 | R60: =IFERROR( _xlfn.XLOOKUP( "*"&LEFT(TRIM(CLEAN(B60)),100)&"*", HISTORICOS!K:K, HISTORICOS!M:M, "No encontrado", 2 ), "No encontrado" ) -> 4760 | S60: =IFERROR( _xlfn.XLOOKUP("*"&LEFT(TRIM(CLEAN(B60)),100)&"*",HISTORICOS!P:P,HISTORICOS!R:R,"No encontrado",2), IFERROR( _xlfn.XLOOKUP("*"&LEFT(TRIM(CLEAN(B60)),70)&"*",HISTORICOS!P:P,HISTORICOS!R:R,"No encontrado",2), IFERROR( _xlfn.XLOOKUP("*"&LEFT(TRIM(CLEAN(B60)),50)&"*",HISTORICOS!P:P,HISTORICOS!R:R,"No encontrado",2), IFERROR( _xlfn.XLOOKUP("*"&LEFT(TRIM(CLEAN(B60)),30)&"*",HISTORICOS!P:P,HISTORICOS!R:R,"No encontrado",2), IFERROR( _xlfn.XLOOKUP("*"&LEFT(TRIM(CLEAN(B60)),10)&"*",HISTORICOS!P:P,HISTORICOS!R:R,"No encontrado",2), "No encontrado" ))))) -> 4760 | T60: =P60*(1+$Q$4)*(1+$R$4)*(1+$S$4)*1+($T$4) -> 1279.606 | U60: =Q60*(1+$R$4)*(1+$S$4)*1+($T$4) -> 4973.5062 | V60: =R60*(1+$S$4)*1+($T$4) -> 5002.8224 | W60: =S60*(1+($T$4)) -> 5057.024 | X60: =_xlfn.STDEV.S(T60:W60)/AVERAGE(T60:W60) -> 0.45756911 | Y60: =IF(X60<=15%,"Bajo",IF(X60<=20%,"Moderado",IF(X60<=25%,"Alto","Muy alto"))) -> Muy alto | Z60: =MEDIAN(T60:W60) -> 4988.1643 | AA60: =GEOMEAN(T60:W60) -> 3562.1505
A61: 51 | B61: Guante de nitrilo, poliuretano en nylon para manipulación de archivo | G61: Caja x 100 | H61: ='BELPAPEL (2a COTIZACION) '!J65 -> 119327 | I61: ='GRUPO LOS LAGOS SAS'!J65 -> 47481 | J61: ='SUMICORP LTDA'!J65 -> 214200 | K61: ='TELEAMARKETER (2a COTIZACION)'!J65 -> 35224 | L61: =_xlfn.STDEV.S(H61:K61)/AVERAGE(H61:K61) -> 0.79058602 | M61: =IF(L61<=15%,"Bajo",IF(L61<=20%,"Moderado",IF(L61<=25%,"Alto","Muy alto"))) -> Muy alto | N61: =MEDIAN(H61:K61) -> 83404 | P61: =HISTORICOS!D49 -> 47364 | Q61: =IFERROR( _xlfn.XLOOKUP( "*"&LEFT(TRIM(CLEAN(B61)),50)&"*", HISTORICOS!F:F, HISTORICOS!H:H, "No encontrado", 2 ), "No encontrado" ) -> 27417.6 | R61: =IFERROR( _xlfn.XLOOKUP( "*"&LEFT(TRIM(CLEAN(B61)),100)&"*", HISTORICOS!K:K, HISTORICOS!M:M, "No encontrado", 2 ), "No encontrado" ) -> 29750 | S61: =IFERROR( _xlfn.XLOOKUP("*"&LEFT(TRIM(CLEAN(B61)),100)&"*",HISTORICOS!P:P,HISTORICOS!R:R,"No encontrado",2), IFERROR( _xlfn.XLOOKUP("*"&LEFT(TRIM(CLEAN(B61)),70)&"*",HISTORICOS!P:P,HISTORICOS!R:R,"No encontrado",2), IFERROR( _xlfn.XLOOKUP("*"&LEFT(TRIM(CLEAN(B61)),50)&"*",HISTORICOS!P:P,HISTORICOS!R:R,"No encontrado",2), IFERROR( _xlfn.XLOOKUP("*"&LEFT(TRIM(CLEAN(B61)),30)&"*",HISTORICOS!P:P,HISTORICOS!R:R,"No encontrado",2), IFERROR( _xlfn.XLOOKUP("*"&LEFT(TRIM(CLEAN(B61)),10)&"*",HISTORICOS!P:P,HISTORICOS!R:R,"No encontrado",2), "No encontrado" ))))) -> 29750 | T61: =P61*(1+$Q$4)*(1+$R$4)*(1+$S$4)*1+($T$4) -> 57227.924 | U61: =Q61*(1+$R$4)*(1+$S$4)*1+($T$4) -> 30314.387 | V61: =R61*(1+$S$4)*1+($T$4) -> 31267.312 | W61: =S61*(1+($T$4)) -> 31606.4 | X61: =_xlfn.STDEV.S(T61:W61)/AVERAGE(T61:W61) -> 0.34820865 | Y61: =IF(X61<=15%,"Bajo",IF(X61<=20%,"Moderado",IF(X61<=25%,"Alto","Muy alto"))) -> Muy alto | Z61: =MEDIAN(T61:W61) -> 31436.856 | AA61: =GEOMEAN(T61:W61) -> 36185.168
A62: 52 | B62: Guía en cartulina carta paquete X 5, cartulina de mínimo 150g. El material debe cumplir con las especificaciones en la NTC 5397:2005. 5 perforaciones | G62: Paquete x 5 | H62: ='BELPAPEL (2a COTIZACION) '!J66 -> 1175 | I62: ='GRUPO LOS LAGOS SAS'!J66 -> 2261 | J62: ='SUMICORP LTDA'!J66 -> 3332 | K62: ='TELEAMARKETER (2a COTIZACION)'!J66 -> 4522 | L62: =_xlfn.STDEV.S(H62:K62)/AVERAGE(H62:K62) -> 0.5084044 | M62: =IF(L62<=15%,"Bajo",IF(L62<=20%,"Moderado",IF(L62<=25%,"Alto","Muy alto"))) -> Muy alto | N62: =MEDIAN(H62:K62) -> 2796.5 | P62: =HISTORICOS!D50 -> 1265 | Q62: =IFERROR( _xlfn.XLOOKUP( "*"&LEFT(TRIM(CLEAN(B62)),50)&"*", HISTORICOS!F:F, HISTORICOS!H:H, "No encontrado", 2 ), "No encontrado" ) -> 1428 | R62: =IFERROR( _xlfn.XLOOKUP( "*"&LEFT(TRIM(CLEAN(B62)),10)&"*", HISTORICOS!K:K, HISTORICOS!M:M, "No encontrado", 2 ), "No encontrado" ) -> 1785 | S62: =IFERROR( _xlfn.XLOOKUP("*"&LEFT(TRIM(CLEAN(B62)),50)&"*",HISTORICOS!P:P,HISTORICOS!R:R,"No encontrado",2), IFERROR( _xlfn.XLOOKUP("*"&LEFT(TRIM(CLEAN(B62)),40)&"*",HISTORICOS!P:P,HISTORICOS!R:R,"No encontrado",2), IFERROR( _xlfn.XLOOKUP("*"&LEFT(TRIM(CLEAN(B62)),30)&"*",HISTORICOS!P:P,HISTORICOS!R:R,"No encontrado",2), IFERROR( _xlfn.XLOOKUP("*"&LEFT(TRIM(CLEAN(B62)),20)&"*",HISTORICOS!P:P,HISTORICOS!R:R,"No encontrado",2), IFERROR( _xlfn.XLOOKUP("*"&LEFT(TRIM(CLEAN(B62)),10)&"*",HISTORICOS!P:P,HISTORICOS!R:R,"No encontrado",2), "No encontrado" ))))) -> 1785 | T62: =P62*(1+$Q$4)*(1+$R$4)*(1+$S$4)*1+($T$4) -> 1528.5069 | U62: =Q62*(1+$R$4)*(1+$S$4)*1+($T$4) -> 1578.9335 | V62: =R62*(1+$S$4)*1+($T$4) -> 1876.0974 | W62: =S62*(1+($T$4)) -> 1896.384 | X62: =_xlfn.STDEV.S(T62:W62)/AVERAGE(T62:W62) -> 0.11236115 | Y62: =IF(X62<=15%,"Bajo",IF(X62<=20%,"Moderado",IF(X62<=25%,"Alto","Muy alto"))) -> Bajo | Z62: =MEDIAN(T62:W62) -> 1727.5154 | AA62: =GEOMEAN(T62:W62) -> 1711.8008
A63: 53 | B63: Guillotina manual 30*30, corte de mínimo 10 hojas | G63: Unidad | H63: ='BELPAPEL (2a COTIZACION) '!J67 -> 82779 | I63: ='GRUPO LOS LAGOS SAS'!J67 -> 94010 | J63: ='SUMICORP LTDA'!J67 -> 154700 | K63: ='TELEAMARKETER (2a COTIZACION)'!J67 -> 94010 | L63: =_xlfn.STDEV.S(H63:K63)/AVERAGE(H63:K63) -> 0.30692394 | M63: =IF(L63<=15%,"Bajo",IF(L63<=20%,"Moderado",IF(L63<=25%,"Alto","Muy alto"))) -> Muy alto | N63: =MEDIAN(H63:K63) -> 94010 | P63: =IFERROR( _xlfn.XLOOKUP( "*"&MID(B63,FIND(" ",B63&" ")+1,FIND(" ",B63&" ",FIND(" ",B63&" ")+1)-FIND(" ",B63&" ")-1)&"*", HISTORICOS!B:B, HISTORICOS!D:D, "No encontrado", 2 ), "No encontrado" ) -> 48442 | Q63: =IFERROR( _xlfn.XLOOKUP( "*"&LEFT(TRIM(CLEAN(B63)),50)&"*", HISTORICOS!F:F, HISTORICOS!H:H, "No encontrado", 2 ), "No encontrado" ) -> 38942.75 | R63: =IFERROR( _xlfn.XLOOKUP( "*"&LEFT(TRIM(CLEAN(B63)),100)&"*", HISTORICOS!K:K, HISTORICOS!M:M, "No encontrado", 2 ), "No encontrado" ) -> 14280 | S63: =IFERROR( _xlfn.XLOOKUP("*"&LEFT(TRIM(CLEAN(B63)),100)&"*",HISTORICOS!P:P,HISTORICOS!R:R,"No encontrado",2), IFERROR( _xlfn.XLOOKUP("*"&LEFT(TRIM(CLEAN(B63)),70)&"*",HISTORICOS!P:P,HISTORICOS!R:R,"No encontrado",2), IFERROR( _xlfn.XLOOKUP("*"&LEFT(TRIM(CLEAN(B63)),50)&"*",HISTORICOS!P:P,HISTORICOS!R:R,"No encontrado",2), IFERROR( _xlfn.XLOOKUP("*"&LEFT(TRIM(CLEAN(B63)),30)&"*",HISTORICOS!P:P,HISTORICOS!R:R,"No encontrado",2), IFERROR( _xlfn.XLOOKUP("*"&LEFT(TRIM(CLEAN(B63)),10)&"*",HISTORICOS!P:P,HISTORICOS!R:R,"No encontrado",2), "No encontrado" ))))) -> 14280 | T63: =P63*(1+$Q$4)*(1+$R$4)*(1+$S$4)*1+($T$4) -> 58530.424 | U63: =Q63*(1+$R$4)*(1+$S$4)*1+($T$4) -> 43057.192 | V63: =R63*(1+$S$4)*1+($T$4) -> 15008.342 | W63: =S63*(1+($T$4)) -> 15171.072 | X63: =_xlfn.STDEV.S(T63:W63)/AVERAGE(T63:W63) -> 0.65448979 | Y63: =IF(X63<=15%,"Bajo",IF(X63<=20%,"Moderado",IF(X63<=25%,"Alto","Muy alto"))) -> Muy alto | Z63: =MEDIAN(T63:W63) -> 29114.132 | AA63: =GEOMEAN(T63:W63) -> 27522.894
A64: 54 | B64: Lápiz de escritura madera forma hexagonal de mina negra de grafito HB #2, con b orrado r asegurado en casquillo de metal sin bordes afilados ni cortantes con borrador que no manche ni rompe el papel, banda roja de calidad controlada. De producción nacional preferiblemente | G64: Caja x 12 | H64: ='BELPAPEL (2a COTIZACION) '!J68 -> 3780 | I64: ='GRUPO LOS LAGOS SAS'!J68 -> 5500 | J64: ='SUMICORP LTDA'!J68 -> 14900 | K64: ='TELEAMARKETER (2a COTIZACION)'!J68 -> 41650 | L64: =_xlfn.STDEV.S(H64:K64)/AVERAGE(H64:K64) -> 1.0628377 | M64: =IF(L64<=15%,"Bajo",IF(L64<=20%,"Moderado",IF(L64<=25%,"Alto","Muy alto"))) -> Muy alto | N64: =MEDIAN(H64:K64) -> 10200 | P64: =IFERROR( _xlfn.XLOOKUP( "*"&LEFT(B64,35)&"*", HISTORICOS!B:B, HISTORICOS!D:D, "No encontrado", 2 ), "No encontrado" ) -> 6415 | Q64: =IFERROR( _xlfn.XLOOKUP( "*"&LEFT(TRIM(CLEAN(B64)),50)&"*", HISTORICOS!F:F, HISTORICOS!H:H, "No encontrado", 2 ), "No encontrado" ) -> 5400 | R64: =IFERROR( _xlfn.XLOOKUP( "*"&LEFT(TRIM(CLEAN(B64)),10)&"*", HISTORICOS!K:K, HISTORICOS!M:M, "No encontrado", 2 ), "No encontrado" ) -> 6000 | S64: =IFERROR( _xlfn.XLOOKUP("*"&LEFT(TRIM(CLEAN(B64)),50)&"*",HISTORICOS!P:P,HISTORICOS!R:R,"No encontrado",2), IFERROR( _xlfn.XLOOKUP("*"&LEFT(TRIM(CLEAN(B64)),40)&"*",HISTORICOS!P:P,HISTORICOS!R:R,"No encontrado",2), IFERROR( _xlfn.XLOOKUP("*"&LEFT(TRIM(CLEAN(B64)),30)&"*",HISTORICOS!P:P,HISTORICOS!R:R,"No encontrado",2), IFERROR( _xlfn.XLOOKUP("*"&LEFT(TRIM(CLEAN(B64)),20)&"*",HISTORICOS!P:P,HISTORICOS!R:R,"No encontrado",2), IFERROR( _xlfn.XLOOKUP("*"&LEFT(TRIM(CLEAN(B64)),10)&"*",HISTORICOS!P:P,HISTORICOS!R:R,"No encontrado",2), "No encontrado" ))))) -> 6000 | T64: =P64*(1+$Q$4)*(1+$R$4)*(1+$S$4)*1+($T$4) -> 7751.0279 | U64: =Q64*(1+$R$4)*(1+$S$4)*1+($T$4) -> 5970.5832 | V64: =R64*(1+$S$4)*1+($T$4) -> 6306.0624 | W64: =S64*(1+($T$4)) -> 6374.4 | X64: =_xlfn.STDEV.S(T64:W64)/AVERAGE(T64:W64) -> 0.11924003 | Y64: =IF(X64<=15%,"Bajo",IF(X64<=20%,"Moderado",IF(X64<=25%,"Alto","Muy alto"))) -> Bajo | Z64: =MEDIAN(T64:W64) -> 6340.2312 | AA64: =GEOMEAN(T64:W64) -> 6567.3991
A65: 55 | B65: Lápiz de escritura madera forma hexagonal de mina roja de grafito HB # 2 , con b orrador asegurado en casquillo de metal sin bordes afilados ni cortantes con borrador que no manche ni rompe el papel, banda roja de calidad controlada. De producción nacional preferiblemente | G65: Caja x 12 | H65: ='BELPAPEL (2a COTIZACION) '!J69 -> 4111 | I65: ='GRUPO LOS LAGOS SAS'!J69 -> 6500 | J65: ='SUMICORP LTDA'!J69 -> 14500 | K65: ='TELEAMARKETER (2a COTIZACION)'!J69 -> 35700 | L65: =_xlfn.STDEV.S(H65:K65)/AVERAGE(H65:K65) -> 0.94515139 | M65: =IF(L65<=15%,"Bajo",IF(L65<=20%,"Moderado",IF(L65<=25%,"Alto","Muy alto"))) -> Muy alto | N65: =MEDIAN(H65:K65) -> 10500 | P65: =IFERROR( _xlfn.XLOOKUP( "*"&LEFT(B65,70)&"*", HISTORICOS!B:B, HISTORICOS!D:D, "No encontrado", 2 ), "No encontrado" ) -> 3581 | Q65: =IFERROR( _xlfn.XLOOKUP( "*"&LEFT(TRIM(CLEAN(B65)),70)&"*", HISTORICOS!F:F, HISTORICOS!H:H, "No encontrado", 2 ), "No encontrado" ) -> 7200 | R65: =IFERROR( _xlfn.XLOOKUP( "*"&LEFT(TRIM(CLEAN(B65)),100)&"*", HISTORICOS!K:K, HISTORICOS!M:M, "No encontrado", 2 ), "No encontrado" ) -> 5405 | S65: =IFERROR( _xlfn.XLOOKUP("*"&LEFT(TRIM(CLEAN(B65)),100)&"*",HISTORICOS!P:P,HISTORICOS!R:R,"No encontrado",2), IFERROR( _xlfn.XLOOKUP("*"&LEFT(TRIM(CLEAN(B65)),70)&"*",HISTORICOS!P:P,HISTORICOS!R:R,"No encontrado",2), IFERROR( _xlfn.XLOOKUP("*"&LEFT(TRIM(CLEAN(B65)),50)&"*",HISTORICOS!P:P,HISTORICOS!R:R,"No encontrado",2), IFERROR( _xlfn.XLOOKUP("*"&LEFT(TRIM(CLEAN(B65)),30)&"*",HISTORICOS!P:P,HISTORICOS!R:R,"No encontrado",2), IFERROR( _xlfn.XLOOKUP("*"&LEFT(TRIM(CLEAN(B65)),10)&"*",HISTORICOS!P:P,HISTORICOS!R:R,"No encontrado",2), "No encontrado" ))))) -> 5405 | T65: =P65*(1+$Q$4)*(1+$R$4)*(1+$S$4)*1+($T$4) -> 4326.8289 | U65: =Q65*(1+$R$4)*(1+$S$4)*1+($T$4) -> 7960.7568 | V65: =R65*(1+$S$4)*1+($T$4) -> 5680.7174 | W65: =S65*(1+($T$4)) -> 5742.272 | X65: =_xlfn.STDEV.S(T65:W65)/AVERAGE(T65:W65) -> 0.2538282 | Y65: =IF(X65<=15%,"Bajo",IF(X65<=20%,"Moderado",IF(X65<=25%,"Alto","Muy alto"))) -> Muy alto | Z65: =MEDIAN(T65:W65) -> 5711.4947 | AA65: =GEOMEAN(T65:W65) -> 5789.656
A66: 56 | B66: Marcador borrable negro | G66: Caja x 10 | H66: ='BELPAPEL (2a COTIZACION) '!J70 -> 16443 | I66: ='GRUPO LOS LAGOS SAS'!J70 -> 19040 | J66: ='SUMICORP LTDA'!J70 -> 24990 | K66: ='TELEAMARKETER (2a COTIZACION)'!J70 -> 40698 | L66: =_xlfn.STDEV.S(H66:K66)/AVERAGE(H66:K66) -> 0.42998418 | M66: =IF(L66<=15%,"Bajo",IF(L66<=20%,"Moderado",IF(L66<=25%,"Alto","Muy alto"))) -> Muy alto | N66: =MEDIAN(H66:K66) -> 22015 | P66: No comparable | Q66: =IFERROR( _xlfn.XLOOKUP( "*"&LEFT(TRIM(CLEAN(B66)),70)&"*", HISTORICOS!F:F, HISTORICOS!H:H, "No encontrado", 2 ), "No encontrado" ) -> 14013.44 | R66: =IFERROR( _xlfn.XLOOKUP( "*"&LEFT(TRIM(CLEAN(B66)),100)&"*", HISTORICOS!K:K, HISTORICOS!M:M, "No encontrado", 2 ), "No encontrado" ) -> 17850 | S66: =IFERROR( _xlfn.XLOOKUP("*"&LEFT(TRIM(CLEAN(B66)),100)&"*",HISTORICOS!P:P,HISTORICOS!R:R,"No encontrado",2), IFERROR( _xlfn.XLOOKUP("*"&LEFT(TRIM(CLEAN(B66)),70)&"*",HISTORICOS!P:P,HISTORICOS!R:R,"No encontrado",2), IFERROR( _xlfn.XLOOKUP("*"&LEFT(TRIM(CLEAN(B66)),50)&"*",HISTORICOS!P:P,HISTORICOS!R:R,"No encontrado",2), IFERROR( _xlfn.XLOOKUP("*"&LEFT(TRIM(CLEAN(B66)),30)&"*",HISTORICOS!P:P,HISTORICOS!R:R,"No encontrado",2), IFERROR( _xlfn.XLOOKUP("*"&LEFT(TRIM(CLEAN(B66)),10)&"*",HISTORICOS!P:P,HISTORICOS!R:R,"No encontrado",2), "No encontrado" ))))) -> 17850 | T66: No comparable | U66: =Q66*(1+$R$4)*(1+$S$4)*1+($T$4) -> 15494.05 | V66: =R66*(1+$S$4)*1+($T$4) -> 18760.412 | W66: =S66*(1+($T$4)) -> 18963.84 | X66: =_xlfn.STDEV.S(T66:W66)/AVERAGE(T66:W66) -> 0.10976775 | Y66: =IF(X66<=15%,"Bajo",IF(X66<=20%,"Moderado",IF(X66<=25%,"Alto","Muy alto"))) -> Bajo | Z66: =MEDIAN(T66:W66) -> 18760.412 | AA66: =GEOMEAN(T66:W66) -> 17664.901
A67: 57 | B67: Marcador borrable colores surtidos | G67: Caja x 10 | H67: ='BELPAPEL (2a COTIZACION) '!J71 -> 16493 | I67: ='GRUPO LOS LAGOS SAS'!J71 -> 19040 | J67: ='SUMICORP LTDA'!J71 -> 24990 | K67: ='TELEAMARKETER (2a COTIZACION)'!J71 -> 45934 | L67: =_xlfn.STDEV.S(H67:K67)/AVERAGE(H67:K67) -> 0.50209503 | M67: =IF(L67<=15%,"Bajo",IF(L67<=20%,"Moderado",IF(L67<=25%,"Alto","Muy alto"))) -> Muy alto | N67: =MEDIAN(H67:K67) -> 22015 | P67: =IFERROR( _xlfn.XLOOKUP( "*"&LEFT(B67,70)&"*", HISTORICOS!B:B, HISTORICOS!D:D, "No encontrado", 2 ), "No encontrado" ) -> 1817 | Q67: =IFERROR( _xlfn.XLOOKUP( "*"&LEFT(TRIM(CLEAN(B67)),10)&"*", HISTORICOS!F:F, HISTORICOS!H:H, "No encontrado", 2 ), "No encontrado" ) -> 14013.44 | R67: =IFERROR( _xlfn.XLOOKUP( "*"&LEFT(TRIM(CLEAN(B67)),100)&"*", HISTORICOS!K:K, HISTORICOS!M:M, "No encontrado", 2 ), "No encontrado" ) -> 20230 | S67: =IFERROR( _xlfn.XLOOKUP("*"&LEFT(TRIM(CLEAN(B67)),100)&"*",HISTORICOS!P:P,HISTORICOS!R:R,"No encontrado",2), IFERROR( _xlfn.XLOOKUP("*"&LEFT(TRIM(CLEAN(B67)),70)&"*",HISTORICOS!P:P,HISTORICOS!R:R,"No encontrado",2), IFERROR( _xlfn.XLOOKUP("*"&LEFT(TRIM(CLEAN(B67)),50)&"*",HISTORICOS!P:P,HISTORICOS!R:R,"No encontrado",2), IFERROR( _xlfn.XLOOKUP("*"&LEFT(TRIM(CLEAN(B67)),30)&"*",HISTORICOS!P:P,HISTORICOS!R:R,"No encontrado",2), IFERROR( _xlfn.XLOOKUP("*"&LEFT(TRIM(CLEAN(B67)),10)&"*",HISTORICOS!P:P,HISTORICOS!R:R,"No encontrado",2), "No encontrado" ))))) -> 20230 | T67: =P67*(1+$Q$4)*(1+$R$4)*(1+$S$4)*1+($T$4) -> 2195.4645 | U67: =Q67*(1+$R$4)*(1+$S$4)*1+($T$4) -> 15494.05 | V67: =R67*(1+$S$4)*1+($T$4) -> 21261.792 | W67: =S67*(1+($T$4)) -> 21492.352 | X67: =_xlfn.STDEV.S(T67:W67)/AVERAGE(T67:W67) -> 0.59866615 | Y67: =IF(X67<=15%,"Bajo",IF(X67<=20%,"Moderado",IF(X67<=25%,"Alto","Muy alto"))) -> Muy alto | Z67: =MEDIAN(T67:W67) -> 18377.921 | AA67: =GEOMEAN(T67:W67) -> 11165.902
A68: 58 | B68: Marcador permanente alto rendimiento punta fina, Color negro | G68: Caja x 10 | H68: ='BELPAPEL (2a COTIZACION) '!J72 -> 19430 | I68: ='GRUPO LOS LAGOS SAS'!J72 -> 18445 | J68: ='SUMICORP LTDA'!J72 -> 35105 | K68: ='TELEAMARKETER (2a COTIZACION)'!J72 -> 57715 | L68: =_xlfn.STDEV.S(H68:K68)/AVERAGE(H68:K68) -> 0.56179689 | M68: =IF(L68<=15%,"Bajo",IF(L68<=20%,"Moderado",IF(L68<=25%,"Alto","Muy alto"))) -> Muy alto | N68: =MEDIAN(H68:K68) -> 27267.5 | P68: {=IFERROR( INDEX(HISTORICOS!D$3:D$994, MATCH( TRUE, ISNUMBER(SEARCH(MID(B68,ROW($1:$100),30),HISTORICOS!B$3:B$994)), 0 ) ), "No encontrado" )} -> 8404 | Q68: =IFERROR( _xlfn.XLOOKUP( "*"&LEFT(TRIM(CLEAN(B68)),70)&"*", HISTORICOS!F:F, HISTORICOS!H:H, "No encontrado", 2 ), "No encontrado" ) -> 12642.56 | R68: =IFERROR( _xlfn.XLOOKUP( "*"&LEFT(TRIM(CLEAN(B68)),100)&"*", HISTORICOS!K:K, HISTORICOS!M:M, "No encontrado", 2 ), "No encontrado" ) -> 13090 | S68: =IFERROR( _xlfn.XLOOKUP("*"&LEFT(TRIM(CLEAN(B68)),100)&"*",HISTORICOS!P:P,HISTORICOS!R:R,"No encontrado",2), IFERROR( _xlfn.XLOOKUP("*"&LEFT(TRIM(CLEAN(B68)),70)&"*",HISTORICOS!P:P,HISTORICOS!R:R,"No encontrado",2), IFERROR( _xlfn.XLOOKUP("*"&LEFT(TRIM(CLEAN(B68)),50)&"*",HISTORICOS!P:P,HISTORICOS!R:R,"No encontrado",2), IFERROR( _xlfn.XLOOKUP("*"&LEFT(TRIM(CLEAN(B68)),30)&"*",HISTORICOS!P:P,HISTORICOS!R:R,"No encontrado",2), IFERROR( _xlfn.XLOOKUP("*"&LEFT(TRIM(CLEAN(B68)),10)&"*",HISTORICOS!P:P,HISTORICOS!R:R,"No encontrado",2), "No encontrado" ))))) -> 13090 | T68: =P68*(1+$Q$4)*(1+$R$4)*(1+$S$4)*1+($T$4) -> 10154.25 | U68: =Q68*(1+$R$4)*(1+$S$4)*1+($T$4) -> 13978.334 | V68: =R68*(1+$S$4)*1+($T$4) -> 13757.652 | W68: =S68*(1+($T$4)) -> 13906.816 | X68: =_xlfn.STDEV.S(T68:W68)/AVERAGE(T68:W68) -> 0.14407063 | Y68: =IF(X68<=15%,"Bajo",IF(X68<=20%,"Moderado",IF(X68<=25%,"Alto","Muy alto"))) -> Bajo | Z68: =MEDIAN(T68:W68) -> 13832.234 | AA68: =GEOMEAN(T68:W68) -> 12837.156
A69: 59 | B69: Marcador permanente alto rendimiento punta fina Colores surtidos | G69: Caja x 10 | H69: ='BELPAPEL (2a COTIZACION) '!J73 -> 21429 | I69: ='GRUPO LOS LAGOS SAS'!J73 -> 18445 | J69: ='SUMICORP LTDA'!J73 -> 35105 | K69: ='TELEAMARKETER (2a COTIZACION)'!J73 -> 64141 | L69: =_xlfn.STDEV.S(H69:K69)/AVERAGE(H69:K69) -> 0.60019174 | M69: =IF(L69<=15%,"Bajo",IF(L69<=20%,"Moderado",IF(L69<=25%,"Alto","Muy alto"))) -> Muy alto | N69: =MEDIAN(H69:K69) -> 28267 | P69: =HISTORICOS!D59 -> 6778 | Q69: =IFERROR( _xlfn.XLOOKUP( "*"&LEFT(TRIM(CLEAN(B69)),50)&"*", HISTORICOS!F:F, HISTORICOS!H:H, "No encontrado", 2 ), "No encontrado" ) -> 12642.56 | R69: =IFERROR( _xlfn.XLOOKUP( "*"&LEFT(TRIM(CLEAN(B69)),100)&"*", HISTORICOS!K:K, HISTORICOS!M:M, "No encontrado", 2 ), "No encontrado" ) -> 13090 | S69: =IFERROR( _xlfn.XLOOKUP("*"&LEFT(TRIM(CLEAN(B69)),100)&"*",HISTORICOS!P:P,HISTORICOS!R:R,"No encontrado",2), IFERROR( _xlfn.XLOOKUP("*"&LEFT(TRIM(CLEAN(B69)),70)&"*",HISTORICOS!P:P,HISTORICOS!R:R,"No encontrado",2), IFERROR( _xlfn.XLOOKUP("*"&LEFT(TRIM(CLEAN(B69)),50)&"*",HISTORICOS!P:P,HISTORICOS!R:R,"No encontrado",2), IFERROR( _xlfn.XLOOKUP("*"&LEFT(TRIM(CLEAN(B69)),30)&"*",HISTORICOS!P:P,HISTORICOS!R:R,"No encontrado",2), IFERROR( _xlfn.XLOOKUP("*"&LEFT(TRIM(CLEAN(B69)),10)&"*",HISTORICOS!P:P,HISTORICOS!R:R,"No encontrado",2), "No encontrado" ))))) -> 13090 | T69: =P69*(1+$Q$4)*(1+$R$4)*(1+$S$4)*1+($T$4) -> 8189.625 | U69: =Q69*(1+$R$4)*(1+$S$4)*1+($T$4) -> 13978.334 | V69: =R69*(1+$S$4)*1+($T$4) -> 13757.652 | W69: =S69*(1+($T$4)) -> 13906.816 | X69: =_xlfn.STDEV.S(T69:W69)/AVERAGE(T69:W69) -> 0.22853707 | Y69: =IF(X69<=15%,"Bajo",IF(X69<=20%,"Moderado",IF(X69<=25%,"Alto","Muy alto"))) -> Alto | Z69: =MEDIAN(T69:W69) -> 13832.234 | AA69: =GEOMEAN(T69:W69) -> 12165.301
A70: 60 | B70: Marcador permanente, cuerpo y tapa en polipropileno, colores surtidos, Tinta in deleble a base de alcohol de secado rápido, calor y humedad, para escribir sobre cualquier superficie alto rendimiento varios colores, Longitud de cuerpo entre 120 - 155 mm, diámetro 1 2 - 1 8 mm, Punta gruesa biselada con trazo de 2,3 mm a 4,9 mm Cierre hermético | G70: Caja x 10 | H70: ='BELPAPEL (2a COTIZACION) '!J74 -> 15981 | I70: ='GRUPO LOS LAGOS SAS'!J74 -> 17850 | J70: ='SUMICORP LTDA'!J74 -> 23800 | K70: ='TELEAMARKETER (2a COTIZACION)'!J74 -> 38318 | L70: =_xlfn.STDEV.S(H70:K70)/AVERAGE(H70:K70) -> 0.42184145 | M70: =IF(L70<=15%,"Bajo",IF(L70<=20%,"Moderado",IF(L70<=25%,"Alto","Muy alto"))) -> Muy alto | N70: =MEDIAN(H70:K70) -> 20825 | P70: =IFERROR( _xlfn.XLOOKUP( "*"&LEFT(TRIM(CLEAN(SUBSTITUTE(B70,CHAR(10)," "))),35)&"*", HISTORICOS!B:B, HISTORICOS!D:D, "No encontrado", 2 ), "No encontrado" ) -> 7985 | Q70: =IFERROR( _xlfn.XLOOKUP( "*"&LEFT(TRIM(CLEAN(B70)),50)&"*", HISTORICOS!F:F, HISTORICOS!H:H, "No encontrado", 2 ), "No encontrado" ) -> 12642.56 | R70: =IFERROR( _xlfn.XLOOKUP( "*"&LEFT(TRIM(CLEAN(B70)),100)&"*", HISTORICOS!K:K, HISTORICOS!M:M, "No encontrado", 2 ), "No encontrado" ) -> 14280 | S70: =IFERROR( _xlfn.XLOOKUP("*"&LEFT(TRIM(CLEAN(B70)),100)&"*",HISTORICOS!P:P,HISTORICOS!R:R,"No encontrado",2), IFERROR( _xlfn.XLOOKUP("*"&LEFT(TRIM(CLEAN(B70)),70)&"*",HISTORICOS!P:P,HISTORICOS!R:R,"No encontrado",2), IFERROR( _xlfn.XLOOKUP("*"&LEFT(TRIM(CLEAN(B70)),50)&"*",HISTORICOS!P:P,HISTORICOS!R:R,"No encontrado",2), IFERROR( _xlfn.XLOOKUP("*"&LEFT(TRIM(CLEAN(B70)),30)&"*",HISTORICOS!P:P,HISTORICOS!R:R,"No encontrado",2), IFERROR( _xlfn.XLOOKUP("*"&LEFT(TRIM(CLEAN(B70)),10)&"*",HISTORICOS!P:P,HISTORICOS!R:R,"No encontrado",2), "No encontrado" ))))) -> 14280 | T70: =P70*(1+$Q$4)*(1+$R$4)*(1+$S$4)*1+($T$4) -> 9647.9906 | U70: =Q70*(1+$R$4)*(1+$S$4)*1+($T$4) -> 13978.334 | V70: =R70*(1+$S$4)*1+($T$4) -> 15008.342 | W70: =S70*(1+($T$4)) -> 15171.072 | X70: =_xlfn.STDEV.S(T70:W70)/AVERAGE(T70:W70) -> 0.1925475 | Y70: =IF(X70<=15%,"Bajo",IF(X70<=20%,"Moderado",IF(X70<=25%,"Alto","Muy alto"))) -> Moderado | Z70: =MEDIAN(T70:W70) -> 14493.338 | AA70: =GEOMEAN(T70:W70) -> 13237.633
A71: 61 | B71: Memoria USB mínimo 16 gb | G71: Unidad | H71: ='BELPAPEL (2a COTIZACION) '!J75 -> 22678 | I71: ='GRUPO LOS LAGOS SAS'!J75 -> 35581 | J71: ='SUMICORP LTDA'!J75 -> 42840 | K71: ='TELEAMARKETER (2a COTIZACION)'!J75 -> 38080 | L71: =_xlfn.STDEV.S(H71:K71)/AVERAGE(H71:K71) -> 0.24776049 | M71: =IF(L71<=15%,"Bajo",IF(L71<=20%,"Moderado",IF(L71<=25%,"Alto","Muy alto"))) -> Alto | N71: =MEDIAN(H71:K71) -> 36830.5 | P71: No comparable | Q71: =IFERROR( _xlfn.XLOOKUP( "*"&LEFT(TRIM(CLEAN(B71)),50)&"*", HISTORICOS!F:F, HISTORICOS!H:H, "No encontrado", 2 ), "No encontrado" ) -> 20563.2 | R71: =IFERROR( _xlfn.XLOOKUP( "*"&LEFT(TRIM(CLEAN(B71)),100)&"*", HISTORICOS!K:K, HISTORICOS!M:M, "No encontrado", 2 ), "No encontrado" ) -> 21420 | S71: =IFERROR( _xlfn.XLOOKUP("*"&LEFT(TRIM(CLEAN(B71)),100)&"*",HISTORICOS!P:P,HISTORICOS!R:R,"No encontrado",2), IFERROR( _xlfn.XLOOKUP("*"&LEFT(TRIM(CLEAN(B71)),70)&"*",HISTORICOS!P:P,HISTORICOS!R:R,"No encontrado",2), IFERROR( _xlfn.XLOOKUP("*"&LEFT(TRIM(CLEAN(B71)),50)&"*",HISTORICOS!P:P,HISTORICOS!R:R,"No encontrado",2), IFERROR( _xlfn.XLOOKUP("*"&LEFT(TRIM(CLEAN(B71)),30)&"*",HISTORICOS!P:P,HISTORICOS!R:R,"No encontrado",2), IFERROR( _xlfn.XLOOKUP("*"&LEFT(TRIM(CLEAN(B71)),10)&"*",HISTORICOS!P:P,HISTORICOS!R:R,"No encontrado",2), "No encontrado" ))))) -> 21420 | T71: No comparable | U71: =Q71*(1+$R$4)*(1+$S$4)*1+($T$4) -> 22735.806 | V71: =R71*(1+$S$4)*1+($T$4) -> 22512.482 | W71: =S71*(1+($T$4)) -> 22756.608 | X71: =_xlfn.STDEV.S(T71:W71)/AVERAGE(T71:W71) -> 0.0059705016 | Y71: =IF(X71<=15%,"Bajo",IF(X71<=20%,"Moderado",IF(X71<=25%,"Alto","Muy alto"))) -> Bajo | Z71: =MEDIAN(T71:W71) -> 22735.806 | AA71: =GEOMEAN(T71:W71) -> 22668.029
A72: 62 | B72: Memoria USB mínimo 32 GB | G72: Unidad | H72: ='BELPAPEL (2a COTIZACION) '!J76 -> 31238 | I72: ='GRUPO LOS LAGOS SAS'!J76 -> 35581 | J72: ='SUMICORP LTDA'!J76 -> 57120 | K72: ='TELEAMARKETER (2a COTIZACION)'!J76 -> 49980 | L72: =_xlfn.STDEV.S(H72:K72)/AVERAGE(H72:K72) -> 0.2787116 | M72: =IF(L72<=15%,"Bajo",IF(L72<=20%,"Moderado",IF(L72<=25%,"Alto","Muy alto"))) -> Muy alto | N72: =MEDIAN(H72:K72) -> 42780.5 | P72: No comparable | Q72: No comparable | R72: No comparable | S72: No comparable | T72: No comparable | U72: No comparable | V72: No comparable | W72: No comparable | X72: No comparable | Y72: No comparable | Z72: No comparable | AA72: No comparable
A73: 63 | B73: Memoria USB mínimo 128 gb | G73: Unidad | H73: ='BELPAPEL (2a COTIZACION) '!J77 -> 78469 | I73: ='GRUPO LOS LAGOS SAS'!J77 -> 47481 | J73: ='SUMICORP LTDA'!J77 -> 77350 | K73: ='TELEAMARKETER (2a COTIZACION)'!J77 -> 61880 | L73: =_xlfn.STDEV.S(H73:K73)/AVERAGE(H73:K73) -> 0.2209838 | M73: =IF(L73<=15%,"Bajo",IF(L73<=20%,"Moderado",IF(L73<=25%,"Alto","Muy alto"))) -> Alto | N73: =MEDIAN(H73:K73) -> 69615 | P73: No comparable | Q73: =IFERROR( _xlfn.XLOOKUP( "*"&LEFT(TRIM(CLEAN(B73)),50)&"*", HISTORICOS!F:F, HISTORICOS!H:H, "No encontrado", 2 ), "No encontrado" ) -> 30940 | R73: =IFERROR( _xlfn.XLOOKUP( "*"&LEFT(TRIM(CLEAN(B73)),100)&"*", HISTORICOS!K:K, HISTORICOS!M:M, "No encontrado", 2 ), "No encontrado" ) -> 39627 | S73: =IFERROR( _xlfn.XLOOKUP("*"&LEFT(TRIM(CLEAN(B73)),100)&"*",HISTORICOS!P:P,HISTORICOS!R:R,"No encontrado",2), IFERROR( _xlfn.XLOOKUP("*"&LEFT(TRIM(CLEAN(B73)),70)&"*",HISTORICOS!P:P,HISTORICOS!R:R,"No encontrado",2), IFERROR( _xlfn.XLOOKUP("*"&LEFT(TRIM(CLEAN(B73)),50)&"*",HISTORICOS!P:P,HISTORICOS!R:R,"No encontrado",2), IFERROR( _xlfn.XLOOKUP("*"&LEFT(TRIM(CLEAN(B73)),30)&"*",HISTORICOS!P:P,HISTORICOS!R:R,"No encontrado",2), IFERROR( _xlfn.XLOOKUP("*"&LEFT(TRIM(CLEAN(B73)),10)&"*",HISTORICOS!P:P,HISTORICOS!R:R,"No encontrado",2), "No encontrado" ))))) -> 39627 | T73: No comparable | U73: =Q73*(1+$R$4)*(1+$S$4)*1+($T$4) -> 34208.935 | V73: =R73*(1+$S$4)*1+($T$4) -> 41648.039 | W73: =S73*(1+($T$4)) -> 42099.725 | X73: =_xlfn.STDEV.S(T73:W73)/AVERAGE(T73:W73) -> 0.1126969 | Y73: =IF(X73<=15%,"Bajo",IF(X73<=20%,"Moderado",IF(X73<=25%,"Alto","Muy alto"))) -> Bajo | Z73: =MEDIAN(T73:W73) -> 41648.039 | AA73: =GEOMEAN(T73:W73) -> 39144.534
A74: 64 | B74: Micropunta negro, 0,5 mm., punta con soporte plástico, alto rendimiento, escritura suave | G74: Caja x 10 | H74: ='BELPAPEL (2a COTIZACION) '!J78 -> 7803 | I74: ='GRUPO LOS LAGOS SAS'!J78 -> 18445 | J74: ='SUMICORP LTDA'!J78 -> 24395 | K74: ='TELEAMARKETER (2a COTIZACION)'!J78 -> 5950 | L74: =_xlfn.STDEV.S(H74:K74)/AVERAGE(H74:K74) -> 0.62012349 | M74: =IF(L74<=15%,"Bajo",IF(L74<=20%,"Moderado",IF(L74<=25%,"Alto","Muy alto"))) -> Muy alto | N74: =MEDIAN(H74:K74) -> 13124 | P74: =IFERROR( _xlfn.XLOOKUP( "*"&LEFT(B74,FIND(" ",B74&" ")-1)&"*", HISTORICOS!B:B, HISTORICOS!D:D, "No encontrado", 2 ), "No encontrado" ) -> 12050 | Q74: =IFERROR( _xlfn.XLOOKUP( "*"&LEFT(TRIM(CLEAN(B74)),50)&"*", HISTORICOS!F:F, HISTORICOS!H:H, "No encontrado", 2 ), "No encontrado" ) -> 12947.2 | R74: =IFERROR( _xlfn.XLOOKUP( "*"&LEFT(TRIM(CLEAN(B74)),10)&"*", HISTORICOS!K:K, HISTORICOS!M:M, "No encontrado", 2 ), "No encontrado" ) -> 13685 | S74: =IFERROR( _xlfn.XLOOKUP( "*"&LEFT(TRIM(CLEAN(B74)),10)&"*", HISTORICOS!P:P, HISTORICOS!R:R, "No encontrado", 2 ), "No encontrado" ) -> 13685 | T74: =P74*(1+$Q$4)*(1+$R$4)*(1+$S$4)*1+($T$4) -> 14559.553 | U74: =Q74*(1+$R$4)*(1+$S$4)*1+($T$4) -> 14315.16 | V74: =R74*(1+$S$4)*1+($T$4) -> 14382.997 | W74: =S74*(1+($T$4)) -> 14538.944 | X74: =_xlfn.STDEV.S(T74:W74)/AVERAGE(T74:W74) -> 0.0082452976 | Y74: =IF(X74<=15%,"Bajo",IF(X74<=20%,"Moderado",IF(X74<=25%,"Alto","Muy alto"))) -> Bajo | Z74: =MEDIAN(T74:W74) -> 14460.971 | AA74: =GEOMEAN(T74:W74) -> 14448.795
A75: 65 | B75: Micropunta colores surtidos | G75: Caja x 10 | H75: ='BELPAPEL (2a COTIZACION) '!J79 -> 9471 | I75: ='GRUPO LOS LAGOS SAS'!J79 -> 18445 | J75: ='SUMICORP LTDA'!J79 -> 24395 | K75: ='TELEAMARKETER (2a COTIZACION)'!J79 -> 58310 | L75: =_xlfn.STDEV.S(H75:K75)/AVERAGE(H75:K75) -> 0.77154537 | M75: =IF(L75<=15%,"Bajo",IF(L75<=20%,"Moderado",IF(L75<=25%,"Alto","Muy alto"))) -> Muy alto | N75: =MEDIAN(H75:K75) -> 21420 | P75: =IFERROR( _xlfn.XLOOKUP( "*"&LEFT(TRIM(CLEAN(SUBSTITUTE(B75,CHAR(10)," "))),35)&"*", HISTORICOS!B:B, HISTORICOS!D:D, "No encontrado", 2 ), "No encontrado" ) -> 11216 | Q75: =IFERROR( _xlfn.XLOOKUP( "*"&LEFT(TRIM(CLEAN(B75)),10)&"*", HISTORICOS!F:F, HISTORICOS!H:H, "No encontrado", 2 ), "No encontrado" ) -> 12947.2 | R75: =IFERROR( _xlfn.XLOOKUP( "*"&LEFT(TRIM(CLEAN(B75)),100)&"*", HISTORICOS!K:K, HISTORICOS!M:M, "No encontrado", 2 ), "No encontrado" ) -> 13685 | S75: =IFERROR( _xlfn.XLOOKUP("*"&LEFT(TRIM(CLEAN(B75)),100)&"*",HISTORICOS!P:P,HISTORICOS!R:R,"No encontrado",2), IFERROR( _xlfn.XLOOKUP("*"&LEFT(TRIM(CLEAN(B75)),70)&"*",HISTORICOS!P:P,HISTORICOS!R:R,"No encontrado",2), IFERROR( _xlfn.XLOOKUP("*"&LEFT(TRIM(CLEAN(B75)),50)&"*",HISTORICOS!P:P,HISTORICOS!R:R,"No encontrado",2), IFERROR( _xlfn.XLOOKUP("*"&LEFT(TRIM(CLEAN(B75)),30)&"*",HISTORICOS!P:P,HISTORICOS!R:R,"No encontrado",2), IFERROR( _xlfn.XLOOKUP("*"&LEFT(TRIM(CLEAN(B75)),10)&"*",HISTORICOS!P:P,HISTORICOS!R:R,"No encontrado",2), "No encontrado" ))))) -> 13685 | T75: =P75*(1+$Q$4)*(1+$R$4)*(1+$S$4)*1+($T$4) -> 13551.867 | U75: =Q75*(1+$R$4)*(1+$S$4)*1+($T$4) -> 14315.16 | V75: =R75*(1+$S$4)*1+($T$4) -> 14382.997 | W75: =S75*(1+($T$4)) -> 14538.944 | X75: =_xlfn.STDEV.S(T75:W75)/AVERAGE(T75:W75) -> 0.031015361 | Y75: =IF(X75<=15%,"Bajo",IF(X75<=20%,"Moderado",IF(X75<=25%,"Alto","Muy alto"))) -> Bajo | Z75: =MEDIAN(T75:W75) -> 14349.079 | AA75: =GEOMEAN(T75:W75) -> 14192.026
A76: 66 | B76: Bolígrafo de mina roja retráctil, semi gel, punta 0.7 mm | G76: Unidad | H76: ='BELPAPEL (2a COTIZACION) '!J80 -> 619 | I76: ='GRUPO LOS LAGOS SAS'!J80 -> 1166.2 | J76: ='SUMICORP LTDA'!J80 -> 1785 | K76: ='TELEAMARKETER (2a COTIZACION)'!J80 -> 5355 | L76: =_xlfn.STDEV.S(H76:K76)/AVERAGE(H76:K76) -> 0.9573995 | M76: =IF(L76<=15%,"Bajo",IF(L76<=20%,"Moderado",IF(L76<=25%,"Alto","Muy alto"))) -> Muy alto | N76: =MEDIAN(H76:K76) -> 1475.6 | P76: =IFERROR( _xlfn.XLOOKUP( "*"&LEFT(B76,FIND(" ",B76&" ")-1)&"*", HISTORICOS!B:B, HISTORICOS!D:D, "No encontrado", 2 ), "No encontrado" ) -> 1235 | Q76: =IFERROR( _xlfn.XLOOKUP( "*"&LEFT(TRIM(CLEAN(B76)),10)&"*", HISTORICOS!F:F, HISTORICOS!H:H, "No encontrado", 2 ), "No encontrado" ) -> 963.9 | R76: =IFERROR( _xlfn.XLOOKUP( "*"&LEFT(TRIM(CLEAN(B76)),10)&"*", HISTORICOS!K:K, HISTORICOS!M:M, "No encontrado", 2 ), "No encontrado" ) -> 1029.35 | S76: =IFERROR( _xlfn.XLOOKUP("*"&LEFT(TRIM(CLEAN(B50)),50)&"*",HISTORICOS!P:P,HISTORICOS!R:R,"No encontrado",2), IFERROR( _xlfn.XLOOKUP("*"&LEFT(TRIM(CLEAN(B50)),40)&"*",HISTORICOS!P:P,HISTORICOS!R:R,"No encontrado",2), IFERROR( _xlfn.XLOOKUP("*"&LEFT(TRIM(CLEAN(B50)),30)&"*",HISTORICOS!P:P,HISTORICOS!R:R,"No encontrado",2), IFERROR( _xlfn.XLOOKUP("*"&LEFT(TRIM(CLEAN(B50)),20)&"*",HISTORICOS!P:P,HISTORICOS!R:R,"No encontrado",2), IFERROR( _xlfn.XLOOKUP("*"&LEFT(TRIM(CLEAN(B50)),10)&"*",HISTORICOS!P:P,HISTORICOS!R:R,"No encontrado",2), "No encontrado" ))))) -> 13090 | T76: =P76*(1+$Q$4)*(1+$R$4)*(1+$S$4)*1+($T$4) -> 1492.2592 | U76: =Q76*(1+$R$4)*(1+$S$4)*1+($T$4) -> 1065.8004 | V76: =R76*(1+$S$4)*1+($T$4) -> 1081.9092 | W76: =S76*(1+($T$4)) -> 13906.816 | X76: =_xlfn.STDEV.S(T76:W76)/AVERAGE(T76:W76) -> 1.4475162 | Y76: =IF(X76<=15%,"Bajo",IF(X76<=20%,"Moderado",IF(X76<=25%,"Alto","Muy alto"))) -> Muy alto | Z76: =MEDIAN(T76:W76) -> 1287.0842 | AA76: =GEOMEAN(T76:W76) -> 2211.743
A77: 67 | B77: Mina Para Portaminas 0,5 mm, Superpolymerisadas/ Ultraresistentes para su protección contra la rotura, HB | G77: Unidad | H77: ='BELPAPEL (2a COTIZACION) '!J81 -> 1487 | I77: ='GRUPO LOS LAGOS SAS'!J81 -> 1011.5 | J77: ='SUMICORP LTDA'!J81 -> 1666 | K77: ='TELEAMARKETER (2a COTIZACION)'!J81 -> 9282 | L77: =_xlfn.STDEV.S(H77:K77)/AVERAGE(H77:K77) -> 1.1769808 | M77: =IF(L77<=15%,"Bajo",IF(L77<=20%,"Moderado",IF(L77<=25%,"Alto","Muy alto"))) -> Muy alto | N77: =MEDIAN(H77:K77) -> 1576.5 | P77: =IFERROR( _xlfn.XLOOKUP( "*"&LEFT(TRIM(CLEAN(SUBSTITUTE(B77,CHAR(10)," "))),35)&"*", HISTORICOS!B:B, HISTORICOS!D:D, "No encontrado", 2 ), "No encontrado" ) -> 694 | Q77: =IFERROR( _xlfn.XLOOKUP( "*"&LEFT(TRIM(CLEAN(B77)),50)&"*", HISTORICOS!F:F, HISTORICOS!H:H, "No encontrado", 2 ), "No encontrado" ) -> 1218.56 | R77: =IFERROR( _xlfn.XLOOKUP( "*"&LEFT(TRIM(CLEAN(B77)),10)&"*", HISTORICOS!K:K, HISTORICOS!M:M, "No encontrado", 2 ), "No encontrado" ) -> 1190 | S77: =IFERROR( _xlfn.XLOOKUP( "*"&LEFT(TRIM(CLEAN(B77)),10)&"*", HISTORICOS!P:P, HISTORICOS!R:R, "No encontrado", 2 ), "No encontrado" ) -> 1190 | T77: =P77*(1+$Q$4)*(1+$R$4)*(1+$S$4)*1+($T$4) -> 838.59241 | U77: =Q77*(1+$R$4)*(1+$S$4)*1+($T$4) -> 1347.3657 | V77: =R77*(1+$S$4)*1+($T$4) -> 1250.7524 | W77: =S77*(1+($T$4)) -> 1264.256 | X77: =_xlfn.STDEV.S(T77:W77)/AVERAGE(T77:W77) -> 0.19439587 | Y77: =IF(X77<=15%,"Bajo",IF(X77<=20%,"Moderado",IF(X77<=25%,"Alto","Muy alto"))) -> Moderado | Z77: =MEDIAN(T77:W77) -> 1257.5042 | AA77: =GEOMEAN(T77:W77) -> 1156.1407
A78: 68 | B78: Mina Para Portaminas 0,7 mm, Superpolymerisadas/ Ultraresistentes para su protección contra la rotura, HB | G78: Unidad | H78: ='BELPAPEL (2a COTIZACION) '!J82 -> 1487 | I78: ='GRUPO LOS LAGOS SAS'!J82 -> 1071 | J78: ='SUMICORP LTDA'!J82 -> 1666 | K78: ='TELEAMARKETER (2a COTIZACION)'!J82 -> 8568 | L78: =_xlfn.STDEV.S(H78:K78)/AVERAGE(H78:K78) -> 1.1221595 | M78: =IF(L78<=15%,"Bajo",IF(L78<=20%,"Moderado",IF(L78<=25%,"Alto","Muy alto"))) -> Muy alto | N78: =MEDIAN(H78:K78) -> 1576.5 | P78: =IFERROR( _xlfn.XLOOKUP( "*"&LEFT(TRIM(CLEAN(SUBSTITUTE(B78,CHAR(10)," "))),35)&"*", HISTORICOS!B:B, HISTORICOS!D:D, "No encontrado", 2 ), "No encontrado" ) -> 844 | Q78: =IFERROR( _xlfn.XLOOKUP( "*"&LEFT(TRIM(CLEAN(B78)),70)&"*", HISTORICOS!F:F, HISTORICOS!H:H, "No encontrado", 2 ), "No encontrado" ) -> 1218.56 | R78: =IFERROR( _xlfn.XLOOKUP( "*"&LEFT(TRIM(CLEAN(B78)),30)&"*", HISTORICOS!K:K, HISTORICOS!M:M, "No encontrado", 2 ), "No encontrado" ) -> 1309 | S78: =IFERROR( _xlfn.XLOOKUP( "*"&LEFT(TRIM(CLEAN(B78)),10)&"*", HISTORICOS!P:P, HISTORICOS!R:R, "No encontrado", 2 ), "No encontrado" ) -> 1190 | T78: =P78*(1+$Q$4)*(1+$R$4)*(1+$S$4)*1+($T$4) -> 1019.8309 | U78: =Q78*(1+$R$4)*(1+$S$4)*1+($T$4) -> 1347.3657 | V78: =R78*(1+$S$4)*1+($T$4) -> 1375.8214 | W78: =S78*(1+($T$4)) -> 1264.256 | X78: =_xlfn.STDEV.S(T78:W78)/AVERAGE(T78:W78) -> 0.12920358 | Y78: =IF(X78<=15%,"Bajo",IF(X78<=20%,"Moderado",IF(X78<=25%,"Alto","Muy alto"))) -> Bajo | Z78: =MEDIAN(T78:W78) -> 1305.8109 | AA78: =GEOMEAN(T78:W78) -> 1243.3766
A79: 69 | B79: Notas Autoadhesivas Estándar/ Taco/ Bloque/ Cubo De Mínimo 100 Hojas varios colores | G79: Taco x 100 | H79: ='BELPAPEL (2a COTIZACION) '!J83 -> 5129 | I79: ='GRUPO LOS LAGOS SAS'!J83 -> 2380 | J79: ='SUMICORP LTDA'!J83 -> 4998 | K79: ='TELEAMARKETER (2a COTIZACION)'!J83 -> 7735 | L79: =_xlfn.STDEV.S(H79:K79)/AVERAGE(H79:K79) -> 0.43213643 | M79: =IF(L79<=15%,"Bajo",IF(L79<=20%,"Moderado",IF(L79<=25%,"Alto","Muy alto"))) -> Muy alto | N79: =MEDIAN(H79:K79) -> 5063.5 | P79: =IFERROR( _xlfn.XLOOKUP( "*"&LEFT(TRIM(CLEAN(SUBSTITUTE(B79,CHAR(10)," "))),35)&"*", HISTORICOS!B:B, HISTORICOS!D:D, "No encontrado", 2 ), "No encontrado" ) -> 2292 | Q79: =IFERROR( _xlfn.XLOOKUP( "*"&LEFT(TRIM(CLEAN(B79)),50)&"*", HISTORICOS!F:F, HISTORICOS!H:H, "No encontrado", 2 ), "No encontrado" ) -> 3105.9 | R79: =IFERROR( _xlfn.XLOOKUP( "*"&LEFT(TRIM(CLEAN(B79)),10)&"*", HISTORICOS!K:K, HISTORICOS!M:M, "No encontrado", 2 ), "No encontrado" ) -> 2380 | S79: =IFERROR( _xlfn.XLOOKUP( "*"&LEFT(TRIM(CLEAN(B79)),10)&"*", HISTORICOS!P:P, HISTORICOS!R:R, "No encontrado", 2 ), "No encontrado" ) -> 2380 | T79: =P79*(1+$Q$4)*(1+$R$4)*(1+$S$4)*1+($T$4) -> 2769.3863 | U79: =Q79*(1+$R$4)*(1+$S$4)*1+($T$4) -> 3434.1069 | V79: =R79*(1+$S$4)*1+($T$4) -> 2501.4424 | W79: =S79*(1+($T$4)) -> 2528.512 | X79: =_xlfn.STDEV.S(T79:W79)/AVERAGE(T79:W79) -> 0.15461006 | Y79: =IF(X79<=15%,"Bajo",IF(X79<=20%,"Moderado",IF(X79<=25%,"Alto","Muy alto"))) -> Moderado | Z79: =MEDIAN(T79:W79) -> 2648.9492 | AA79: =GEOMEAN(T79:W79) -> 2784.9232
A80: 70 | B80: Notas Autoadhesivas Pequeñas/ Taco/ Bloque/ Cubo De Mínimo 100 Hojas varios colores | G80: Taco x 100 | H80: ='BELPAPEL (2a COTIZACION) '!J84 -> 4011 | I80: ='GRUPO LOS LAGOS SAS'!J84 -> 1190 | J80: ='SUMICORP LTDA'!J84 -> 4165 | K80: ='TELEAMARKETER (2a COTIZACION)'!J84 -> 7735 | L80: =_xlfn.STDEV.S(H80:K80)/AVERAGE(H80:K80) -> 0.62720452 | M80: =IF(L80<=15%,"Bajo",IF(L80<=20%,"Moderado",IF(L80<=25%,"Alto","Muy alto"))) -> Muy alto | N80: =MEDIAN(H80:K80) -> 4088 | P80: =IFERROR( _xlfn.XLOOKUP( "*"&LEFT(TRIM(CLEAN(SUBSTITUTE(B80,CHAR(10)," "))),35)&"*", HISTORICOS!B:B, HISTORICOS!D:D, "No encontrado", 2 ), "No encontrado" ) -> 1211 | Q80: =IFERROR( _xlfn.XLOOKUP( "*"&LEFT(TRIM(CLEAN(B80)),50)&"*", HISTORICOS!F:F, HISTORICOS!H:H, "No encontrado", 2 ), "No encontrado" ) -> 1694.56 | R80: =IFERROR( _xlfn.XLOOKUP( "*"&LEFT(TRIM(CLEAN(B80)),100)&"*", HISTORICOS!K:K, HISTORICOS!M:M, "No encontrado", 2 ), "No encontrado" ) -> 1011.5 | S80: =IFERROR( _xlfn.XLOOKUP("*"&LEFT(TRIM(CLEAN(B80)),100)&"*",HISTORICOS!P:P,HISTORICOS!R:R,"No encontrado",2), IFERROR( _xlfn.XLOOKUP("*"&LEFT(TRIM(CLEAN(B80)),70)&"*",HISTORICOS!P:P,HISTORICOS!R:R,"No encontrado",2), IFERROR( _xlfn.XLOOKUP("*"&LEFT(TRIM(CLEAN(B80)),50)&"*",HISTORICOS!P:P,HISTORICOS!R:R,"No encontrado",2), IFERROR( _xlfn.XLOOKUP("*"&LEFT(TRIM(CLEAN(B80)),30)&"*",HISTORICOS!P:P,HISTORICOS!R:R,"No encontrado",2), IFERROR( _xlfn.XLOOKUP("*"&LEFT(TRIM(CLEAN(B80)),10)&"*",HISTORICOS!P:P,HISTORICOS!R:R,"No encontrado",2), "No encontrado" ))))) -> 1011.5 | T80: =P80*(1+$Q$4)*(1+$R$4)*(1+$S$4)*1+($T$4) -> 1463.261 | U80: =Q80*(1+$R$4)*(1+$S$4)*1+($T$4) -> 1873.6561 | V80: =R80*(1+$S$4)*1+($T$4) -> 1063.1489 | W80: =S80*(1+($T$4)) -> 1074.6176 | X80: =_xlfn.STDEV.S(T80:W80)/AVERAGE(T80:W80) -> 0.28100788 | Y80: =IF(X80<=15%,"Bajo",IF(X80<=20%,"Moderado",IF(X80<=25%,"Alto","Muy alto"))) -> Muy alto | Z80: =MEDIAN(T80:W80) -> 1268.9393 | AA80: =GEOMEAN(T80:W80) -> 1330.347
A81: 71 | B81: Papel Adhesivo Tipo Tablero Borrable PVC 45 x 200 cm color blanco reutilizable | G81: Unidad | H81: ='BELPAPEL (2a COTIZACION) '!J85 -> 87465 | I81: ='GRUPO LOS LAGOS SAS'!J85 -> 71388.1 | J81: ='SUMICORP LTDA'!J85 -> 26061 | K81: ='TELEAMARKETER (2a COTIZACION)'!J85 -> 40918.15 | L81: =_xlfn.STDEV.S(H81:K81)/AVERAGE(H81:K81) -> 0.49571202 | M81: =IF(L81<=15%,"Bajo",IF(L81<=20%,"Moderado",IF(L81<=25%,"Alto","Muy alto"))) -> Muy alto | N81: =MEDIAN(H81:K81) -> 56153.125 | P81: No comparable | Q81: =IFERROR( _xlfn.XLOOKUP( "*"&LEFT(TRIM(CLEAN(B81)),50)&"*", HISTORICOS!F:F, HISTORICOS!H:H, "No comparable", 2 ), "No comparable" ) -> No comparable | R81: =IFERROR( _xlfn.XLOOKUP( "*"&LEFT(TRIM(CLEAN(B81)),10)&"*", HISTORICOS!K:K, HISTORICOS!M:M, "No comparable", 2 ), "No comparable" ) -> No comparable | S81: =IFERROR( _xlfn.XLOOKUP( "*"&LEFT(TRIM(CLEAN(B81)),10)&"*", HISTORICOS!P:P, HISTORICOS!R:R, "No comparable", 2 ), "No comparable" ) -> No comparable | T81: No comparable | U81: No comparable | V81: No comparable | W81: No comparable | X81: No comparable | Y81: No comparable | Z81: No comparable | AA81: No comparable
A82: 72 | B82: Papel Bond 75G Carta, El material debe cumplir con la NTC 4436:1998 y la NTC 5 3 97, Resmas de 500 hojas | G82: Caja x 10 resmas | H82: ='BELPAPEL (2a COTIZACION) '!J86 -> 165896 | I82: ='GRUPO LOS LAGOS SAS'!J86 -> 22610 | J82: ='SUMICORP LTDA'!J86 -> 249900 | K82: ='TELEAMARKETER (2a COTIZACION)'!J86 -> 404600 | L82: =_xlfn.STDEV.S(H82:K82)/AVERAGE(H82:K82) -> 0.75779823 | M82: =IF(L82<=15%,"Bajo",IF(L82<=20%,"Moderado",IF(L82<=25%,"Alto","Muy alto"))) -> Muy alto | N82: =MEDIAN(H82:K82) -> 207898 | P82: =IFERROR( _xlfn.XLOOKUP( "*"&LEFT(TRIM(CLEAN(SUBSTITUTE(B82,CHAR(10)," "))),35)&"*", HISTORICOS!B:B, HISTORICOS!D:D, "No encontrado", 2 ), "No encontrado" ) -> 192406 | Q82: =IFERROR( _xlfn.XLOOKUP( "*"&LEFT(TRIM(CLEAN(B82)),50)&"*", HISTORICOS!F:F, HISTORICOS!H:H, "No encontrado", 2 ), "No encontrado" ) -> 244188 | R82: =IFERROR( _xlfn.XLOOKUP( "*"&LEFT(TRIM(CLEAN(B82)),10)&"*", HISTORICOS!K:K, HISTORICOS!M:M, "No encontrado", 2 ), "No encontrado" ) -> 29750 | S82: =IFERROR( _xlfn.XLOOKUP( "*"&LEFT(TRIM(CLEAN(B82)),10)&"*", HISTORICOS!P:P, HISTORICOS!R:R, "No encontrado", 2 ), "No encontrado" ) -> 29750 | T82: =P82*(1+$Q$4)*(1+$R$4)*(1+$S$4)*1+($T$4) -> 232475.86 | U82: =Q82*(1+$R$4)*(1+$S$4)*1+($T$4) -> 269987.01 | V82: =R82*(1+$S$4)*1+($T$4) -> 31267.312 | W82: =S82*(1+($T$4)) -> 31606.4 | X82: =_xlfn.STDEV.S(T82:W82)/AVERAGE(T82:W82) -> 0.90437607 | Y82: =IF(X82<=15%,"Bajo",IF(X82<=20%,"Moderado",IF(X82<=25%,"Alto","Muy alto"))) -> Muy alto | Z82: =MEDIAN(T82:W82) -> 132041.13 | AA82: =GEOMEAN(T82:W82) -> 88745.549
A83: 73 | B83: Papel Bond 75G Oficio, El material debe cumplir con la NTC 4436:1998 y la NTC 5 3 97, Resmas de 500 hojas | G83: Caja x 10 resmas | H83: ='BELPAPEL (2a COTIZACION) '!J87 -> 204743 | I83: ='GRUPO LOS LAGOS SAS'!J87 -> 26775 | J83: ='SUMICORP LTDA'!J87 -> 295120 | K83: ='TELEAMARKETER (2a COTIZACION)'!J87 -> 295120 | L83: =_xlfn.STDEV.S(H83:K83)/AVERAGE(H83:K83) -> 0.61575256 | M83: =IF(L83<=15%,"Bajo",IF(L83<=20%,"Moderado",IF(L83<=25%,"Alto","Muy alto"))) -> Muy alto | N83: =MEDIAN(H83:K83) -> 249931.5 | P83: =IFERROR( _xlfn.XLOOKUP("*"&LEFT(TRIM(CLEAN(SUBSTITUTE(B83,CHAR(10)," "))),35)&"*",HISTORICOS!B:B,HISTORICOS!D:D,"No encontrado",2), IFERROR( _xlfn.XLOOKUP("*"&LEFT(TRIM(CLEAN(SUBSTITUTE(B83,CHAR(10)," "))),25)&"*",HISTORICOS!B:B,HISTORICOS!D:D,"No encontrado",2), "No encontrado" ) ) -> 222852 | Q83: =IFERROR( _xlfn.XLOOKUP( "*"&LEFT(TRIM(CLEAN(B83)),50)&"*", HISTORICOS!F:F, HISTORICOS!H:H, "No encontrado", 2 ), "No encontrado" ) -> 257040 | R83: =IFERROR( _xlfn.XLOOKUP( "*"&LEFT(TRIM(CLEAN(B83)),30)&"*", HISTORICOS!K:K, HISTORICOS!M:M, "No encontrado", 2 ), "No encontrado" ) -> 226100 | S83: =IFERROR( _xlfn.XLOOKUP( "*"&LEFT(TRIM(CLEAN(B83)),30)&"*", HISTORICOS!P:P, HISTORICOS!R:R, "No encontrado", 2 ), "No encontrado" ) -> 226100 | T83: =P83*(1+$Q$4)*(1+$R$4)*(1+$S$4)*1+($T$4) -> 269262.44 | U83: =Q83*(1+$R$4)*(1+$S$4)*1+($T$4) -> 284196.85 | V83: =R83*(1+$S$4)*1+($T$4) -> 237631.16 | W83: =S83*(1+($T$4)) -> 240208.64 | X83: =_xlfn.STDEV.S(T83:W83)/AVERAGE(T83:W83) -> 0.088002903 | Y83: =IF(X83<=15%,"Bajo",IF(X83<=20%,"Moderado",IF(X83<=25%,"Alto","Muy alto"))) -> Bajo | Z83: =MEDIAN(T83:W83) -> 254735.54 | AA83: =GEOMEAN(T83:W83) -> 257082.06
A84: 74 | B84: Papel Bond 90 grms para plotter (HP 727) Medidas en el rango de 90 cm s a 100 cms de ancho, rollo largo 50 mts mínimo | G84: Rollo | H84: ='BELPAPEL (2a COTIZACION) '!J88 -> 56228 | I84: ='GRUPO LOS LAGOS SAS'!J88 -> 83181 | J84: ='SUMICORP LTDA'!J88 -> 130900 | K84: ='TELEAMARKETER (2a COTIZACION)'!J88 -> 107100 | L84: =_xlfn.STDEV.S(H84:K84)/AVERAGE(H84:K84) -> 0.33940283 | M84: =IF(L84<=15%,"Bajo",IF(L84<=20%,"Moderado",IF(L84<=25%,"Alto","Muy alto"))) -> Muy alto | N84: =MEDIAN(H84:K84) -> 95140.5 | P84: =IFERROR( _xlfn.XLOOKUP("*"&LEFT(TRIM(CLEAN(SUBSTITUTE(B84,CHAR(10)," "))),35)&"*",HISTORICOS!B:B,HISTORICOS!D:D,"No encontrado",2), IFERROR( _xlfn.XLOOKUP("*"&LEFT(TRIM(CLEAN(SUBSTITUTE(B84,CHAR(10)," "))),25)&"*",HISTORICOS!B:B,HISTORICOS!D:D,"No encontrado",2), "No encontrado" ) ) -> 63443 | Q84: =IFERROR( _xlfn.XLOOKUP( "*"&LEFT(TRIM(CLEAN(B84)),50)&"*", HISTORICOS!F:F, HISTORICOS!H:H, "No encontrado", 2 ), "No encontrado" ) -> 49480.2 | R84: =IFERROR( _xlfn.XLOOKUP( "*"&LEFT(TRIM(CLEAN(B84)),30)&"*", HISTORICOS!K:K, HISTORICOS!M:M, "No encontrado", 2 ), "No encontrado" ) -> 84490 | S84: =IFERROR( _xlfn.XLOOKUP( "*"&LEFT(TRIM(CLEAN(B84)),30)&"*", HISTORICOS!P:P, HISTORICOS!R:R, "No encontrado", 2 ), "No encontrado" ) -> 84490 | T84: =P84*(1+$Q$4)*(1+$R$4)*(1+$S$4)*1+($T$4) -> 76655.48 | U84: =Q84*(1+$R$4)*(1+$S$4)*1+($T$4) -> 54707.944 | V84: =R84*(1+$S$4)*1+($T$4) -> 88799.052 | W84: =S84*(1+($T$4)) -> 89762.176 | X84: =_xlfn.STDEV.S(T84:W84)/AVERAGE(T84:W84) -> 0.21052531 | Y84: =IF(X84<=15%,"Bajo",IF(X84<=20%,"Moderado",IF(X84<=25%,"Alto","Muy alto"))) -> Alto | Z84: =MEDIAN(T84:W84) -> 82727.266 | AA84: =GEOMEAN(T84:W84) -> 76036.799
A85: 75 | B85: Papel carbón tamaño carta | G85: Paquete X 100 | H85: ='BELPAPEL (2a COTIZACION) '!J89 -> 60288 | I85: ='GRUPO LOS LAGOS SAS'!J89 -> 24990 | J85: ='SUMICORP LTDA'!J89 -> 92820 | K85: ='TELEAMARKETER (2a COTIZACION)'!J89 -> 83181 | L85: =_xlfn.STDEV.S(H85:K85)/AVERAGE(H85:K85) -> 0.46157791 | M85: =IF(L85<=15%,"Bajo",IF(L85<=20%,"Moderado",IF(L85<=25%,"Alto","Muy alto"))) -> Muy alto | N85: =MEDIAN(H85:K85) -> 71734.5 | P85: =HISTORICOS!D71 -> 11310 | Q85: =IFERROR( _xlfn.XLOOKUP( "*"&LEFT(TRIM(CLEAN(B85)),50)&"*", HISTORICOS!F:F, HISTORICOS!H:H, "No comparable", 2 ), "No comparable" ) -> No comparable | R85: =IFERROR( _xlfn.XLOOKUP( "*"&LEFT(TRIM(CLEAN(B85)),10)&"*", HISTORICOS!K:K, HISTORICOS!M:M, "No encontrado", 2 ), "No encontrado" ) -> 9520 | S85: =IFERROR( _xlfn.XLOOKUP( "*"&LEFT(TRIM(CLEAN(B85)),10)&"*", HISTORICOS!P:P, HISTORICOS!R:R, "No encontrado", 2 ), "No encontrado" ) -> 9520 | T85: =P85*(1+$Q$4)*(1+$R$4)*(1+$S$4)*1+($T$4) -> 13665.443 | U85: No comparable | V85: =R85*(1+$S$4)*1+($T$4) -> 10005.582 | W85: =S85*(1+($T$4)) -> 10114.048 | X85: =_xlfn.STDEV.S(T85:W85)/AVERAGE(T85:W85) -> 0.18491155 | Y85: =IF(X85<=15%,"Bajo",IF(X85<=20%,"Moderado",IF(X85<=25%,"Alto","Muy alto"))) -> Moderado | Z85: =MEDIAN(T85:W85) -> 10114.048 | AA85: =GEOMEAN(T85:W85) -> 11141.159
A86: 76 | B86: Papel Digiturno DT-1000-EX.1200 Térmico | G86: paquete x 3 rollos | H86: ='BELPAPEL (2a COTIZACION) '!J90 -> 12495 | I86: ='GRUPO LOS LAGOS SAS'!J90 -> 17850 | J86: ='SUMICORP LTDA'!J90 -> 82110 | K86: ='TELEAMARKETER (2a COTIZACION)'!J90 -> 102221 | L86: =_xlfn.STDEV.S(H86:K86)/AVERAGE(H86:K86) -> 0.84325448 | M86: =IF(L86<=15%,"Bajo",IF(L86<=20%,"Moderado",IF(L86<=25%,"Alto","Muy alto"))) -> Muy alto | N86: =MEDIAN(H86:K86) -> 49980 | P86: =IFERROR( _xlfn.XLOOKUP( "*"&LEFT(TRIM(CLEAN(SUBSTITUTE(B86,CHAR(10)," "))),35)&"*", HISTORICOS!B:B, HISTORICOS!D:D, "No encontrado", 2 ), "No encontrado" ) -> 26998 | Q86: =IFERROR( _xlfn.XLOOKUP( "*"&LEFT(TRIM(CLEAN(B86)),50)&"*", HISTORICOS!F:F, HISTORICOS!H:H, "No encontrado", 2 ), "No encontrado" ) -> 26046.72 | R86: =IFERROR( _xlfn.XLOOKUP( "*"&LEFT(TRIM(CLEAN(B86)),100)&"*", HISTORICOS!K:K, HISTORICOS!M:M, "No encontrado", 2 ), "No encontrado" ) -> 26180 | S86: =IFERROR( _xlfn.XLOOKUP("*"&LEFT(TRIM(CLEAN(B86)),100)&"*",HISTORICOS!P:P,HISTORICOS!R:R,"No encontrado",2), IFERROR( _xlfn.XLOOKUP("*"&LEFT(TRIM(CLEAN(B86)),70)&"*",HISTORICOS!P:P,HISTORICOS!R:R,"No encontrado",2), IFERROR( _xlfn.XLOOKUP("*"&LEFT(TRIM(CLEAN(B86)),50)&"*",HISTORICOS!P:P,HISTORICOS!R:R,"No encontrado",2), IFERROR( _xlfn.XLOOKUP("*"&LEFT(TRIM(CLEAN(B86)),30)&"*",HISTORICOS!P:P,HISTORICOS!R:R,"No encontrado",2), IFERROR( _xlfn.XLOOKUP("*"&LEFT(TRIM(CLEAN(B86)),10)&"*",HISTORICOS!P:P,HISTORICOS!R:R,"No encontrado",2), "No encontrado" ))))) -> 26180 | T86: =P86*(1+$Q$4)*(1+$R$4)*(1+$S$4)*1+($T$4) -> 32620.572 | U86: =Q86*(1+$R$4)*(1+$S$4)*1+($T$4) -> 28798.67 | V86: =R86*(1+$S$4)*1+($T$4) -> 27515.242 | W86: =S86*(1+($T$4)) -> 27813.632 | X86: =_xlfn.STDEV.S(T86:W86)/AVERAGE(T86:W86) -> 0.08064542 | Y86: =IF(X86<=15%,"Bajo",IF(X86<=20%,"Moderado",IF(X86<=25%,"Alto","Muy alto"))) -> Bajo | Z86: =MEDIAN(T86:W86) -> 28306.151 | AA86: =GEOMEAN(T86:W86) -> 29118.819
A87: 77 | B87: Papel Kraft mínimo 60g, Rollo 48 pulgadas de ancho x mínimo 210 metros de largo | G87: Unidad - Rollo | H87: ='BELPAPEL (2a COTIZACION) '!J91 -> 75139 | I87: ='GRUPO LOS LAGOS SAS'!J91 -> 83073.9 | J87: ='SUMICORP LTDA'!J91 -> 105910 | K87: ='TELEAMARKETER (2a COTIZACION)'!J91 -> 196350 | L87: =_xlfn.STDEV.S(H87:K87)/AVERAGE(H87:K87) -> 0.48387899 | M87: =IF(L87<=15%,"Bajo",IF(L87<=20%,"Moderado",IF(L87<=25%,"Alto","Muy alto"))) -> Muy alto | N87: =MEDIAN(H87:K87) -> 94491.95 | P87: =HISTORICOS!D73 -> 78826 | Q87: =IFERROR( _xlfn.XLOOKUP( "*"&LEFT(TRIM(CLEAN(B87)),50)&"*", HISTORICOS!F:F, HISTORICOS!H:H, "No encontrado", 2 ), "No encontrado" ) -> 23978.5 | R87: =IFERROR( _xlfn.XLOOKUP( "*"&LEFT(TRIM(CLEAN(B87)),30)&"*", HISTORICOS!K:K, HISTORICOS!M:M, "No encontrado", 2 ), "No encontrado" ) -> 53550 | S87: =IFERROR( _xlfn.XLOOKUP( "*"&LEFT(TRIM(CLEAN(B87)),30)&"*", HISTORICOS!P:P, HISTORICOS!R:R, "No encontrado", 2 ), "No encontrado" ) -> 53550 | T87: =P87*(1+$Q$4)*(1+$R$4)*(1+$S$4)*1+($T$4) -> 95242.09 | U87: =Q87*(1+$R$4)*(1+$S$4)*1+($T$4) -> 26511.939 | V87: =R87*(1+$S$4)*1+($T$4) -> 56281.112 | W87: =S87*(1+($T$4)) -> 56891.52 | X87: =_xlfn.STDEV.S(T87:W87)/AVERAGE(T87:W87) -> 0.4796256 | Y87: =IF(X87<=15%,"Bajo",IF(X87<=20%,"Moderado",IF(X87<=25%,"Alto","Muy alto"))) -> Muy alto | Z87: =MEDIAN(T87:W87) -> 56586.316 | AA87: =GEOMEAN(T87:W87) -> 53323.685
A88: 78 | B88: Papel Periódico Pliego de 70 x 100 cm de 65 grs | G88: Pliego | H88: ='BELPAPEL (2a COTIZACION) '!J92 -> 210 | I88: ='GRUPO LOS LAGOS SAS'!J92 -> 550 | J88: ='SUMICORP LTDA'!J92 -> 600 | K88: ='TELEAMARKETER (2a COTIZACION)'!J92 -> 56763 | L88: =_xlfn.STDEV.S(H88:K88)/AVERAGE(H88:K88) -> 1.9376403 | M88: =IF(L88<=15%,"Bajo",IF(L88<=20%,"Moderado",IF(L88<=25%,"Alto","Muy alto"))) -> Muy alto | N88: =MEDIAN(H88:K88) -> 575 | P88: =IFERROR( _xlfn.XLOOKUP( "*"&LEFT(TRIM(CLEAN(SUBSTITUTE(B88,CHAR(10)," "))),35)&"*", HISTORICOS!B:B, HISTORICOS!D:D, "No encontrado", 2 ), "No encontrado" ) -> 331 | Q88: =IFERROR( _xlfn.XLOOKUP( "*"&LEFT(TRIM(CLEAN(B88)),50)&"*", HISTORICOS!F:F, HISTORICOS!H:H, "No encontrado", 2 ), "No encontrado" ) -> 384 | R88: =IFERROR( _xlfn.XLOOKUP( "*"&LEFT(TRIM(CLEAN(B88)),100)&"*", HISTORICOS!K:K, HISTORICOS!M:M, "No encontrado", 2 ), "No encontrado" ) -> 470 | S88: =IFERROR( _xlfn.XLOOKUP("*"&LEFT(TRIM(CLEAN(B88)),100)&"*",HISTORICOS!P:P,HISTORICOS!R:R,"No encontrado",2), IFERROR( _xlfn.XLOOKUP("*"&LEFT(TRIM(CLEAN(B88)),70)&"*",HISTORICOS!P:P,HISTORICOS!R:R,"No encontrado",2), IFERROR( _xlfn.XLOOKUP("*"&LEFT(TRIM(CLEAN(B88)),50)&"*",HISTORICOS!P:P,HISTORICOS!R:R,"No encontrado",2), IFERROR( _xlfn.XLOOKUP("*"&LEFT(TRIM(CLEAN(B88)),30)&"*",HISTORICOS!P:P,HISTORICOS!R:R,"No encontrado",2), IFERROR( _xlfn.XLOOKUP("*"&LEFT(TRIM(CLEAN(B88)),10)&"*",HISTORICOS!P:P,HISTORICOS!R:R,"No encontrado",2), "No encontrado" ))))) -> 470 | T88: =P88*(1+$Q$4)*(1+$R$4)*(1+$S$4)*1+($T$4) -> 399.9953 | U88: =Q88*(1+$R$4)*(1+$S$4)*1+($T$4) -> 424.63277 | V88: =R88*(1+$S$4)*1+($T$4) -> 494.0324 | W88: =S88*(1+($T$4)) -> 499.328 | X88: =_xlfn.STDEV.S(T88:W88)/AVERAGE(T88:W88) -> 0.10953522 | Y88: =IF(X88<=15%,"Bajo",IF(X88<=20%,"Moderado",IF(X88<=25%,"Alto","Muy alto"))) -> Bajo | Z88: =MEDIAN(T88:W88) -> 459.33258 | AA88: =GEOMEAN(T88:W88) -> 452.43109
A89: 79 | B89: Pegante En Barra Tubo*Mínimo 40 g, Gelificante, glicerina, y polivinil pirrolidona en agua sin componentes tóxicos, Forma redonda, cierre hermético | G89: Unidad | H89: ='BELPAPEL (2a COTIZACION) '!J93 -> 1718 | I89: ='GRUPO LOS LAGOS SAS'!J93 -> 3808 | J89: ='SUMICORP LTDA'!J93 -> 6545 | K89: ='TELEAMARKETER (2a COTIZACION)'!J93 -> 6902 | L89: =_xlfn.STDEV.S(H89:K89)/AVERAGE(H89:K89) -> 0.51545871 | M89: =IF(L89<=15%,"Bajo",IF(L89<=20%,"Moderado",IF(L89<=25%,"Alto","Muy alto"))) -> Muy alto | N89: =MEDIAN(H89:K89) -> 5176.5 | P89: =IFERROR( _xlfn.XLOOKUP( "*"&LEFT(TRIM(CLEAN(SUBSTITUTE(B89,CHAR(10)," "))),35)&"*", HISTORICOS!B:B, HISTORICOS!D:D, "No encontrado", 2 ), "No encontrado" ) -> 2729 | Q89: =IFERROR( _xlfn.XLOOKUP( "*"&LEFT(TRIM(CLEAN(B89)),50)&"*", HISTORICOS!F:F, HISTORICOS!H:H, "No encontrado", 2 ), "No encontrado" ) -> 3962.7 | R89: =IFERROR( _xlfn.XLOOKUP( "*"&LEFT(TRIM(CLEAN(B89)),100)&"*", HISTORICOS!K:K, HISTORICOS!M:M, "No encontrado", 2 ), "No encontrado" ) -> 4165 | S89: =IFERROR( _xlfn.XLOOKUP("*"&LEFT(TRIM(CLEAN(B89)),100)&"*",HISTORICOS!P:P,HISTORICOS!R:R,"No encontrado",2), IFERROR( _xlfn.XLOOKUP("*"&LEFT(TRIM(CLEAN(B89)),70)&"*",HISTORICOS!P:P,HISTORICOS!R:R,"No encontrado",2), IFERROR( _xlfn.XLOOKUP("*"&LEFT(TRIM(CLEAN(B89)),50)&"*",HISTORICOS!P:P,HISTORICOS!R:R,"No encontrado",2), IFERROR( _xlfn.XLOOKUP("*"&LEFT(TRIM(CLEAN(B89)),30)&"*",HISTORICOS!P:P,HISTORICOS!R:R,"No encontrado",2), IFERROR( _xlfn.XLOOKUP("*"&LEFT(TRIM(CLEAN(B89)),10)&"*",HISTORICOS!P:P,HISTORICOS!R:R,"No encontrado",2), "No encontrado" ))))) -> 4165 | T89: =P89*(1+$Q$4)*(1+$R$4)*(1+$S$4)*1+($T$4) -> 3297.3944 | U89: =Q89*(1+$R$4)*(1+$S$4)*1+($T$4) -> 4381.4296 | V89: =R89*(1+$S$4)*1+($T$4) -> 4377.4774 | W89: =S89*(1+($T$4)) -> 4424.896 | X89: =_xlfn.STDEV.S(T89:W89)/AVERAGE(T89:W89) -> 0.13324851 | Y89: =IF(X89<=15%,"Bajo",IF(X89<=20%,"Moderado",IF(X89<=25%,"Alto","Muy alto"))) -> Bajo | Z89: =MEDIAN(T89:W89) -> 4379.4535 | AA89: =GEOMEAN(T89:W89) -> 4090.0482
A90: 80 | B90: Pegante Instantáneo, resistente al agua, seca transparente, para utilizar en porcelana, metal, hule, piel, madera, plástico, papel, Adhesivo instantáneo transparente, con aplicador y tapa. Envase de mínimo 53 grs | G90: Unidad | H90: ='BELPAPEL (2a COTIZACION) '!J94 -> 10040 | I90: ='GRUPO LOS LAGOS SAS'!J94 -> 8234.8 | J90: ='SUMICORP LTDA'!J94 -> 10115 | K90: ='TELEAMARKETER (2a COTIZACION)'!J94 -> 12971 | L90: =_xlfn.STDEV.S(H90:K90)/AVERAGE(H90:K90) -> 0.18930338 | M90: =IF(L90<=15%,"Bajo",IF(L90<=20%,"Moderado",IF(L90<=25%,"Alto","Muy alto"))) -> Moderado | N90: =MEDIAN(H90:K90) -> 10077.5 | P90: =IFERROR( _xlfn.XLOOKUP( "*"&LEFT(TRIM(CLEAN(SUBSTITUTE(B90,CHAR(10)," "))),35)&"*", HISTORICOS!B:B, HISTORICOS!D:D, "No encontrado", 2 ), "No encontrado" ) -> 3348 | Q90: =IFERROR( _xlfn.XLOOKUP( "*"&LEFT(TRIM(CLEAN(B90)),50)&"*", HISTORICOS!F:F, HISTORICOS!H:H, "No encontrado", 2 ), "No encontrado" ) -> 3579.52 | R90: =IFERROR( _xlfn.XLOOKUP( "*"&LEFT(TRIM(CLEAN(B90)),100)&"*", HISTORICOS!K:K, HISTORICOS!M:M, "No encontrado", 2 ), "No encontrado" ) -> 5950 | S90: =IFERROR( _xlfn.XLOOKUP("*"&LEFT(TRIM(CLEAN(B90)),100)&"*",HISTORICOS!P:P,HISTORICOS!R:R,"No encontrado",2), IFERROR( _xlfn.XLOOKUP("*"&LEFT(TRIM(CLEAN(B90)),70)&"*",HISTORICOS!P:P,HISTORICOS!R:R,"No encontrado",2), IFERROR( _xlfn.XLOOKUP("*"&LEFT(TRIM(CLEAN(B90)),50)&"*",HISTORICOS!P:P,HISTORICOS!R:R,"No encontrado",2), IFERROR( _xlfn.XLOOKUP("*"&LEFT(TRIM(CLEAN(B90)),30)&"*",HISTORICOS!P:P,HISTORICOS!R:R,"No encontrado",2), IFERROR( _xlfn.XLOOKUP("*"&LEFT(TRIM(CLEAN(B90)),10)&"*",HISTORICOS!P:P,HISTORICOS!R:R,"No encontrado",2), "No encontrado" ))))) -> 5950 | T90: =P90*(1+$Q$4)*(1+$R$4)*(1+$S$4)*1+($T$4) -> 4045.3052 | U90: =Q90*(1+$R$4)*(1+$S$4)*1+($T$4) -> 3957.7658 | V90: =R90*(1+$S$4)*1+($T$4) -> 6253.5124 | W90: =S90*(1+($T$4)) -> 6321.28 | X90: =_xlfn.STDEV.S(T90:W90)/AVERAGE(T90:W90) -> 0.25668669 | Y90: =IF(X90<=15%,"Bajo",IF(X90<=20%,"Moderado",IF(X90<=25%,"Alto","Muy alto"))) -> Muy alto | Z90: =MEDIAN(T90:W90) -> 5149.4088 | AA90: =GEOMEAN(T90:W90) -> 5015.7122
A91: 81 | B91: Perforadora escritorio Metálica 2 huecos estándar 20 hojas, dos (2) perforaciones con una distancia entre huecos de 8cm | G91: Unidad | H91: ='BELPAPEL (2a COTIZACION) '!J95 -> 10921 | I91: ='GRUPO LOS LAGOS SAS'!J95 -> 14280 | J91: ='SUMICORP LTDA'!J95 -> 19635 | K91: ='TELEAMARKETER (2a COTIZACION)'!J95 -> 34391 | L91: =_xlfn.STDEV.S(H91:K91)/AVERAGE(H91:K91) -> 0.52325099 | M91: =IF(L91<=15%,"Bajo",IF(L91<=20%,"Moderado",IF(L91<=25%,"Alto","Muy alto"))) -> Muy alto | N91: =MEDIAN(H91:K91) -> 16957.5 | P91: =IFERROR( _xlfn.XLOOKUP( "*"&LEFT(TRIM(CLEAN(SUBSTITUTE(B91,CHAR(10)," "))),35)&"*", HISTORICOS!B:B, HISTORICOS!D:D, "No encontrado", 2 ), "No encontrado" ) -> 12666 | Q91: =IFERROR( _xlfn.XLOOKUP( "*"&LEFT(TRIM(CLEAN(B91)),50)&"*", HISTORICOS!F:F, HISTORICOS!H:H, "No encontrado", 2 ), "No encontrado" ) -> 13209 | R91: =IFERROR( _xlfn.XLOOKUP( "*"&LEFT(TRIM(CLEAN(B91)),100)&"*", HISTORICOS!K:K, HISTORICOS!M:M, "No encontrado", 2 ), "No encontrado" ) -> 14875 | S91: =IFERROR( _xlfn.XLOOKUP("*"&LEFT(TRIM(CLEAN(B91)),100)&"*",HISTORICOS!P:P,HISTORICOS!R:R,"No encontrado",2), IFERROR( _xlfn.XLOOKUP("*"&LEFT(TRIM(CLEAN(B91)),70)&"*",HISTORICOS!P:P,HISTORICOS!R:R,"No encontrado",2), IFERROR( _xlfn.XLOOKUP("*"&LEFT(TRIM(CLEAN(B91)),50)&"*",HISTORICOS!P:P,HISTORICOS!R:R,"No encontrado",2), IFERROR( _xlfn.XLOOKUP("*"&LEFT(TRIM(CLEAN(B91)),30)&"*",HISTORICOS!P:P,HISTORICOS!R:R,"No encontrado",2), IFERROR( _xlfn.XLOOKUP("*"&LEFT(TRIM(CLEAN(B91)),10)&"*",HISTORICOS!P:P,HISTORICOS!R:R,"No encontrado",2), "No encontrado" ))))) -> 14875 | T91: =P91*(1+$Q$4)*(1+$R$4)*(1+$S$4)*1+($T$4) -> 15303.839 | U91: =Q91*(1+$R$4)*(1+$S$4)*1+($T$4) -> 14604.62 | V91: =R91*(1+$S$4)*1+($T$4) -> 15633.687 | W91: =S91*(1+($T$4)) -> 15803.2 | X91: =_xlfn.STDEV.S(T91:W91)/AVERAGE(T91:W91) -> 0.034561415 | Y91: =IF(X91<=15%,"Bajo",IF(X91<=20%,"Moderado",IF(X91<=25%,"Alto","Muy alto"))) -> Bajo | Z91: =MEDIAN(T91:W91) -> 15468.763 | AA91: =GEOMEAN(T91:W91) -> 15329.369
A92: 82 | B92: Perforadora Industrial 2 Huecos con una distancia entre huecos de 8 cm, con capacidad superior a 50 hojas metálica, con regleta ajustable. | G92: Unidad | H92: ='BELPAPEL (2a COTIZACION) '!J96 -> 89214 | I92: ='GRUPO LOS LAGOS SAS'!J96 -> 95067.91 | J92: ='SUMICORP LTDA'!J96 -> 140420 | K92: ='TELEAMARKETER (2a COTIZACION)'!J96 -> 510510 | L92: =_xlfn.STDEV.S(H92:K92)/AVERAGE(H92:K92) -> 0.96950546 | M92: =IF(L92<=15%,"Bajo",IF(L92<=20%,"Moderado",IF(L92<=25%,"Alto","Muy alto"))) -> Muy alto | N92: =MEDIAN(H92:K92) -> 117743.96 | P92: =IFERROR( _xlfn.XLOOKUP( "*"&LEFT(TRIM(CLEAN(SUBSTITUTE(B92,CHAR(10)," "))),35)&"*", HISTORICOS!B:B, HISTORICOS!D:D, "No encontrado", 2 ), "No encontrado" ) -> 84734 | Q92: =IFERROR( _xlfn.XLOOKUP( "*"&LEFT(TRIM(CLEAN(B92)),50)&"*", HISTORICOS!F:F, HISTORICOS!H:H, "No encontrado", 2 ), "No encontrado" ) -> 28203 | R92: =IFERROR( _xlfn.XLOOKUP( "*"&LEFT(TRIM(CLEAN(B92)),100)&"*", HISTORICOS!K:K, HISTORICOS!M:M, "No encontrado", 2 ), "No encontrado" ) -> 59500 | S92: =IFERROR( _xlfn.XLOOKUP("*"&LEFT(TRIM(CLEAN(B92)),100)&"*",HISTORICOS!P:P,HISTORICOS!R:R,"No encontrado",2), IFERROR( _xlfn.XLOOKUP("*"&LEFT(TRIM(CLEAN(B92)),70)&"*",HISTORICOS!P:P,HISTORICOS!R:R,"No encontrado",2), IFERROR( _xlfn.XLOOKUP("*"&LEFT(TRIM(CLEAN(B92)),50)&"*",HISTORICOS!P:P,HISTORICOS!R:R,"No encontrado",2), IFERROR( _xlfn.XLOOKUP("*"&LEFT(TRIM(CLEAN(B92)),30)&"*",HISTORICOS!P:P,HISTORICOS!R:R,"No encontrado",2), IFERROR( _xlfn.XLOOKUP("*"&LEFT(TRIM(CLEAN(B92)),10)&"*",HISTORICOS!P:P,HISTORICOS!R:R,"No encontrado",2), "No encontrado" ))))) -> 59500 | T92: =P92*(1+$Q$4)*(1+$R$4)*(1+$S$4)*1+($T$4) -> 102380.47 | U92: =Q92*(1+$R$4)*(1+$S$4)*1+($T$4) -> 31182.766 | V92: =R92*(1+$S$4)*1+($T$4) -> 62534.562 | W92: =S92*(1+($T$4)) -> 63212.8 | X92: =_xlfn.STDEV.S(T92:W92)/AVERAGE(T92:W92) -> 0.44973239 | Y92: =IF(X92<=15%,"Bajo",IF(X92<=20%,"Moderado",IF(X92<=25%,"Alto","Muy alto"))) -> Muy alto | Z92: =MEDIAN(T92:W92) -> 62873.681 | AA92: =GEOMEAN(T92:W92) -> 59602.465
A93: 83 | B93: Perforadora metálica 3 Huecos con una distancia entre huecos de 10.8 o 11 | G93: Unidad | H93: ='BELPAPEL (2a COTIZACION) '!J97 -> 18493 | I93: ='GRUPO LOS LAGOS SAS'!J97 -> 59345.3 | J93: ='SUMICORP LTDA'!J97 -> 95200 | K93: ='TELEAMARKETER (2a COTIZACION)'!J97 -> 65450 | L93: =_xlfn.STDEV.S(H93:K93)/AVERAGE(H93:K93) -> 0.52962902 | M93: =IF(L93<=15%,"Bajo",IF(L93<=20%,"Moderado",IF(L93<=25%,"Alto","Muy alto"))) -> Muy alto | N93: =MEDIAN(H93:K93) -> 62397.65 | P93: =HISTORICOS!D79 -> 36171 | Q93: =IFERROR( _xlfn.XLOOKUP( "*"&LEFT(TRIM(CLEAN(B93)),50)&"*", HISTORICOS!F:F, HISTORICOS!H:H, "No encontrado", 2 ), "No encontrado" ) -> 23562 | R93: =IFERROR( _xlfn.XLOOKUP( "*"&LEFT(TRIM(CLEAN(B93)),100)&"*", HISTORICOS!K:K, HISTORICOS!M:M, "No encontrado", 2 ), "No encontrado" ) -> 28560 | S93: =IFERROR( _xlfn.XLOOKUP("*"&LEFT(TRIM(CLEAN(B93)),100)&"*",HISTORICOS!P:P,HISTORICOS!R:R,"No encontrado",2), IFERROR( _xlfn.XLOOKUP("*"&LEFT(TRIM(CLEAN(B93)),70)&"*",HISTORICOS!P:P,HISTORICOS!R:R,"No encontrado",2), IFERROR( _xlfn.XLOOKUP("*"&LEFT(TRIM(CLEAN(B93)),50)&"*",HISTORICOS!P:P,HISTORICOS!R:R,"No encontrado",2), IFERROR( _xlfn.XLOOKUP("*"&LEFT(TRIM(CLEAN(B93)),30)&"*",HISTORICOS!P:P,HISTORICOS!R:R,"No encontrado",2), IFERROR( _xlfn.XLOOKUP("*"&LEFT(TRIM(CLEAN(B93)),10)&"*",HISTORICOS!P:P,HISTORICOS!R:R,"No encontrado",2), "No encontrado" ))))) -> 28560 | T93: =P93*(1+$Q$4)*(1+$R$4)*(1+$S$4)*1+($T$4) -> 43703.908 | U93: =Q93*(1+$R$4)*(1+$S$4)*1+($T$4) -> 26051.435 | V93: =R93*(1+$S$4)*1+($T$4) -> 30016.622 | W93: =S93*(1+($T$4)) -> 30342.144 | X93: =_xlfn.STDEV.S(T93:W93)/AVERAGE(T93:W93) -> 0.23675642 | Y93: =IF(X93<=15%,"Bajo",IF(X93<=20%,"Moderado",IF(X93<=25%,"Alto","Muy alto"))) -> Alto | Z93: =MEDIAN(T93:W93) -> 30179.383 | AA93: =GEOMEAN(T93:W93) -> 31910.97
A94: 84 | B94: Pilas AA No Recargables Par | G94: Par | H94: ='BELPAPEL (2a COTIZACION) '!J98 -> 3605 | I94: ='GRUPO LOS LAGOS SAS'!J98 -> 5450.2 | J94: ='SUMICORP LTDA'!J98 -> 6664 | K94: ='TELEAMARKETER (2a COTIZACION)'!J98 -> 21420 | L94: =_xlfn.STDEV.S(H94:K94)/AVERAGE(H94:K94) -> 0.88179674 | M94: =IF(L94<=15%,"Bajo",IF(L94<=20%,"Moderado",IF(L94<=25%,"Alto","Muy alto"))) -> Muy alto | N94: =MEDIAN(H94:K94) -> 6057.1 | P94: No comparable | Q94: =IFERROR( _xlfn.XLOOKUP( "*"&LEFT(TRIM(CLEAN(B94)),10)&"*", HISTORICOS!F:F, HISTORICOS!H:H, "No comparable", 2 ), "No comparable" ) -> 5087.25 | R94: =IFERROR( _xlfn.XLOOKUP( "*"&LEFT(TRIM(CLEAN(B94)),100)&"*", HISTORICOS!K:K, HISTORICOS!M:M, "No encontrado", 2 ), "No encontrado" ) -> 4760 | S94: =IFERROR( _xlfn.XLOOKUP("*"&LEFT(TRIM(CLEAN(B94)),100)&"*",HISTORICOS!P:P,HISTORICOS!R:R,"No encontrado",2), IFERROR( _xlfn.XLOOKUP("*"&LEFT(TRIM(CLEAN(B94)),70)&"*",HISTORICOS!P:P,HISTORICOS!R:R,"No encontrado",2), IFERROR( _xlfn.XLOOKUP("*"&LEFT(TRIM(CLEAN(B94)),50)&"*",HISTORICOS!P:P,HISTORICOS!R:R,"No encontrado",2), IFERROR( _xlfn.XLOOKUP("*"&LEFT(TRIM(CLEAN(B94)),30)&"*",HISTORICOS!P:P,HISTORICOS!R:R,"No encontrado",2), IFERROR( _xlfn.XLOOKUP("*"&LEFT(TRIM(CLEAN(B94)),10)&"*",HISTORICOS!P:P,HISTORICOS!R:R,"No encontrado",2), "No encontrado" ))))) -> 4760 | T94: No comparable | U94: =Q94*(1+$R$4)*(1+$S$4)*1+($T$4) -> 5624.7905 | V94: =R94*(1+$S$4)*1+($T$4) -> 5002.8224 | W94: =S94*(1+($T$4)) -> 5057.024 | X94: =_xlfn.STDEV.S(T94:W94)/AVERAGE(T94:W94) -> 0.065895258 | Y94: =IF(X94<=15%,"Bajo",IF(X94<=20%,"Moderado",IF(X94<=25%,"Alto","Muy alto"))) -> Bajo | Z94: =MEDIAN(T94:W94) -> 5057.024 | AA94: =GEOMEAN(T94:W94) -> 5220.8212
A95: 85 | B95: Pilas AAA No Recargables Par | G95: Par | H95: ='BELPAPEL (2a COTIZACION) '!J99 -> 3605 | I95: ='GRUPO LOS LAGOS SAS'!J99 -> 5450.2 | J95: ='SUMICORP LTDA'!J99 -> 6664 | K95: ='TELEAMARKETER (2a COTIZACION)'!J99 -> 29750 | L95: =_xlfn.STDEV.S(H95:K95)/AVERAGE(H95:K95) -> 1.0837664 | M95: =IF(L95<=15%,"Bajo",IF(L95<=20%,"Moderado",IF(L95<=25%,"Alto","Muy alto"))) -> Muy alto | N95: =MEDIAN(H95:K95) -> 6057.1 | P95: No comparable | Q95: =IFERROR( _xlfn.XLOOKUP( "*"&LEFT(TRIM(CLEAN(B95)),10)&"*", HISTORICOS!F:F, HISTORICOS!H:H, "No comparable", 2 ), "No comparable" ) -> 5087.25 | R95: =IFERROR( _xlfn.XLOOKUP( "*"&LEFT(TRIM(CLEAN(B95)),30)&"*", HISTORICOS!K:K, HISTORICOS!M:M, "No encontrado", 2 ), "No encontrado" ) -> 4760 | S95: =IFERROR( _xlfn.XLOOKUP("*"&LEFT(TRIM(CLEAN(B95)),100)&"*",HISTORICOS!P:P,HISTORICOS!R:R,"No encontrado",2), IFERROR( _xlfn.XLOOKUP("*"&LEFT(TRIM(CLEAN(B95)),70)&"*",HISTORICOS!P:P,HISTORICOS!R:R,"No encontrado",2), IFERROR( _xlfn.XLOOKUP("*"&LEFT(TRIM(CLEAN(B95)),50)&"*",HISTORICOS!P:P,HISTORICOS!R:R,"No encontrado",2), IFERROR( _xlfn.XLOOKUP("*"&LEFT(TRIM(CLEAN(B95)),30)&"*",HISTORICOS!P:P,HISTORICOS!R:R,"No encontrado",2), IFERROR( _xlfn.XLOOKUP("*"&LEFT(TRIM(CLEAN(B95)),10)&"*",HISTORICOS!P:P,HISTORICOS!R:R,"No encontrado",2), "No encontrado" ))))) -> 4760 | T95: No comparable | U95: =Q95*(1+$R$4)*(1+$S$4)*1+($T$4) -> 5624.7905 | V95: =R95*(1+$S$4)*1+($T$4) -> 5002.8224 | W95: =S95*(1+($T$4)) -> 5057.024 | X95: =_xlfn.STDEV.S(T95:W95)/AVERAGE(T95:W95) -> 0.065895258 | Y95: =IF(X95<=15%,"Bajo",IF(X95<=20%,"Moderado",IF(X95<=25%,"Alto","Muy alto"))) -> Bajo | Z95: =MEDIAN(T95:W95) -> 5057.024 | AA95: =GEOMEAN(T95:W95) -> 5220.8212
A96: 86 | B96: Pilas AA Recargables Par | G96: Par | H96: ='BELPAPEL (2a COTIZACION) '!J100 -> 22978 | I96: ='GRUPO LOS LAGOS SAS'!J100 -> 26418 | J96: ='SUMICORP LTDA'!J100 -> 33320 | K96: ='TELEAMARKETER (2a COTIZACION)'!J100 -> 33320 | L96: =_xlfn.STDEV.S(H96:K96)/AVERAGE(H96:K96) -> 0.1782972 | M96: =IF(L96<=15%,"Bajo",IF(L96<=20%,"Moderado",IF(L96<=25%,"Alto","Muy alto"))) -> Moderado | N96: =MEDIAN(H96:K96) -> 29869 | P96: =IFERROR( _xlfn.XLOOKUP( "*"&LEFT(TRIM(CLEAN(SUBSTITUTE(B96,CHAR(10)," "))),35)&"*", HISTORICOS!B:B, HISTORICOS!D:D, "No encontrado", 2 ), "No encontrado" ) -> 19985 | Q96: =IFERROR( _xlfn.XLOOKUP( "*"&LEFT(TRIM(CLEAN(B96)),50)&"*", HISTORICOS!F:F, HISTORICOS!H:H, "No encontrado", 2 ), "No encontrado" ) -> 14994 | R96: =IFERROR( _xlfn.XLOOKUP( "*"&LEFT(TRIM(CLEAN(B96)),100)&"*", HISTORICOS!K:K, HISTORICOS!M:M, "No encontrado", 2 ), "No encontrado" ) -> 20230 | S96: =IFERROR( _xlfn.XLOOKUP("*"&LEFT(TRIM(CLEAN(B96)),100)&"*",HISTORICOS!P:P,HISTORICOS!R:R,"No encontrado",2), IFERROR( _xlfn.XLOOKUP("*"&LEFT(TRIM(CLEAN(B96)),70)&"*",HISTORICOS!P:P,HISTORICOS!R:R,"No encontrado",2), IFERROR( _xlfn.XLOOKUP("*"&LEFT(TRIM(CLEAN(B96)),50)&"*",HISTORICOS!P:P,HISTORICOS!R:R,"No encontrado",2), IFERROR( _xlfn.XLOOKUP("*"&LEFT(TRIM(CLEAN(B96)),30)&"*",HISTORICOS!P:P,HISTORICOS!R:R,"No encontrado",2), IFERROR( _xlfn.XLOOKUP("*"&LEFT(TRIM(CLEAN(B96)),10)&"*",HISTORICOS!P:P,HISTORICOS!R:R,"No encontrado",2), "No encontrado" ))))) -> 20230 | T96: =P96*(1+$Q$4)*(1+$R$4)*(1+$S$4)*1+($T$4) -> 24147.069 | U96: =Q96*(1+$R$4)*(1+$S$4)*1+($T$4) -> 16578.208 | V96: =R96*(1+$S$4)*1+($T$4) -> 21261.792 | W96: =S96*(1+($T$4)) -> 21492.352 | X96: =_xlfn.STDEV.S(T96:W96)/AVERAGE(T96:W96) -> 0.15076285 | Y96: =IF(X96<=15%,"Bajo",IF(X96<=20%,"Moderado",IF(X96<=25%,"Alto","Muy alto"))) -> Moderado | Z96: =MEDIAN(T96:W96) -> 21377.072 | AA96: =GEOMEAN(T96:W96) -> 20680.996
A97: 87 | B97: Pilas AAA Recargables Par | G97: Par | H97: ='BELPAPEL (2a COTIZACION) '!J101 -> 15819 | I97: ='GRUPO LOS LAGOS SAS'!J101 -> 19040 | J97: ='SUMICORP LTDA'!J101 -> 23205 | K97: ='TELEAMARKETER (2a COTIZACION)'!J101 -> 45220 | L97: =_xlfn.STDEV.S(H97:K97)/AVERAGE(H97:K97) -> 0.51436421 | M97: =IF(L97<=15%,"Bajo",IF(L97<=20%,"Moderado",IF(L97<=25%,"Alto","Muy alto"))) -> Muy alto | N97: =MEDIAN(H97:K97) -> 21122.5 | P97: =IFERROR( _xlfn.XLOOKUP( "*"&LEFT(TRIM(CLEAN(SUBSTITUTE(B97,CHAR(10)," "))),35)&"*", HISTORICOS!B:B, HISTORICOS!D:D, "No encontrado", 2 ), "No encontrado" ) -> 19985 | Q97: =IFERROR( _xlfn.XLOOKUP( "*"&LEFT(TRIM(CLEAN(B97)),50)&"*", HISTORICOS!F:F, HISTORICOS!H:H, "No encontrado", 2 ), "No encontrado" ) -> 15351 | R97: =IFERROR( _xlfn.XLOOKUP( "*"&LEFT(TRIM(CLEAN(B97)),100)&"*", HISTORICOS!K:K, HISTORICOS!M:M, "No encontrado", 2 ), "No encontrado" ) -> 17255 | S97: =IFERROR( _xlfn.XLOOKUP("*"&LEFT(TRIM(CLEAN(B97)),100)&"*",HISTORICOS!P:P,HISTORICOS!R:R,"No encontrado",2), IFERROR( _xlfn.XLOOKUP("*"&LEFT(TRIM(CLEAN(B97)),70)&"*",HISTORICOS!P:P,HISTORICOS!R:R,"No encontrado",2), IFERROR( _xlfn.XLOOKUP("*"&LEFT(TRIM(CLEAN(B97)),50)&"*",HISTORICOS!P:P,HISTORICOS!R:R,"No encontrado",2), IFERROR( _xlfn.XLOOKUP("*"&LEFT(TRIM(CLEAN(B97)),30)&"*",HISTORICOS!P:P,HISTORICOS!R:R,"No encontrado",2), IFERROR( _xlfn.XLOOKUP("*"&LEFT(TRIM(CLEAN(B97)),10)&"*",HISTORICOS!P:P,HISTORICOS!R:R,"No encontrado",2), "No encontrado" ))))) -> 17255 | T97: =P97*(1+$Q$4)*(1+$R$4)*(1+$S$4)*1+($T$4) -> 24147.069 | U97: =Q97*(1+$R$4)*(1+$S$4)*1+($T$4) -> 16972.926 | V97: =R97*(1+$S$4)*1+($T$4) -> 18135.067 | W97: =S97*(1+($T$4)) -> 18331.712 | X97: =_xlfn.STDEV.S(T97:W97)/AVERAGE(T97:W97) -> 0.16617143 | Y97: =IF(X97<=15%,"Bajo",IF(X97<=20%,"Moderado",IF(X97<=25%,"Alto","Muy alto"))) -> Moderado | Z97: =MEDIAN(T97:W97) -> 18233.39 | AA97: =GEOMEAN(T97:W97) -> 19212.586
A98: 88 | B98: Pilas Grandes 1,5 volts | G98: Par | H98: ='BELPAPEL (2a COTIZACION) '!J102 -> 18743 | I98: ='GRUPO LOS LAGOS SAS'!J102 -> 31535 | J98: ='SUMICORP LTDA'!J102 -> 19635 | K98: ='TELEAMARKETER (2a COTIZACION)'!J102 -> 46350.5 | L98: =_xlfn.STDEV.S(H98:K98)/AVERAGE(H98:K98) -> 0.44432054 | M98: =IF(L98<=15%,"Bajo",IF(L98<=20%,"Moderado",IF(L98<=25%,"Alto","Muy alto"))) -> Muy alto | N98: =MEDIAN(H98:K98) -> 25585 | P98: =IFERROR( _xlfn.XLOOKUP( "*"&LEFT(TRIM(CLEAN(SUBSTITUTE(B98,CHAR(10)," "))),35)&"*", HISTORICOS!B:B, HISTORICOS!D:D, "No encontrado", 2 ), "No encontrado" ) -> 16023 | Q98: =IFERROR( _xlfn.XLOOKUP( "*"&LEFT(TRIM(CLEAN(B98)),50)&"*", HISTORICOS!F:F, HISTORICOS!H:H, "No encontrado", 2 ), "No encontrado" ) -> 7387.52 | R98: =IFERROR( _xlfn.XLOOKUP( "*"&LEFT(TRIM(CLEAN(B98)),100)&"*", HISTORICOS!K:K, HISTORICOS!M:M, "No encontrado", 2 ), "No encontrado" ) -> 9520 | S98: =IFERROR( _xlfn.XLOOKUP("*"&LEFT(TRIM(CLEAN(B98)),100)&"*",HISTORICOS!P:P,HISTORICOS!R:R,"No encontrado",2), IFERROR( _xlfn.XLOOKUP("*"&LEFT(TRIM(CLEAN(B98)),70)&"*",HISTORICOS!P:P,HISTORICOS!R:R,"No encontrado",2), IFERROR( _xlfn.XLOOKUP("*"&LEFT(TRIM(CLEAN(B98)),50)&"*",HISTORICOS!P:P,HISTORICOS!R:R,"No encontrado",2), IFERROR( _xlfn.XLOOKUP("*"&LEFT(TRIM(CLEAN(B98)),30)&"*",HISTORICOS!P:P,HISTORICOS!R:R,"No encontrado",2), IFERROR( _xlfn.XLOOKUP("*"&LEFT(TRIM(CLEAN(B98)),10)&"*",HISTORICOS!P:P,HISTORICOS!R:R,"No encontrado",2), "No encontrado" ))))) -> 9520 | T98: =P98*(1+$Q$4)*(1+$R$4)*(1+$S$4)*1+($T$4) -> 19359.956 | U98: =Q98*(1+$R$4)*(1+$S$4)*1+($T$4) -> 8168.0887 | V98: =R98*(1+$S$4)*1+($T$4) -> 10005.582 | W98: =S98*(1+($T$4)) -> 10114.048 | X98: =_xlfn.STDEV.S(T98:W98)/AVERAGE(T98:W98) -> 0.42352514 | Y98: =IF(X98<=15%,"Bajo",IF(X98<=20%,"Moderado",IF(X98<=25%,"Alto","Muy alto"))) -> Muy alto | Z98: =MEDIAN(T98:W98) -> 10059.815 | AA98: =GEOMEAN(T98:W98) -> 11247.294
A99: 89 | B99: Porta carné rígido vertical polipropileno, para uso vertical | G99: Unidad | H99: ='BELPAPEL (2a COTIZACION) '!J103 -> 312 | I99: ='GRUPO LOS LAGOS SAS'!J103 -> 2380 | J99: ='SUMICORP LTDA'!J103 -> 2856 | K99: ='TELEAMARKETER (2a COTIZACION)'!J103 -> 892.5 | L99: =_xlfn.STDEV.S(H99:K99)/AVERAGE(H99:K99) -> 0.74743939 | M99: =IF(L99<=15%,"Bajo",IF(L99<=20%,"Moderado",IF(L99<=25%,"Alto","Muy alto"))) -> Muy alto | N99: =MEDIAN(H99:K99) -> 1636.25 | P99: =IFERROR( _xlfn.XLOOKUP( "*"&LEFT(TRIM(CLEAN(SUBSTITUTE(B99,CHAR(10)," "))),35)&"*", HISTORICOS!B:B, HISTORICOS!D:D, "No encontrado", 2 ), "No encontrado" ) -> 1431 | Q99: =IFERROR( _xlfn.XLOOKUP( "*"&LEFT(TRIM(CLEAN(B99)),50)&"*", HISTORICOS!F:F, HISTORICOS!H:H, "No encontrado", 2 ), "No encontrado" ) -> 3659.25 | R99: =IFERROR( _xlfn.XLOOKUP( "*"&LEFT(TRIM(CLEAN(B99)),100)&"*", HISTORICOS!K:K, HISTORICOS!M:M, "No encontrado", 2 ), "No encontrado" ) -> 1178.1 | S99: =IFERROR( _xlfn.XLOOKUP("*"&LEFT(TRIM(CLEAN(B99)),100)&"*",HISTORICOS!P:P,HISTORICOS!R:R,"No encontrado",2), IFERROR( _xlfn.XLOOKUP("*"&LEFT(TRIM(CLEAN(B99)),70)&"*",HISTORICOS!P:P,HISTORICOS!R:R,"No encontrado",2), IFERROR( _xlfn.XLOOKUP("*"&LEFT(TRIM(CLEAN(B99)),50)&"*",HISTORICOS!P:P,HISTORICOS!R:R,"No encontrado",2), IFERROR( _xlfn.XLOOKUP("*"&LEFT(TRIM(CLEAN(B99)),30)&"*",HISTORICOS!P:P,HISTORICOS!R:R,"No encontrado",2), IFERROR( _xlfn.XLOOKUP("*"&LEFT(TRIM(CLEAN(B99)),10)&"*",HISTORICOS!P:P,HISTORICOS!R:R,"No encontrado",2), "No encontrado" ))))) -> 1178.1 | T99: =P99*(1+$Q$4)*(1+$R$4)*(1+$S$4)*1+($T$4) -> 1729.0775 | U99: =Q99*(1+$R$4)*(1+$S$4)*1+($T$4) -> 4045.9195 | V99: =R99*(1+$S$4)*1+($T$4) -> 1238.2455 | W99: =S99*(1+($T$4)) -> 1251.6134 | X99: =_xlfn.STDEV.S(T99:W99)/AVERAGE(T99:W99) -> 0.64824019 | Y99: =IF(X99<=15%,"Bajo",IF(X99<=20%,"Moderado",IF(X99<=25%,"Alto","Muy alto"))) -> Muy alto | Z99: =MEDIAN(T99:W99) -> 1490.3454 | AA99: =GEOMEAN(T99:W99) -> 1814.5844
A100: 90 | B100: Portaminas 0,5 mm, plástico, zona de agarre en caucho o plástico; con borrador; punta retráctil; clip de sujeción | G100: Unidad | H100: ='BELPAPEL (2a COTIZACION) '!J104 -> 1206 | I100: ='GRUPO LOS LAGOS SAS'!J104 -> 1416.1 | J100: ='SUMICORP LTDA'!J104 -> 2737 | K100: ='TELEAMARKETER (2a COTIZACION)'!J104 -> 11781 | L100: =_xlfn.STDEV.S(H100:K100)/AVERAGE(H100:K100) -> 1.1769016 | M100: =IF(L100<=15%,"Bajo",IF(L100<=20%,"Moderado",IF(L100<=25%,"Alto","Muy alto"))) -> Muy alto | N100: =MEDIAN(H100:K100) -> 2076.55 | P100: =IFERROR( _xlfn.XLOOKUP( "*"&LEFT(B100,FIND(" ",B100&" ")-1)&"*", HISTORICOS!B:B, HISTORICOS!D:D, "No encontrado", 2 ), "No encontrado" ) -> 694 | Q100: =IFERROR( _xlfn.XLOOKUP( "*"&LEFT(TRIM(CLEAN(B100)),50)&"*", HISTORICOS!F:F, HISTORICOS!H:H, "No encontrado", 2 ), "No encontrado" ) -> 1767.15 | R100: =IFERROR( _xlfn.XLOOKUP( "*"&LEFT(TRIM(CLEAN(B100)),100)&"*", HISTORICOS!K:K, HISTORICOS!M:M, "No encontrado", 2 ), "No encontrado" ) -> 1547 | S100: =IFERROR( _xlfn.XLOOKUP("*"&LEFT(TRIM(CLEAN(B100)),100)&"*",HISTORICOS!P:P,HISTORICOS!R:R,"No encontrado",2), IFERROR( _xlfn.XLOOKUP("*"&LEFT(TRIM(CLEAN(B100)),70)&"*",HISTORICOS!P:P,HISTORICOS!R:R,"No encontrado",2), IFERROR( _xlfn.XLOOKUP("*"&LEFT(TRIM(CLEAN(B100)),50)&"*",HISTORICOS!P:P,HISTORICOS!R:R,"No encontrado",2), IFERROR( _xlfn.XLOOKUP("*"&LEFT(TRIM(CLEAN(B100)),30)&"*",HISTORICOS!P:P,HISTORICOS!R:R,"No encontrado",2), IFERROR( _xlfn.XLOOKUP("*"&LEFT(TRIM(CLEAN(B100)),10)&"*",HISTORICOS!P:P,HISTORICOS!R:R,"No encontrado",2), "No encontrado" ))))) -> 1547 | T100: =P100*(1+$Q$4)*(1+$R$4)*(1+$S$4)*1+($T$4) -> 838.59241 | U100: =Q100*(1+$R$4)*(1+$S$4)*1+($T$4) -> 1953.9153 | V100: =R100*(1+$S$4)*1+($T$4) -> 1625.9594 | W100: =S100*(1+($T$4)) -> 1643.5328 | X100: =_xlfn.STDEV.S(T100:W100)/AVERAGE(T100:W100) -> 0.31392081 | Y100: =IF(X100<=15%,"Bajo",IF(X100<=20%,"Moderado",IF(X100<=25%,"Alto","Muy alto"))) -> Muy alto | Z100: =MEDIAN(T100:W100) -> 1634.7461 | AA100: =GEOMEAN(T100:W100) -> 1446.5591
A101: 91 | B101: Portaminas 0,7mm, plástico, zona de agarre en caucho o plástico; con borrador; punta retráctil; clip de sujeción | G101: Unidad | H101: ='BELPAPEL (2a COTIZACION) '!J105 -> 1262 | I101: ='GRUPO LOS LAGOS SAS'!J105 -> 1487.5 | J101: ='SUMICORP LTDA'!J105 -> 2737 | K101: ='TELEAMARKETER (2a COTIZACION)'!J105 -> 12495 | L101: =_xlfn.STDEV.S(H101:K101)/AVERAGE(H101:K101) -> 1.195094 | M101: =IF(L101<=15%,"Bajo",IF(L101<=20%,"Moderado",IF(L101<=25%,"Alto","Muy alto"))) -> Muy alto | N101: =MEDIAN(H101:K101) -> 2112.25 | P101: =HISTORICOS!D65 -> 844 | Q101: =IFERROR( _xlfn.XLOOKUP( "*"&LEFT(TRIM(CLEAN(B101)),50)&"*", HISTORICOS!F:F, HISTORICOS!H:H, "No encontrado", 2 ), "No encontrado" ) -> 1767.15 | R101: =IFERROR( _xlfn.XLOOKUP( "*"&LEFT(TRIM(CLEAN(B101)),30)&"*", HISTORICOS!K:K, HISTORICOS!M:M, "No encontrado", 2 ), "No encontrado" ) -> 1666 | S101: =IFERROR( _xlfn.XLOOKUP( "*"&LEFT(TRIM(CLEAN(B101)),30)&"*", HISTORICOS!P:P, HISTORICOS!R:R, "No encontrado", 2 ), "No encontrado" ) -> 1666 | T101: =P101*(1+$Q$4)*(1+$R$4)*(1+$S$4)*1+($T$4) -> 1019.8309 | U101: =Q101*(1+$R$4)*(1+$S$4)*1+($T$4) -> 1953.9153 | V101: =R101*(1+$S$4)*1+($T$4) -> 1751.0284 | W101: =S101*(1+($T$4)) -> 1769.9584 | X101: =_xlfn.STDEV.S(T101:W101)/AVERAGE(T101:W101) -> 0.2542598 | Y101: =IF(X101<=15%,"Bajo",IF(X101<=20%,"Moderado",IF(X101<=25%,"Alto","Muy alto"))) -> Muy alto | Z101: =MEDIAN(T101:W101) -> 1760.4934 | AA101: =GEOMEAN(T101:W101) -> 1576.4222
...

Sheet PRECIOS UNITARIOS TECHO
A1: SECRETARÍA DISTRITAL DEL HÁBITAT
A2: DIRECCIÓN ADMINISTRATIVA
A4: SOLICITUD DE INFORMACIÓN DE PRECIOS | D4: Objeto del Proceso: SUMINISTRAR ELEMENTOS DE PAPELERIA UTILES DE OFICINA CAJAS Y CARPETAS PARA EL FUNCIONAMIENTO DE LA SECRETARIA DISTRITAL DEL HABITAT. | R4: NIVEL RIESGO | S4: 0 a 1 MAYOR RIESGO
S5: 2 y 3 MENOR RIESGO
A7: Plazo de Ejecución Estimado | D7: 6 meses
A9: Item | B9: Descripción del Bien o servicio | G9: Unidad de Medida | H9: CV COTIZACIONES | I9: MEDIANA COTIZACIONES | J9: CV HISTÓRICOS | K9: MEDIANA HISTÓRICOS | L9: Peso porcentual Cotizaciones | M9: Peso porcentual Históricos | N9: PRECIO UNITARIO PONDERADO | O9: PRECIO UNITARIO MINIMO COTIZACIONES | P9: COTIZANTES DENTRO DEL PRECIO PONDERADO | Q9: NIVEL RIESGO | R9: PRECIOS TECHO FINAL | S9: RESULTADO DE DONDE SE ESTABLECE PRECIO TECHO
A11: 1 | B11: Agendas hojas interiores de papel bond de 70 grs. Tamaño: 17 cm x 24.5 cm. Mínim o 2 00 hojas. Tapa dura | G11: Unidad | H11: ='ANÁLISIS CONSOLIDADO'!L11 -> 0.84738165 | I11: ='ANÁLISIS CONSOLIDADO'!N11 -> 23333 | J11: ='ANÁLISIS CONSOLIDADO'!X11 -> 0.17535126 | K11: ='ANÁLISIS CONSOLIDADO'!Z11 -> 31789.301 | L11: =IFERROR(J11/(H11+J11),0) -> 0.17145362 | M11: =IFERROR(H11/(H11+J11),0) -> 0.82854638 | N11: =ROUNDUP((I11*L11)+(K11*M11),0) -> 30340 | O11: =MIN('ANÁLISIS CONSOLIDADO'!H11:K11) -> 6545 | P11: =COUNTIFS('ANÁLISIS CONSOLIDADO'!H11:K11,">0",'ANÁLISIS CONSOLIDADO'!H11:K11,"<="&'PRECIOS UNITARIOS TECHO'!N11) -> 3 | Q11: =IF(AND(P11>=0,P11<=2),"MAYOR RIESGO",IF(AND(P11>=3,P11<=4),"MENOR RIESGO","REVISAR")) -> MENOR RIESGO | R11: =N11 -> 30340 | S11: PRECIO UNITARIO PONDEARADO COTIZACIONES - HISTORICOS
A12: 2 | B12: Almohadilla Dactilar - Huellero | G12: Unidad | H12: ='ANÁLISIS CONSOLIDADO'!L12 -> 0.68117879 | I12: ='ANÁLISIS CONSOLIDADO'!N12 -> 4611.25 | J12: ='ANÁLISIS CONSOLIDADO'!X12 -> 0.34322883 | K12: ='ANÁLISIS CONSOLIDADO'!Z12 -> 4338.313 | L12: =IFERROR(J12/(H12+J12),0) -> 0.33505103 | M12: =IFERROR(H12/(H12+J12),0) -> 0.66494897 | N12: =ROUNDUP((I12*L12)+(K12*M12),0) -> 4430 | O12: =MIN('ANÁLISIS CONSOLIDADO'!H12:K12) -> 1874 | P12: =COUNTIFS('ANÁLISIS CONSOLIDADO'!H12:K12,">0",'ANÁLISIS CONSOLIDADO'!H12:K12,"<="&'PRECIOS UNITARIOS TECHO'!N12) -> 2 | Q12: =IF(AND(P12>=0,P12<=2),"MAYOR RIESGO",IF(AND(P12>=3,P12<=4),"MENOR RIESGO","REVISAR")) -> MAYOR RIESGO | R12: =N12 -> 4430 | S12: PRECIO UNITARIO PONDEARADO COTIZACIONES - HISTORICOS
A13: 3 | B13: Almohadilla Recargable para sellos | G13: Unidad | H13: ='ANÁLISIS CONSOLIDADO'!L13 -> 0.60194325 | I13: ='ANÁLISIS CONSOLIDADO'!N13 -> 5979.75 | J13: ='ANÁLISIS CONSOLIDADO'!X13 -> 0.48409748 | K13: ='ANÁLISIS CONSOLIDADO'!Z13 -> 3780.1254 | L13: =IFERROR(J13/(H13+J13),0) -> 0.44574524 | M13: =IFERROR(H13/(H13+J13),0) -> 0.55425476 | N13: =ROUNDUP((I13*L13)+(K13*M13),0) -> 4761 | O13: =MIN('ANÁLISIS CONSOLIDADO'!H13:K13) -> 3049 | P13: =COUNTIFS('ANÁLISIS CONSOLIDADO'!H13:K13,">0",'ANÁLISIS CONSOLIDADO'!H13:K13,"<="&'PRECIOS UNITARIOS TECHO'!N13) -> 2 | Q13: =IF(AND(P13>=0,P13<=2),"MAYOR RIESGO",IF(AND(P13>=3,P13<=4),"MENOR RIESGO","REVISAR")) -> MAYOR RIESGO | R13: =N13 -> 4761 | S13: PRECIO UNITARIO PONDEARADO COTIZACIONES - HISTORICOS
A14: 4 | B14: Bandas Elásticas Ref. 22 X 25G, en caucho | G14: Caja x 25gr | H14: ='ANÁLISIS CONSOLIDADO'!L14 -> 1.0781589 | I14: ='ANÁLISIS CONSOLIDADO'!N14 -> 1428 | J14: ='ANÁLISIS CONSOLIDADO'!X14 -> 0.17785477 | K14: ='ANÁLISIS CONSOLIDADO'!Z14 -> 1220.8109 | L14: =IFERROR(J14/(H14+J14),0) -> 0.14160258 | M14: =IFERROR(H14/(H14+J14),0) -> 0.85839742 | N14: =ROUNDUP((I14*L14)+(K14*M14),0) -> 1251 | O14: =MIN('ANÁLISIS CONSOLIDADO'!H14:K14) -> 837 | P14: =COUNTIFS('ANÁLISIS CONSOLIDADO'!H14:K14,">0",'ANÁLISIS CONSOLIDADO'!H14:K14,"<="&'PRECIOS UNITARIOS TECHO'!N14) -> 2 | Q14: =IF(AND(P14>=0,P14<=2),"MAYOR RIESGO",IF(AND(P14>=3,P14<=4),"MENOR RIESGO","REVISAR")) -> MAYOR RIESGO | R14: =N14 -> 1251 | S14: PRECIO UNITARIO PONDEARADO COTIZACIONES - HISTORICOS
A15: 5 | B15: Banderitas-Mini: Señales Autoadhesivas de media pulgada por 5 colores, plás ticas, con adhesivo en la punta y en una cara de la banderita | G15: Paquete x 125 | H15: ='ANÁLISIS CONSOLIDADO'!L15 -> 1.0430338 | I15: ='ANÁLISIS CONSOLIDADO'!N15 -> 4046 | J15: ='ANÁLISIS CONSOLIDADO'!X15 -> 0.18091607 | K15: ='ANÁLISIS CONSOLIDADO'!Z15 -> 3792.768 | L15: =IFERROR(J15/(H15+J15),0) -> 0.1478133 | M15: =IFERROR(H15/(H15+J15),0) -> 0.8521867 | N15: =ROUNDUP((I15*L15)+(K15*M15),0) -> 3831 | O15: =MIN('ANÁLISIS CONSOLIDADO'!H15:K15) -> 1781 | P15: =COUNTIFS('ANÁLISIS CONSOLIDADO'!H15:K15,">0",'ANÁLISIS CONSOLIDADO'!H15:K15,"<="&'PRECIOS UNITARIOS TECHO'!N15) -> 2 | Q15: =IF(AND(P15>=0,P15<=2),"MAYOR RIESGO",IF(AND(P15>=3,P15<=4),"MENOR RIESGO","REVISAR")) -> MAYOR RIESGO | R15: =N15 -> 3831 | S15: PRECIO UNITARIO PONDEARADO COTIZACIONES - HISTORICOS
A16: 6 | B16: Bisturí 18 cm plástico con bloqueo de la cuchilla y con corta cuchilla | G16: Unidad | H16: ='ANÁLISIS CONSOLIDADO'!L16 -> 0.8998894 | I16: ='ANÁLISIS CONSOLIDADO'!N16 -> 3004.75 | J16: ='ANÁLISIS CONSOLIDADO'!X16 -> 0.48759243 | K16: ='ANÁLISIS CONSOLIDADO'!Z16 -> 2513.7197 | L16: =IFERROR(J16/(H16+J16),0) -> 0.35142257 | M16: =IFERROR(H16/(H16+J16),0) -> 0.64857743 | N16: =ROUNDUP((I16*L16)+(K16*M16),0) -> 2687 | O16: =MIN('ANÁLISIS CONSOLIDADO'!H16:K16) -> 625 | P16: =COUNTIFS('ANÁLISIS CONSOLIDADO'!H16:K16,">0",'ANÁLISIS CONSOLIDADO'!H16:K16,"<="&'PRECIOS UNITARIOS TECHO'!N16) -> 2 | Q16: =IF(AND(P16>=0,P16<=2),"MAYOR RIESGO",IF(AND(P16>=3,P16<=4),"MENOR RIESGO","REVISAR")) -> MAYOR RIESGO | R16: =N16 -> 2687 | S16: PRECIO UNITARIO PONDEARADO COTIZACIONES - HISTORICOS
A17: 7 | B17: Block Amarillo Cuadriculado Carta X 50 Hojas | G17: Unidad | H17: ='ANÁLISIS CONSOLIDADO'!L17 -> 0.31306613 | I17: ='ANÁLISIS CONSOLIDADO'!N17 -> 5950 | J17: ='ANÁLISIS CONSOLIDADO'!X17 -> 0.20403731 | K17: ='ANÁLISIS CONSOLIDADO'!Z17 -> 4930.5984 | L17: =IFERROR(J17/(H17+J17),0) -> 0.39457737 | M17: =IFERROR(H17/(H17+J17),0) -> 0.60542263 | N17: =ROUNDUP((I17*L17)+(K17*M17),0) -> 5333 | O17: =MIN('ANÁLISIS CONSOLIDADO'!H17:K17) -> 4061 | P17: =COUNTIFS('ANÁLISIS CONSOLIDADO'!H17:K17,">0",'ANÁLISIS CONSOLIDADO'!H17:K17,"<="&'PRECIOS UNITARIOS TECHO'!N17) -> 2 | Q17: =IF(AND(P17>=0,P17<=2),"MAYOR RIESGO",IF(AND(P17>=3,P17<=4),"MENOR RIESGO","REVISAR")) -> MAYOR RIESGO | R17: =N17 -> 5333 | S17: PRECIO UNITARIO PONDEARADO COTIZACIONES - HISTORICOS
A18: 8 | B18: Block Blanco Cuadriculado Carta X 50 Hojas | G18: Unidad | H18: ='ANÁLISIS CONSOLIDADO'!L18 -> 0.45051211 | I18: ='ANÁLISIS CONSOLIDADO'!N18 -> 5831 | J18: ='ANÁLISIS CONSOLIDADO'!X18 -> 0.0076191987 | K18: ='ANÁLISIS CONSOLIDADO'!Z18 -> 4778.4286 | L18: =IFERROR(J18/(H18+J18),0) -> 0.016631037 | M18: =IFERROR(H18/(H18+J18),0) -> 0.98336896 | N18: =ROUNDUP((I18*L18)+(K18*M18),0) -> 4796 | O18: =MIN('ANÁLISIS CONSOLIDADO'!H18:K18) -> 2499 | P18: =COUNTIFS('ANÁLISIS CONSOLIDADO'!H18:K18,">0",'ANÁLISIS CONSOLIDADO'!H18:K18,"<="&'PRECIOS UNITARIOS TECHO'!N18) -> 2 | Q18: =IF(AND(P18>=0,P18<=2),"MAYOR RIESGO",IF(AND(P18>=3,P18<=4),"MENOR RIESGO","REVISAR")) -> MAYOR RIESGO | R18: =N18 -> 4796 | S18: PRECIO UNITARIO PONDEARADO COTIZACIONES - HISTORICOS
A19: 9 | B19: Bolígrafo de mina negra retráctil, semi gel, punta 0.7 mm | G19: Unidad | H19: ='ANÁLISIS CONSOLIDADO'!L19 -> 1.2131333 | I19: ='ANÁLISIS CONSOLIDADO'!N19 -> 1190 | J19: ='ANÁLISIS CONSOLIDADO'!X19 -> 0.0075876994 | K19: ='ANÁLISIS CONSOLIDADO'!Z19 -> 1087.7453 | L19: =IFERROR(J19/(H19+J19),0) -> 0.0062157526 | M19: =IFERROR(H19/(H19+J19),0) -> 0.99378425 | N19: =ROUNDUP((I19*L19)+(K19*M19),0) -> 1089 | O19: =MIN('ANÁLISIS CONSOLIDADO'!H19:K19) -> 619 | P19: =COUNTIFS('ANÁLISIS CONSOLIDADO'!H19:K19,">0",'ANÁLISIS CONSOLIDADO'!H19:K19,"<="&'PRECIOS UNITARIOS TECHO'!N19) -> 1 | Q19: =IF(AND(P19>=0,P19<=2),"MAYOR RIESGO",IF(AND(P19>=3,P19<=4),"MENOR RIESGO","REVISAR")) -> MAYOR RIESGO | R19: =I19 -> 1190 | S19: MEDIANA DE LAS COTIZACIONES
A20: 10 | B20: Bolígrafo de mina colores surtidos retráctil, semi gel, punta 0.7 mm | G20: Unidad | H20: ='ANÁLISIS CONSOLIDADO'!L20 -> 1.3269167 | I20: ='ANÁLISIS CONSOLIDADO'!N20 -> 1279.25 | J20: ='ANÁLISIS CONSOLIDADO'!X20 -> 0.0075911518 | K20: ='ANÁLISIS CONSOLIDADO'!Z20 -> 1188.3432 | L20: =IFERROR(J20/(H20+J20),0) -> 0.005688353 | M20: =IFERROR(H20/(H20+J20),0) -> 0.99431165 | N20: =ROUNDUP((I20*L20)+(K20*M20),0) -> 1189 | O20: =MIN('ANÁLISIS CONSOLIDADO'!H20:K20) -> 619 | P20: =COUNTIFS('ANÁLISIS CONSOLIDADO'!H20:K20,">0",'ANÁLISIS CONSOLIDADO'!H20:K20,"<="&'PRECIOS UNITARIOS TECHO'!N20) -> 1 | Q20: =IF(AND(P20>=0,P20<=2),"MAYOR RIESGO",IF(AND(P20>=3,P20<=4),"MENOR RIESGO","REVISAR")) -> MAYOR RIESGO | R20: =I20 -> 1279.25 | S20: MEDIANA DE LAS COTIZACIONES
A21: 11 | B21: Borrador de nata No toxico - Producción nacional | G21: Caja x 24 | H21: ='ANÁLISIS CONSOLIDADO'!L21 -> 0.8645857 | I21: ='ANÁLISIS CONSOLIDADO'!N21 -> 7674.5 | J21: ='ANÁLISIS CONSOLIDADO'!X21 -> 0.0076242826 | K21: ='ANÁLISIS CONSOLIDADO'!Z21 -> 10562.804 | L21: =IFERROR(J21/(H21+J21),0) -> 0.0087413383 | M21: =IFERROR(H21/(H21+J21),0) -> 0.99125866 | N21: =ROUNDUP((I21*L21)+(K21*M21),0) -> 10538 | O21: =MIN('ANÁLISIS CONSOLIDADO'!H21:K21) -> 1487.5 | P21: =COUNTIFS('ANÁLISIS CONSOLIDADO'!H21:K21,">0",'ANÁLISIS CONSOLIDADO'!H21:K21,"<="&'PRECIOS UNITARIOS TECHO'!N21) -> 2 | Q21: =IF(AND(P21>=0,P21<=2),"MAYOR RIESGO",IF(AND(P21>=3,P21<=4),"MENOR RIESGO","REVISAR")) -> MAYOR RIESGO | R21: =N21 -> 10538 | S21: PRECIO UNITARIO PONDEARADO COTIZACIONES - HISTORICOS
A22: 12 | B22: Borrador para tablero acrílico, elaborado con felpa sintética, fieltro o paño chalet. La base debe ser en madera o plástico | G22: Unidad | H22: ='ANÁLISIS CONSOLIDADO'!L22 -> 0.80201912 | I22: ='ANÁLISIS CONSOLIDADO'!N22 -> 2731.05 | J22: ='ANÁLISIS CONSOLIDADO'!X22 -> 0.036097375 | K22: ='ANÁLISIS CONSOLIDADO'!Z22 -> 2259.028 | L22: =IFERROR(J22/(H22+J22),0) -> 0.043069639 | M22: =IFERROR(H22/(H22+J22),0) -> 0.95693036 | N22: =ROUNDUP((I22*L22)+(K22*M22),0) -> 2280 | O22: =MIN('ANÁLISIS CONSOLIDADO'!H22:K22) -> 1406 | P22: =COUNTIFS('ANÁLISIS CONSOLIDADO'!H22:K22,">0",'ANÁLISIS CONSOLIDADO'!H22:K22,"<="&'PRECIOS UNITARIOS TECHO'!N22) -> 1 | Q22: =IF(AND(P22>=0,P22<=2),"MAYOR RIESGO",IF(AND(P22>=3,P22<=4),"MENOR RIESGO","REVISAR")) -> MAYOR RIESGO | R22: =I22 -> 2731.05 | S22: MEDIANA DE LAS COTIZACIONES
A23: 13 | B23: Caja de Chinches | G23: Caja x 50 | H23: ='ANÁLISIS CONSOLIDADO'!L23 -> 0.67370466 | I23: ='ANÁLISIS CONSOLIDADO'!N23 -> 2796.5 | J23: ='ANÁLISIS CONSOLIDADO'!X23 -> 0.1660115 | K23: ='ANÁLISIS CONSOLIDADO'!Z23 -> 1634.7461 | L23: =IFERROR(J23/(H23+J23),0) -> 0.19769954 | M23: =IFERROR(H23/(H23+J23),0) -> 0.80230046 | N23: =ROUNDUP((I23*L23)+(K23*M23),0) -> 1865 | O23: =MIN('ANÁLISIS CONSOLIDADO'!H23:K23) -> 1093 | P23: =COUNTIFS('ANÁLISIS CONSOLIDADO'!H23:K23,">0",'ANÁLISIS CONSOLIDADO'!H23:K23,"<="&'PRECIOS UNITARIOS TECHO'!N23) -> 2 | Q23: =IF(AND(P23>=0,P23<=2),"MAYOR RIESGO",IF(AND(P23>=3,P23<=4),"MENOR RIESGO","REVISAR")) -> MAYOR RIESGO | R23: =N23 -> 1865 | S23: PRECIO UNITARIO PONDEARADO COTIZACIONES - HISTORICOS
A24: 14 | B24: Cargador Pilas AA Para 4 pilas | G24: Unidad | H24: ='ANÁLISIS CONSOLIDADO'!L24 -> 0.44238462 | I24: ='ANÁLISIS CONSOLIDADO'!N24 -> 49955.55 | J24: ='ANÁLISIS CONSOLIDADO'!X24 -> 0.38343551 | K24: ='ANÁLISIS CONSOLIDADO'!Z24 -> 32694.329 | L24: =IFERROR(J24/(H24+J24),0) -> 0.46430874 | M24: =IFERROR(H24/(H24+J24),0) -> 0.53569126 | N24: =ROUNDUP((I24*L24)+(K24*M24),0) -> 40709 | O24: =MIN('ANÁLISIS CONSOLIDADO'!H24:K24) -> 19992 | P24: =COUNTIFS('ANÁLISIS CONSOLIDADO'!H24:K24,">0",'ANÁLISIS CONSOLIDADO'!H24:K24,"<="&'PRECIOS UNITARIOS TECHO'!N24) -> 1 | Q24: =IF(AND(P24>=0,P24<=2),"MAYOR RIESGO",IF(AND(P24>=3,P24<=4),"MENOR RIESGO","REVISAR")) -> MAYOR RIESGO | R24: =I24 -> 49955.55 | S24: MEDIANA DE LAS COTIZACIONES
A25: 15 | B25: Cargador Pilas AAA Para 4 pilas | G25: Unidad | H25: ='ANÁLISIS CONSOLIDADO'!L25 -> 0.40186916 | I25: ='ANÁLISIS CONSOLIDADO'!N25 -> 49955.55 | J25: ='ANÁLISIS CONSOLIDADO'!X25 -> 0.40049018 | K25: ='ANÁLISIS CONSOLIDADO'!Z25 -> 32694.329 | L25: =IFERROR(J25/(H25+J25),0) -> 0.49914067 | M25: =IFERROR(H25/(H25+J25),0) -> 0.50085933 | N25: =ROUNDUP((I25*L25)+(K25*M25),0) -> 41311 | O25: =MIN('ANÁLISIS CONSOLIDADO'!H25:K25) -> 23621.5 | P25: =COUNTIFS('ANÁLISIS CONSOLIDADO'!H25:K25,">0",'ANÁLISIS CONSOLIDADO'!H25:K25,"<="&'PRECIOS UNITARIOS TECHO'!N25) -> 1 | Q25: =IF(AND(P25>=0,P25<=2),"MAYOR RIESGO",IF(AND(P25>=3,P25<=4),"MENOR RIESGO","REVISAR")) -> MAYOR RIESGO | R25: =I25 -> 49955.55 | S25: MEDIANA DE LAS COTIZACIONES
A26: 16 | B26: Carpetas tres argollas blancas de 1", en cartón microcorrugado y vinilo de alta calidad. | G26: Unidad | H26: ='ANÁLISIS CONSOLIDADO'!L26 -> 0.36505219 | I26: ='ANÁLISIS CONSOLIDADO'!N26 -> 10948 | J26: ='ANÁLISIS CONSOLIDADO'!X26 -> 0.14784072 | K26: ='ANÁLISIS CONSOLIDADO'!Z26 -> 7918.9156 | L26: =IFERROR(J26/(H26+J26),0) -> 0.28824871 | M26: =IFERROR(H26/(H26+J26),0) -> 0.71175129 | N26: =ROUNDUP((I26*L26)+(K26*M26),0) -> 8793 | O26: =MIN('ANÁLISIS CONSOLIDADO'!H26:K26) -> 6972 | P26: =COUNTIFS('ANÁLISIS CONSOLIDADO'!H26:K26,">0",'ANÁLISIS CONSOLIDADO'!H26:K26,"<="&'PRECIOS UNITARIOS TECHO'!N26) -> 2 | Q26: =IF(AND(P26>=0,P26<=2),"MAYOR RIESGO",IF(AND(P26>=3,P26<=4),"MENOR RIESGO","REVISAR")) -> MAYOR RIESGO | R26: =N26 -> 8793 | S26: PRECIO UNITARIO PONDEARADO COTIZACIONES - HISTORICOS
A27: 17 | B27: Carpetas tres argollas blancas de 1/2", en cartón microcorrugado y vinilo de alta calidad. | G27: Unidad | H27: ='ANÁLISIS CONSOLIDADO'!L27 -> 0.41954677 | I27: ='ANÁLISIS CONSOLIDADO'!N27 -> 10477 | J27: ='ANÁLISIS CONSOLIDADO'!X27 -> 0.10327861 | K27: ='ANÁLISIS CONSOLIDADO'!Z27 -> 7518.6451 | L27: =IFERROR(J27/(H27+J27),0) -> 0.19753939 | M27: =IFERROR(H27/(H27+J27),0) -> 0.80246061 | N27: =ROUNDUP((I27*L27)+(K27*M27),0) -> 8104 | O27: =MIN('ANÁLISIS CONSOLIDADO'!H27:K27) -> 8211 | P27: =COUNTIFS('ANÁLISIS CONSOLIDADO'!H27:K27,">0",'ANÁLISIS CONSOLIDADO'!H27:K27,"<="&'PRECIOS UNITARIOS TECHO'!N27) -> 0 | Q27: =IF(AND(P27>=0,P27<=2),"MAYOR RIESGO",IF(AND(P27>=3,P27<=4),"MENOR RIESGO","REVISAR")) -> MAYOR RIESGO | R27: =I27 -> 10477 | S27: MEDIANA DE LAS COTIZACIONES
A28: 18 | B28: Carpetas tres argollas blancas de 2", en cartón microcorrugado y vinilo de alta calidad. | G28: Unidad | H28: ='ANÁLISIS CONSOLIDADO'!L28 -> 0.42655955 | I28: ='ANÁLISIS CONSOLIDADO'!N28 -> 14220.5 | J28: ='ANÁLISIS CONSOLIDADO'!X28 -> 0.20113609 | K28: ='ANÁLISIS CONSOLIDADO'!Z28 -> 9315.4803 | L28: =IFERROR(J28/(H28+J28),0) -> 0.32043569 | M28: =IFERROR(H28/(H28+J28),0) -> 0.67956431 | N28: =ROUNDUP((I28*L28)+(K28*M28),0) -> 10888 | O28: =MIN('ANÁLISIS CONSOLIDADO'!H28:K28) -> 9221 | P28: =COUNTIFS('ANÁLISIS CONSOLIDADO'!H28:K28,">0",'ANÁLISIS CONSOLIDADO'!H28:K28,"<="&'PRECIOS UNITARIOS TECHO'!N28) -> 2 | Q28: =IF(AND(P28>=0,P28<=2),"MAYOR RIESGO",IF(AND(P28>=3,P28<=4),"MENOR RIESGO","REVISAR")) -> MAYOR RIESGO | R28: =N28 -> 10888 | S28: PRECIO UNITARIO PONDEARADO COTIZACIONES - HISTORICOS
A29: 19 | B29: Carpetas tres argollas blancas de 3", en cartón microcorrugado y vinilo de alta calidad. | G29: Unidad | H29: ='ANÁLISIS CONSOLIDADO'!L29 -> 0.33513003 | I29: ='ANÁLISIS CONSOLIDADO'!N29 -> 16303 | J29: ='ANÁLISIS CONSOLIDADO'!X29 -> 0.25388993 | K29: ='ANÁLISIS CONSOLIDADO'!Z29 -> 13832.234 | L29: =IFERROR(J29/(H29+J29),0) -> 0.4310379 | M29: =IFERROR(H29/(H29+J29),0) -> 0.5689621 | N29: =ROUNDUP((I29*L29)+(K29*M29),0) -> 14898 | O29: =MIN('ANÁLISIS CONSOLIDADO'!H29:K29) -> 13432 | P29: =COUNTIFS('ANÁLISIS CONSOLIDADO'!H29:K29,">0",'ANÁLISIS CONSOLIDADO'!H29:K29,"<="&'PRECIOS UNITARIOS TECHO'!N29) -> 2 | Q29: =IF(AND(P29>=0,P29<=2),"MAYOR RIESGO",IF(AND(P29>=3,P29<=4),"MENOR RIESGO","REVISAR")) -> MAYOR RIESGO | R29: =N29 -> 14898 | S29: PRECIO UNITARIO PONDEARADO COTIZACIONES - HISTORICOS
A30: 20 | B30: CARTUCHO DE TÓNER HP 81A NEGRO LASERJER - ORIGINAL | G30: Unidad | H30: ='ANÁLISIS CONSOLIDADO'!L30 -> 0.24659394 | I30: ='ANÁLISIS CONSOLIDADO'!N30 -> 1374251.5 | J30: ='ANÁLISIS CONSOLIDADO'!X30 -> 0.49478016 | K30: ='ANÁLISIS CONSOLIDADO'!Z30 -> 662638.14 | L30: =IFERROR(J30/(H30+J30),0) -> 0.66738258 | M30: =IFERROR(H30/(H30+J30),0) -> 0.33261742 | N30: =ROUNDUP((I30*L30)+(K30*M30),0) -> 1137557 | O30: =MIN('ANÁLISIS CONSOLIDADO'!H30:K30) -> 858581.43 | P30: =COUNTIFS('ANÁLISIS CONSOLIDADO'!H30:K30,">0",'ANÁLISIS CONSOLIDADO'!H30:K30,"<="&'PRECIOS UNITARIOS TECHO'!N30) -> 1 | Q30: =IF(AND(P30>=0,P30<=2),"MAYOR RIESGO",IF(AND(P30>=3,P30<=4),"MENOR RIESGO","REVISAR")) -> MAYOR RIESGO | R30: =I30 -> 1374251.5 | S30: MEDIANA DE LAS COTIZACIONES
A31: 21 | B31: Cartulina Opalina Tamaño Carta 180 g x 50 | G31: Unidad | H31: ='ANÁLISIS CONSOLIDADO'!L31 -> 0.39845734 | I31: ='ANÁLISIS CONSOLIDADO'!N31 -> 27965 | J31: ='ANÁLISIS CONSOLIDADO'!X31 -> No comparable | K31: ='ANÁLISIS CONSOLIDADO'!Z31 -> No comparable | L31: No comparable | M31: No comparable | N31: =I31 -> 27965 | O31: =MIN('ANÁLISIS CONSOLIDADO'!H31:K31) -> 11246 | P31: =COUNTIFS('ANÁLISIS CONSOLIDADO'!H31:K31,">0",'ANÁLISIS CONSOLIDADO'!H31:K31,"<="&'PRECIOS UNITARIOS TECHO'!N31) -> 2 | Q31: =IF(AND(P31>=0,P31<=2),"MAYOR RIESGO",IF(AND(P31>=3,P31<=4),"MENOR RIESGO","REVISAR")) -> MAYOR RIESGO | R31: =N31 -> 27965 | S31: PRECIO UNITARIO PONDEARADO COTIZACIONES - HISTORICOS
A32: 22 | B32: Cartulina Blanca - Octavo | G32: Paquete X 100 | H32: ='ANÁLISIS CONSOLIDADO'!L32 -> 0.65668841 | I32: ='ANÁLISIS CONSOLIDADO'!N32 -> 16754.5 | J32: ='ANÁLISIS CONSOLIDADO'!X32 -> 0.32645715 | K32: ='ANÁLISIS CONSOLIDADO'!Z32 -> 15201.208 | L32: =IFERROR(J32/(H32+J32),0) -> 0.33205373 | M32: =IFERROR(H32/(H32+J32),0) -> 0.66794627 | N32: =ROUNDUP((I32*L32)+(K32*M32),0) -> 15717 | O32: =MIN('ANÁLISIS CONSOLIDADO'!H32:K32) -> 2975 | P32: =COUNTIFS('ANÁLISIS CONSOLIDADO'!H32:K32,">0",'ANÁLISIS CONSOLIDADO'!H32:K32,"<="&'PRECIOS UNITARIOS TECHO'!N32) -> 2 | Q32: =IF(AND(P32>=0,P32<=2),"MAYOR RIESGO",IF(AND(P32>=3,P32<=4),"MENOR RIESGO","REVISAR")) -> MAYOR RIESGO | R32: =N32 -> 15717 | S32: PRECIO UNITARIO PONDEARADO COTIZACIONES - HISTORICOS
A33: 23 | B33: Cartulina Colores Surtidos - Octavo | G33: Paquete X 100 | H33: ='ANÁLISIS CONSOLIDADO'!L33 -> 0.57398683 | I33: ='ANÁLISIS CONSOLIDADO'!N33 -> 16754.5 | J33: ='ANÁLISIS CONSOLIDADO'!X33 -> 0.1939017 | K33: ='ANÁLISIS CONSOLIDADO'!Z33 -> 19659.181 | L33: =IFERROR(J33/(H33+J33),0) -> 0.25251282 | M33: =IFERROR(H33/(H33+J33),0) -> 0.74748718 | N33: =ROUNDUP((I33*L33)+(K33*M33),0) -> 18926 | O33: =MIN('ANÁLISIS CONSOLIDADO'!H33:K33) -> 5355 | P33: =COUNTIFS('ANÁLISIS CONSOLIDADO'!H33:K33,">0",'ANÁLISIS CONSOLIDADO'!H33:K33,"<="&'PRECIOS UNITARIOS TECHO'!N33) -> 2 | Q33: =IF(AND(P33>=0,P33<=2),"MAYOR RIESGO",IF(AND(P33>=3,P33<=4),"MENOR RIESGO","REVISAR")) -> MAYOR RIESGO | R33: =N33 -> 18926 | S33: PRECIO UNITARIO PONDEARADO COTIZACIONES - HISTORICOS
A34: 24 | B34: CARTUCHO DE CINTA - EPSON LX-350/LX-300+II/LX-300+ (ORIGINAL) | G34: Unidad | H34: ='ANÁLISIS CONSOLIDADO'!L34 -> 0.33521849 | I34: ='ANÁLISIS CONSOLIDADO'!N34 -> 67235 | J34: ='ANÁLISIS CONSOLIDADO'!X34 -> 0.74878604 | K34: ='ANÁLISIS CONSOLIDADO'!Z34 -> 12629.917 | L34: =IFERROR(J34/(H34+J34),0) -> 0.69075914 | M34: =IFERROR(H34/(H34+J34),0) -> 0.30924086 | N34: =ROUNDUP((I34*L34)+(K34*M34),0) -> 50349 | O34: =MIN('ANÁLISIS CONSOLIDADO'!H34:K34) -> 47588.1 | P34: =COUNTIFS('ANÁLISIS CONSOLIDADO'!H34:K34,">0",'ANÁLISIS CONSOLIDADO'!H34:K34,"<="&'PRECIOS UNITARIOS TECHO'!N34) -> 1 | Q34: =IF(AND(P34>=0,P34<=2),"MAYOR RIESGO",IF(AND(P34>=3,P34<=4),"MENOR RIESGO","REVISAR")) -> MAYOR RIESGO | R34: =I34 -> 67235 | S34: MEDIANA DE LAS COTIZACIONES
A35: 25 | B35: Cd-R x 100, 700mb/80min, mínimo de velocidad de grabado 4x | G35: Paquete x 100 | H35: ='ANÁLISIS CONSOLIDADO'!L35 -> 0.30538904 | I35: ='ANÁLISIS CONSOLIDADO'!N35 -> 145180 | J35: ='ANÁLISIS CONSOLIDADO'!X35 -> 0.17465077 | K35: ='ANÁLISIS CONSOLIDADO'!Z35 -> 86765.668 | L35: =IFERROR(J35/(H35+J35),0) -> 0.3638256 | M35: =IFERROR(H35/(H35+J35),0) -> 0.6361744 | N35: =ROUNDUP((I35*L35)+(K35*M35),0) -> 108019 | O35: =MIN('ANÁLISIS CONSOLIDADO'!H35:K35) -> 93713 | P35: =COUNTIFS('ANÁLISIS CONSOLIDADO'!H35:K35,">0",'ANÁLISIS CONSOLIDADO'!H35:K35,"<="&'PRECIOS UNITARIOS TECHO'!N35) -> 1 | Q35: =IF(AND(P35>=0,P35<=2),"MAYOR RIESGO",IF(AND(P35>=3,P35<=4),"MENOR RIESGO","REVISAR")) -> MAYOR RIESGO | R35: =I35 -> 145180 | S35: MEDIANA DE LAS COTIZACIONES
A36: 26 | B36: Cd-Rw x 25, 700mb/80min, mínimo de velocidad de grabado4x | G36: Paquete x 25 | H36: ='ANÁLISIS CONSOLIDADO'!L36 -> 0.29375762 | I36: ='ANÁLISIS CONSOLIDADO'!N36 -> 95140.5 | J36: ='ANÁLISIS CONSOLIDADO'!X36 -> 0.085020739 | K36: ='ANÁLISIS CONSOLIDADO'!Z36 -> 52863.925 | L36: =IFERROR(J36/(H36+J36),0) -> 0.22446039 | M36: =IFERROR(H36/(H36+J36),0) -> 0.77553961 | N36: =ROUNDUP((I36*L36)+(K36*M36),0) -> 62354 | O36: =MIN('ANÁLISIS CONSOLIDADO'!H36:K36) -> 57477 | P36: =COUNTIFS('ANÁLISIS CONSOLIDADO'!H36:K36,">0",'ANÁLISIS CONSOLIDADO'!H36:K36,"<="&'PRECIOS UNITARIOS TECHO'!N36) -> 1 | Q36: =IF(AND(P36>=0,P36<=2),"MAYOR RIESGO",IF(AND(P36>=3,P36<=4),"MENOR RIESGO","REVISAR")) -> MAYOR RIESGO | R36: =I36 -> 95140.5 | S36: MEDIANA DE LAS COTIZACIONES
